Workbook

Sheet 2021-22 Q1
A1: AuthorityName | B1: Sector | C1: FOISA requests | D1: FOISA closed - unclear | E1: FOISA closed - withdrawn | F1: FOISA fees notice | G1: FOISA - fees paid | H1: FOISA response on time | I1: FOISA response late | J1: FOISA - faliure to respond | K1: FOISA refused - cost | L1: FOISA - vexatious | M1: FOISA - repeated | N1: FOISA - full release | O1: FOISA - none released | P1: FOISA - some released | Q1: FOISA - none held | R1: FOISA - no confirm/deny | S1: EIR requests | T1: EIR closed - unclear | U1: EIR closed - withdrawn | V1: EIRs fees notice | W1: EIRs - fees paid | X1: EIRs response on time | Y1: EIRs response late | Z1: EIRs - failure to respond | AA1: EIR timescale extended | AB1: EIRs refused - cost | AC1: EIRs - manifestly unreasonable | AD1: EIRs - full release | AE1: EIRs - none released | AF1: EIRs - some released | AG1: EIRs - none held | AH1: EIRs - no confirm/deny | AI1: Subject Access Requests | AJ1: FOISA reviews | AK1: FOISA review - on time | AL1: FOISA review - late response | AM1: FOISA review - failure to respond | AN1: FOISA review - wholly/partially upheld | AO1: FOISA review - substituted decision | AP1: FOISA review - decision reached | AQ1: EIRs reviews | AR1: EIRs review - on time | AS1: EIRs review - late response | AT1: EIRs review - failure to respond | AU1: EIR review - upheld | AV1: EIR review - not upheld | AW1: Otherwise accessible | AX1: Publication Scheme | AY1: Disclosure prohibited: enactment | AZ1: Disclosure prohibited: EU obligation | BA1: Disclosure prohibited: Contempt of Court | BB1: Future publication: 12 weeks | BC1: Future publication: programme of research | BD1: Substantial prejudice to UK relations | BE1: Formulation/development of government policy | BF1: Ministerial communications | BG1: Advice by Law Officers | BH1: Operation of Ministerial private office | BI1: Substantial prejudice to collective responsibility of Scottish Ministers | BJ1: Substantial inhibition to free and frank provision of advice | BK1: Substantial inhibition to free and frank exchange of views | BL1: Substantial prejudice to effective conduct of public affairs | BM1: National security | BN1: Substantial prejudice to defence | BO1: Substantial prejudice to international relations | BP1: Confidential information obtained from abroad | BQ1: Trade secret | BR1: Substantial prejudice to commercial interests | BS1: Substantial prejudice to the economic interests of the UK | BT1: Substantial prejudice to the financial interests of a UK administration | BU1: Information held for the purposes of a criminal investigation | BV1: Information held for ongoing Fatal Accident Inquiry | BW1: Information held regarding cause of death | BX1: Information relating to the obtaining of information from confidential sources | BY1: Information held for purposes of civil proceedings arising out of investigations | BZ1: Substantial prejudice to prevention or detection of crime | CA1: Substantial prejudice to apprehension or prosecution of offenders | CB1: Substantial prejudice to administration of justice | CC1: Substantial prejudice to assessment or collection of tax or duty | CD1: Substantial prejudice to operation of immigration controls | CE1: Substantial prejudice to maintenance of security and good order in prisons | CF1: Substantial prejudice to the exercise by a public authority for any of its functions | CG1: Substantial prejudice to civil proceedings brought by an authority | CH1: Confidentiality of communications | CI1: Actionable breach of confidence | CJ1: Court records | CK1: Court records: inquiry or arbitration | CL1: Personal data of the applicant | CM1: Third party personal data | CN1: Personal census information | CO1: Deceased person's health record | CP1: Endangerment to health or safety | CQ1: Environmental information | CR1: Substantial prejudice to audit function | CS1: Communications with the Royal Family and honours | CT1: Material in course of completion | CU1: Internal Communications | CV1: Substantial prejudice to international relations public safety etc. | CW1: Substantial prejudice to course of justice etc. | CX1: Substantial prejudice to intellectual property rights | CY1: Substantial prejudice to confidentiality of proceedings | CZ1: Substantial prejudice to confidentiality of commercial or industrial information | DA1: Substantial prejudice to the interests of a third party | DB1: Substantial prejudice to the protection of the environment | DC1: Neither confirm nor deny whether environmental information held | DD1: Personal data of the applicant | DE1: Third party personal data | DF1: Neither confirm or deny whether personal data held
A2: Abbeyfield Scotland Ltd | B2: s.5 designated body | C2: 14 | D2: 0 | E2: 0 | F2: 0 | G2: 0 | H2: 14 | I2: 0 | J2: 0 | K2: 0 | L2: 0 | M2: 0 | N2: 14 | O2: 0 | P2: 0 | Q2: 0 | R2: 0 | S2: 0 | T2: 0 | U2: 0 | V2: 0 | W2: 0 | X2: 0 | Y2: 0 | Z2: 0 | AA2: 0 | AB2: 0 | AC2: 0 | AD2: 0 | AE2: 0 | AF2: 0 | AG2: 0 | AH2: 0 | AI2: 0 | AJ2: 14 | AK2: 14 | AL2: 0 | AM2: 0 | AN2: 0 | AO2: 0 | AP2: 0 | AQ2: 0 | AR2: 0 | AS2: 0 | AT2: 0 | AU2: 0 | AV2: 0 | AW2: 0 | AX2: 0 | AY2: 0 | AZ2: 0 | BA2: 0 | BB2: 0 | BC2: 0 | BD2: 0 | BE2: 0 | BF2: 0 | BG2: 0 | BH2: 0 | BI2: 0 | BJ2: 0 | BK2: 0 | BL2: 0 | BM2: 0 | BN2: 0 | BO2: 0 | BP2: 0 | BQ2: 0 | BR2: 0 | BS2: 0 | BT2: 0 | BU2: 0 | BV2: 0 | BW2: 0 | BX2: 0 | BY2: 0 | BZ2: 0 | CA2: 0 | CB2: 0 | CC2: 0 | CD2: 0 | CE2: 0 | CF2: 0 | CG2: 0 | CH2: 0 | CI2: 0 | CJ2: 0 | CK2: 0 | CL2: 0 | CM2: 0 | CN2: 0 | CO2: 0 | CP2: 0 | CQ2: 0 | CR2: 0 | CS2: 0 | CT2: 0 | CU2: 0 | CV2: 0 | CW2: 0 | CX2: 0 | CY2: 0 | CZ2: 0 | DA2: 0 | DB2: 0 | DC2: 0 | DD2: 0 | DE2: 0 | DF2: 0
A3: Aberdeen City Council | B3: Local Government | C3: 247 | D3: 10 | E3: 2 | F3: 0 | G3: 0 | H3: 225 | I3: 4 | J3: 6 | K3: 5 | L3: 0 | M3: 0 | N3: 118 | O3: 52 | P3: 51 | Q3: 14 | R3: 0 | S3: 95 | T3: 2 | U3: 0 | V3: 0 | W3: 0 | X3: 89 | Y3: 3 | Z3: 1 | AA3: 0 | AB3: 2 | AC3: 0 | AD3: 30 | AE3: 27 | AF3: 34 | AG3: 8 | AH3: 0 | AI3: 1 | AJ3: 6 | AK3: 5 | AL3: 1 | AM3: 0 | AN3: 5 | AO3: 1 | AP3: 0 | AQ3: 0 | AR3: 0 | AS3: 0 | AT3: 0 | AU3: 0 | AV3: 0 | AW3: 25 | AX3: 4 | AY3: 0 | AZ3: 0 | BA3: 0 | BB3: 2 | BC3: 0 | BD3: 0 | BE3: 0 | BF3: 0 | BG3: 0 | BH3: 0 | BI3: 0 | BJ3: 0 | BK3: 0 | BL3: 0 | BM3: 0 | BN3: 0 | BO3: 0 | BP3: 0 | BQ3: 0 | BR3: 3 | BS3: 0 | BT3: 0 | BU3: 0 | BV3: 0 | BW3: 0 | BX3: 1 | BY3: 0 | BZ3: 5 | CA3: 0 | CB3: 0 | CC3: 0 | CD3: 0 | CE3: 0 | CF3: 0 | CG3: 0 | CH3: 0 | CI3: 1 | CJ3: 0 | CK3: 0 | CL3: 0 | CM3: 45 | CN3: 0 | CO3: 0 | CP3: 0 | CQ3: 0 | CR3: 0 | CS3: 0 | CT3: 0 | CU3: 0 | CV3: 0 | CW3: 0 | CX3: 0 | CY3: 0 | CZ3: 0 | DA3: 1 | DB3: 0 | DC3: 0 | DD3: 0 | DE3: 20 | DF3: 0
A4: Aberdeen City Integration Joint Board | B4: Others e.g. NDPBs | C4: 0 | D4: 0 | E4: 0 | F4: 0 | G4: 0 | H4: 0 | I4: 0 | J4: 0 | K4: 0 | L4: 0 | M4: 0 | N4: 0 | O4: 0 | P4: 0 | Q4: 0 | R4: 0 | S4: 0 | T4: 0 | U4: 0 | V4: 0 | W4: 0 | X4: 0 | Y4: 0 | Z4: 0 | AA4: 0 | AB4: 0 | AC4: 0 | AD4: 0 | AE4: 0 | AF4: 0 | AG4: 0 | AH4: 0 | AI4: 0 | AJ4: 0 | AK4: 0 | AL4: 0 | AM4: 0 | AN4: 0 | AO4: 0 | AP4: 0 | AQ4: 0 | AR4: 0 | AS4: 0 | AT4: 0 | AU4: 0 | AV4: 0 | AW4: 0 | AX4: 0 | AY4: 0 | AZ4: 0 | BA4: 0 | BB4: 0 | BC4: 0 | BD4: 0 | BE4: 0 | BF4: 0 | BG4: 0 | BH4: 0 | BI4: 0 | BJ4: 0 | BK4: 0 | BL4: 0 | BM4: 0 | BN4: 0 | BO4: 0 | BP4: 0 | BQ4: 0 | BR4: 0 | BS4: 0 | BT4: 0 | BU4: 0 | BV4: 0 | BW4: 0 | BX4: 0 | BY4: 0 | BZ4: 0 | CA4: 0 | CB4: 0 | CC4: 0 | CD4: 0 | CE4: 0 | CF4: 0 | CG4: 0 | CH4: 0 | CI4: 0 | CJ4: 0 | CK4: 0 | CL4: 0 | CM4: 0 | CN4: 0 | CO4: 0 | CP4: 0 | CQ4: 0 | CR4: 0 | CS4: 0 | CT4: 0 | CU4: 0 | CV4: 0 | CW4: 0 | CX4: 0 | CY4: 0 | CZ4: 0 | DA4: 0 | DB4: 0 | DC4: 0 | DD4: 0 | DE4: 0 | DF4: 0
A5: Aberdeen City Licensing Board | B5: Local Government | C5: 0 | D5: 0 | E5: 0 | F5: 0 | G5: 0 | H5: 0 | I5: 0 | J5: 0 | K5: 0 | L5: 0 | M5: 0 | N5: 0 | O5: 0 | P5: 0 | Q5: 0 | R5: 0 | S5: 0 | T5: 0 | U5: 0 | V5: 0 | W5: 0 | X5: 0 | Y5: 0 | Z5: 0 | AA5: 0 | AB5: 0 | AC5: 0 | AD5: 0 | AE5: 0 | AF5: 0 | AG5: 0 | AH5: 0 | AI5: 0 | AJ5: 0 | AK5: 0 | AL5: 0 | AM5: 0 | AN5: 0 | AO5: 0 | AP5: 0 | AQ5: 0 | AR5: 0 | AS5: 0 | AT5: 0 | AU5: 0 | AV5: 0 | AW5: 0 | AX5: 0 | AY5: 0 | AZ5: 0 | BA5: 0 | BB5: 0 | BC5: 0 | BD5: 0 | BE5: 0 | BF5: 0 | BG5: 0 | BH5: 0 | BI5: 0 | BJ5: 0 | BK5: 0 | BL5: 0 | BM5: 0 | BN5: 0 | BO5: 0 | BP5: 0 | BQ5: 0 | BR5: 0 | BS5: 0 | BT5: 0 | BU5: 0 | BV5: 0 | BW5: 0 | BX5: 0 | BY5: 0 | BZ5: 0 | CA5: 0 | CB5: 0 | CC5: 0 | CD5: 0 | CE5: 0 | CF5: 0 | CG5: 0 | CH5: 0 | CI5: 0 | CJ5: 0 | CK5: 0 | CL5: 0 | CM5: 0 | CN5: 0 | CO5: 0 | CP5: 0 | CQ5: 0 | CR5: 0 | CS5: 0 | CT5: 0 | CU5: 0 | CV5: 0 | CW5: 0 | CX5: 0 | CY5: 0 | CZ5: 0 | DA5: 0 | DB5: 0 | DC5: 0 | DD5: 0 | DE5: 0 | DF5: 0
A6: Aberdeen Performing Arts | B6: s.5 designated body | C6: 2 | D6: 0 | E6: 0 | F6: 0 | G6: 0 | H6: 0 | I6: 0 | J6: 0 | K6: 0 | L6: 0 | M6: 0 | N6: 0 | O6: 0 | P6: 0 | Q6: 2 | R6: 0 | S6: 0 | T6: 0 | U6: 0 | V6: 0 | W6: 0 | X6: 0 | Y6: 0 | Z6: 0 | AA6: 0 | AB6: 0 | AC6: 0 | AD6: 0 | AE6: 0 | AF6: 0 | AG6: 0 | AH6: 0 | AI6: 0 | AJ6: 0 | AK6: 0 | AL6: 0 | AM6: 0 | AN6: 0 | AO6: 0 | AP6: 0 | AQ6: 0 | AR6: 0 | AS6: 0 | AT6: 0 | AU6: 0 | AV6: 0 | AW6: 0 | AX6: 0 | AY6: 0 | AZ6: 0 | BA6: 0 | BB6: 0 | BC6: 0 | BD6: 0 | BE6: 0 | BF6: 0 | BG6: 0 | BH6: 0 | BI6: 0 | BJ6: 0 | BK6: 0 | BL6: 0 | BM6: 0 | BN6: 0 | BO6: 0 | BP6: 0 | BQ6: 0 | BR6: 0 | BS6: 0 | BT6: 0 | BU6: 0 | BV6: 0 | BW6: 0 | BX6: 0 | BY6: 0 | BZ6: 0 | CA6: 0 | CB6: 0 | CC6: 0 | CD6: 0 | CE6: 0 | CF6: 0 | CG6: 0 | CH6: 0 | CI6: 0 | CJ6: 0 | CK6: 0 | CL6: 0 | CM6: 0 | CN6: 0 | CO6: 0 | CP6: 0 | CQ6: 0 | CR6: 0 | CS6: 0 | CT6: 0 | CU6: 0 | CV6: 0 | CW6: 0 | CX6: 0 | CY6: 0 | CZ6: 0 | DA6: 0 | DB6: 0 | DC6: 0 | DD6: 0 | DE6: 0 | DF6: 0
A7: Aberdeen Soroptimist Housing Society Ltd | B7: s.5 designated body | C7: 0 | D7: 0 | E7: 0 | F7: 0 | G7: 0 | H7: 0 | I7: 0 | J7: 0 | K7: 0 | L7: 0 | M7: 0 | N7: 0 | O7: 0 | P7: 0 | Q7: 0 | R7: 0 | S7: 0 | T7: 0 | U7: 0 | V7: 0 | W7: 0 | X7: 0 | Y7: 0 | Z7: 0 | AA7: 0 | AB7: 0 | AC7: 0 | AD7: 0 | AE7: 0 | AF7: 0 | AG7: 0 | AH7: 0 | AI7: 0 | AJ7: 0 | AK7: 0 | AL7: 0 | AM7: 0 | AN7: 0 | AO7: 0 | AP7: 0 | AQ7: 0 | AR7: 0 | AS7: 0 | AT7: 0 | AU7: 0 | AV7: 0 | AW7: 0 | AX7: 0 | AY7: 0 | AZ7: 0 | BA7: 0 | BB7: 0 | BC7: 0 | BD7: 0 | BE7: 0 | BF7: 0 | BG7: 0 | BH7: 0 | BI7: 0 | BJ7: 0 | BK7: 0 | BL7: 0 | BM7: 0 | BN7: 0 | BO7: 0 | BP7: 0 | BQ7: 0 | BR7: 0 | BS7: 0 | BT7: 0 | BU7: 0 | BV7: 0 | BW7: 0 | BX7: 0 | BY7: 0 | BZ7: 0 | CA7: 0 | CB7: 0 | CC7: 0 | CD7: 0 | CE7: 0 | CF7: 0 | CG7: 0 | CH7: 0 | CI7: 0 | CJ7: 0 | CK7: 0 | CL7: 0 | CM7: 0 | CN7: 0 | CO7: 0 | CP7: 0 | CQ7: 0 | CR7: 0 | CS7: 0 | CT7: 0 | CU7: 0 | CV7: 0 | CW7: 0 | CX7: 0 | CY7: 0 | CZ7: 0 | DA7: 0 | DB7: 0 | DC7: 0 | DD7: 0 | DE7: 0 | DF7: 0
A8: Aberdeenshire Council and Licensing Board | B8: Local Government | C8: 282 | D8: 0 | E8: 4 | F8: 0 | G8: 0 | H8: 249 | I8: 22 | J8: 0 | K8: 5 | L8: 0 | M8: 4 | N8: 220 | O8: 3 | P8: 7 | Q8: 28 | R8: 0 | S8: 88 | T8: 0 | U8: 1 | V8: 16 | W8: 11 | X8: 67 | Y8: 14 | Z8: 2 | AA8: 0 | AB8: 0 | AC8: 0 | AD8: 56 | AE8: 5 | AF8: 1 | AG8: 14 | AH8: 0 | AI8: 51 | AJ8: 4 | AK8: 3 | AL8: 0 | AM8: 0 | AN8: 3 | AO8: 0 | AP8: 0 | AQ8: 3 | AR8: 3 | AS8: 0 | AT8: 0 | AU8: 3 | AV8: 0 | AW8: 1 | AX8: 0 | AY8: 0 | AZ8: 0 | BA8: 0 | BB8: 0 | BC8: 0 | BD8: 0 | BE8: 0 | BF8: 0 | BG8: 0 | BH8: 0 | BI8: 0 | BJ8: 0 | BK8: 0 | BL8: 0 | BM8: 0 | BN8: 0 | BO8: 0 | BP8: 0 | BQ8: 0 | BR8: 0 | BS8: 0 | BT8: 0 | BU8: 0 | BV8: 0 | BW8: 0 | BX8: 0 | BY8: 0 | BZ8: 1 | CA8: 0 | CB8: 0 | CC8: 0 | CD8: 0 | CE8: 0 | CF8: 0 | CG8: 0 | CH8: 0 | CI8: 0 | CJ8: 0 | CK8: 0 | CL8: 0 | CM8: 2 | CN8: 0 | CO8: 0 | CP8: 0 | CQ8: 0 | CR8: 0 | CS8: 0 | CT8: 0 | CU8: 0 | CV8: 0 | CW8: 0 | CX8: 0 | CY8: 0 | CZ8: 0 | DA8: 0 | DB8: 0 | DC8: 0 | DD8: 0 | DE8: 0 | DF8: 0
A9: Aberdeenshire Integration Joint Board | B9: Others e.g. NDPBs | C9: 0 | D9: 0 | E9: 0 | F9: 0 | G9: 0 | H9: 0 | I9: 0 | J9: 0 | K9: 0 | L9: 0 | M9: 0 | N9: 0 | O9: 0 | P9: 0 | Q9: 0 | R9: 0 | S9: 0 | T9: 0 | U9: 0 | V9: 0 | W9: 0 | X9: 0 | Y9: 0 | Z9: 0 | AA9: 0 | AB9: 0 | AC9: 0 | AD9: 0 | AE9: 0 | AF9: 0 | AG9: 0 | AH9: 0 | AI9: 0 | AJ9: 0 | AK9: 0 | AL9: 0 | AM9: 0 | AN9: 0 | AO9: 0 | AP9: 0 | AQ9: 0 | AR9: 0 | AS9: 0 | AT9: 0 | AU9: 0 | AV9: 0 | AW9: 0 | AX9: 0 | AY9: 0 | AZ9: 0 | BA9: 0 | BB9: 0 | BC9: 0 | BD9: 0 | BE9: 0 | BF9: 0 | BG9: 0 | BH9: 0 | BI9: 0 | BJ9: 0 | BK9: 0 | BL9: 0 | BM9: 0 | BN9: 0 | BO9: 0 | BP9: 0 | BQ9: 0 | BR9: 0 | BS9: 0 | BT9: 0 | BU9: 0 | BV9: 0 | BW9: 0 | BX9: 0 | BY9: 0 | BZ9: 0 | CA9: 0 | CB9: 0 | CC9: 0 | CD9: 0 | CE9: 0 | CF9: 0 | CG9: 0 | CH9: 0 | CI9: 0 | CJ9: 0 | CK9: 0 | CL9: 0 | CM9: 0 | CN9: 0 | CO9: 0 | CP9: 0 | CQ9: 0 | CR9: 0 | CS9: 0 | CT9: 0 | CU9: 0 | CV9: 0 | CW9: 0 | CX9: 0 | CY9: 0 | CZ9: 0 | DA9: 0 | DB9: 0 | DC9: 0 | DD9: 0 | DE9: 0 | DF9: 0
A10: Abertay Housing Association Ltd | B10: s.5 designated body | C10: 2 | D10: 0 | E10: 0 | F10: 0 | G10: 0 | H10: 2 | I10: 0 | J10: 0 | K10: 0 | L10: 0 | M10: 0 | N10: 0 | O10: 0 | P10: 2 | Q10: 0 | R10: 0 | S10: 0 | T10: 0 | U10: 0 | V10: 0 | W10: 0 | X10: 0 | Y10: 0 | Z10: 0 | AA10: 0 | AB10: 0 | AC10: 0 | AD10: 0 | AE10: 0 | AF10: 0 | AG10: 0 | AH10: 0 | AI10: 2 | AJ10: 0 | AK10: 0 | AL10: 0 | AM10: 0 | AN10: 0 | AO10: 0 | AP10: 0 | AQ10: 0 | AR10: 0 | AS10: 0 | AT10: 0 | AU10: 0 | AV10: 0 | AW10: 0 | AX10: 0 | AY10: 0 | AZ10: 0 | BA10: 0 | BB10: 0 | BC10: 0 | BD10: 0 | BE10: 0 | BF10: 0 | BG10: 0 | BH10: 0 | BI10: 0 | BJ10: 0 | BK10: 0 | BL10: 0 | BM10: 0 | BN10: 0 | BO10: 0 | BP10: 0 | BQ10: 0 | BR10: 0 | BS10: 0 | BT10: 0 | BU10: 0 | BV10: 0 | BW10: 0 | BX10: 0 | BY10: 0 | BZ10: 0 | CA10: 0 | CB10: 0 | CC10: 0 | CD10: 0 | CE10: 0 | CF10: 0 | CG10: 0 | CH10: 0 | CI10: 0 | CJ10: 0 | CK10: 0 | CL10: 0 | CM10: 0 | CN10: 0 | CO10: 0 | CP10: 0 | CQ10: 0 | CR10: 0 | CS10: 0 | CT10: 0 | CU10: 0 | CV10: 0 | CW10: 0 | CX10: 0 | CY10: 0 | CZ10: 0 | DA10: 0 | DB10: 0 | DC10: 0 | DD10: 0 | DE10: 0 | DF10: 0
A11: Abronhill Housing Association Ltd | B11: s.5 designated body | C11: 2 | D11: 0 | E11: 0 | F11: 0 | G11: 0 | H11: 2 | I11: 0 | J11: 0 | K11: 0 | L11: 0 | M11: 0 | N11: 0 | O11: 0 | P11: 2 | Q11: 0 | R11: 0 | S11: 0 | T11: 0 | U11: 0 | V11: 0 | W11: 0 | X11: 0 | Y11: 0 | Z11: 0 | AA11: 0 | AB11: 0 | AC11: 0 | AD11: 0 | AE11: 0 | AF11: 0 | AG11: 0 | AH11: 0 | AI11: 0 | AJ11: 0 | AK11: 0 | AL11: 0 | AM11: 0 | AN11: 0 | AO11: 0 | AP11: 0 | AQ11: 0 | AR11: 0 | AS11: 0 | AT11: 0 | AU11: 0 | AV11: 0 | AW11: 1 | AX11: 0 | AY11: 0 | AZ11: 0 | BA11: 0 | BB11: 0 | BC11: 0 | BD11: 0 | BE11: 0 | BF11: 0 | BG11: 0 | BH11: 0 | BI11: 0 | BJ11: 0 | BK11: 0 | BL11: 0 | BM11: 0 | BN11: 0 | BO11: 0 | BP11: 0 | BQ11: 0 | BR11: 0 | BS11: 0 | BT11: 0 | BU11: 0 | BV11: 0 | BW11: 0 | BX11: 0 | BY11: 0 | BZ11: 0 | CA11: 0 | CB11: 0 | CC11: 0 | CD11: 0 | CE11: 0 | CF11: 0 | CG11: 0 | CH11: 0 | CI11: 0 | CJ11: 0 | CK11: 0 | CL11: 0 | CM11: 0 | CN11: 0 | CO11: 0 | CP11: 0 | CQ11: 0 | CR11: 0 | CS11: 0 | CT11: 0 | CU11: 0 | CV11: 0 | CW11: 0 | CX11: 0 | CY11: 0 | CZ11: 0 | DA11: 0 | DB11: 0 | DC11: 0 | DD11: 0 | DE11: 0 | DF11: 0
A12: Accounts Commission for Scotland | B12: Others e.g. NDPBs | C12: 0 | D12: 0 | E12: 0 | F12: 0 | G12: 0 | H12: 0 | I12: 0 | J12: 0 | K12: 0 | L12: 0 | M12: 0 | N12: 0 | O12: 0 | P12: 0 | Q12: 0 | R12: 0 | S12: 0 | T12: 0 | U12: 0 | V12: 0 | W12: 0 | X12: 0 | Y12: 0 | Z12: 0 | AA12: 0 | AB12: 0 | AC12: 0 | AD12: 0 | AE12: 0 | AF12: 0 | AG12: 0 | AH12: 0 | AI12: 0 | AJ12: 0 | AK12: 0 | AL12: 0 | AM12: 0 | AN12: 0 | AO12: 0 | AP12: 0 | AQ12: 0 | AR12: 0 | AS12: 0 | AT12: 0 | AU12: 0 | AV12: 0 | AW12: 0 | AX12: 0 | AY12: 0 | AZ12: 0 | BA12: 0 | BB12: 0 | BC12: 0 | BD12: 0 | BE12: 0 | BF12: 0 | BG12: 0 | BH12: 0 | BI12: 0 | BJ12: 0 | BK12: 0 | BL12: 0 | BM12: 0 | BN12: 0 | BO12: 0 | BP12: 0 | BQ12: 0 | BR12: 0 | BS12: 0 | BT12: 0 | BU12: 0 | BV12: 0 | BW12: 0 | BX12: 0 | BY12: 0 | BZ12: 0 | CA12: 0 | CB12: 0 | CC12: 0 | CD12: 0 | CE12: 0 | CF12: 0 | CG12: 0 | CH12: 0 | CI12: 0 | CJ12: 0 | CK12: 0 | CL12: 0 | CM12: 0 | CN12: 0 | CO12: 0 | CP12: 0 | CQ12: 0 | CR12: 0 | CS12: 0 | CT12: 0 | CU12: 0 | CV12: 0 | CW12: 0 | CX12: 0 | CY12: 0 | CZ12: 0 | DA12: 0 | DB12: 0 | DC12: 0 | DD12: 0 | DE12: 0 | DF12: 0
A13: Active Stirling | B13: s.5 designated body | C13: 1 | D13: 0 | E13: 0 | F13: 0 | G13: 0 | H13: 1 | I13: 0 | J13: 0 | K13: 0 | L13: 0 | M13: 0 | N13: 0 | O13: 0 | P13: 1 | Q13: 0 | R13: 0 | S13: 0 | T13: 0 | U13: 0 | V13: 0 | W13: 0 | X13: 0 | Y13: 0 | Z13: 0 | AA13: 0 | AB13: 0 | AC13: 0 | AD13: 0 | AE13: 0 | AF13: 0 | AG13: 0 | AH13: 0 | AI13: 0 | AJ13: 0 | AK13: 0 | AL13: 0 | AM13: 0 | AN13: 0 | AO13: 0 | AP13: 0 | AQ13: 0 | AR13: 0 | AS13: 0 | AT13: 0 | AU13: 0 | AV13: 0 | AW13: 0 | AX13: 0 | AY13: 0 | AZ13: 0 | BA13: 0 | BB13: 0 | BC13: 0 | BD13: 0 | BE13: 0 | BF13: 0 | BG13: 0 | BH13: 0 | BI13: 0 | BJ13: 0 | BK13: 0 | BL13: 0 | BM13: 0 | BN13: 0 | BO13: 0 | BP13: 0 | BQ13: 0 | BR13: 0 | BS13: 0 | BT13: 0 | BU13: 0 | BV13: 0 | BW13: 0 | BX13: 0 | BY13: 0 | BZ13: 0 | CA13: 0 | CB13: 0 | CC13: 0 | CD13: 0 | CE13: 0 | CF13: 0 | CG13: 0 | CH13: 0 | CI13: 0 | CJ13: 0 | CK13: 0 | CL13: 0 | CM13: 0 | CN13: 0 | CO13: 0 | CP13: 0 | CQ13: 0 | CR13: 0 | CS13: 0 | CT13: 0 | CU13: 0 | CV13: 0 | CW13: 0 | CX13: 0 | CY13: 0 | CZ13: 0 | DA13: 0 | DB13: 0 | DC13: 0 | DD13: 0 | DE13: 0 | DF13: 0
... A512: Yorkhill Housing Association Ltd | B512: s.5 designated body | C512: 2 | D512: 0 | E512: 0 | F512: 0 | G512: 0 | H512: 2 | I512: 0 | J512: 0 | K512: 0 | L512: 0 | M512: 0 | N512: 2 | O512: 0 | P512: 0 | Q512: 0 | R512: 0 | S512: 2 | T512: 0 | U512: 0 | V512: 0 | W512: 0 | X512: 2 | Y512: 0 | Z512: 0 | AA512: 0 | AB512: 0 | AC512: 0 | AD512: 1 | AE512: 1 | AF512: 0 | AG512: 0 | AH512: 0 | AI512: 4 | AJ512: 0 | AK512: 0 | AL512: 0 | AM512: 0 | AN512: 0 | AO512: 0 | AP512: 0 | AQ512: 0 | AR512: 0 | AS512: 0 | AT512: 0 | AU512: 0 | AV512: 0 | AW512: 0 | AX512: 0 | AY512: 0 | AZ512: 0 | BA512: 0 | BB512: 0 | BC512: 0 | BD512: 0 | BE512: 0 | BF512: 0 | BG512: 0 | BH512: 0 | BI512: 0 | BJ512: 0 | BK512: 0 | BL512: 0 | BM512: 0 | BN512: 0 | BO512: 0 | BP512: 0 | BQ512: 0 | BR512: 0 | BS512: 0 | BT512: 0 | BU512: 0 | BV512: 0 | BW512: 0 | BX512: 0 | BY512: 0 | BZ512: 0 | CA512: 0 | CB512: 0 | CC512: 0 | CD512: 0 | CE512: 0 | CF512: 0 | CG512: 0 | CH512: 0 | CI512: 0 | CJ512: 0 | CK512: 0 | CL512: 0 | CM512: 0 | CN512: 0 | CO512: 0 | CP512: 0 | CQ512: 0 | CR512: 0 | CS512: 0 | CT512: 0 | CU512: 0 | CV512: 0 | CW512: 0 | CX512: 0 | CY512: 0 | CZ512: 0 | DA512: 0 | DB512: 0 | DC512: 0 | DD512: 0 | DE512: 1 | DF512: 0

Sheet 2021-22 Q2
A1: AuthorityName | B1: Sector | C1: FOISA requests | D1: FOISA closed - unclear | E1: FOISA closed - withdrawn | F1: FOISA fees notice | G1: FOISA - fees paid | H1: FOISA response on time | I1: FOISA response late | J1: FOISA - faliure to respond | K1: FOISA refused - cost | L1: FOISA - vexatious | M1: FOISA - repeated | N1: FOISA - full release | O1: FOISA - none released | P1: FOISA - some released | Q1: FOISA - none held | R1: FOISA - no confirm/deny | S1: EIR requests | T1: EIR closed - unclear | U1: EIR closed - withdrawn | V1: EIRs fees notice | W1: EIRs - fees paid | X1: EIRs response on time | Y1: EIRs response late | Z1: EIRs - failure to respond | AA1: EIR timescale extended | AB1: EIRs refused - cost | AC1: EIRs - manifestly unreasonable | AD1: EIRs - full release | AE1: EIRs - none released | AF1: EIRs - some released | AG1: EIRs - none held | AH1: EIRs - no confirm/deny | AI1: Subject Access Requests | AJ1: FOISA reviews | AK1: FOISA review - on time | AL1: FOISA review - late response | AM1: FOISA review - failure to respond | AN1: FOISA review - wholly/partially upheld | AO1: FOISA review - substituted decision | AP1: FOISA review - decision reached | AQ1: EIRs reviews | AR1: EIRs review - on time | AS1: EIRs review - late response | AT1: EIRs review - failure to respond | AU1: EIR review - upheld | AV1: EIR review - not upheld | AW1: Otherwise accessible | AX1: Publication Scheme | AY1: Disclosure prohibited: enactment | AZ1: Disclosure prohibited: EU obligation | BA1: Disclosure prohibited: Contempt of Court | BB1: Future publication: 12 weeks | BC1: Future publication: programme of research | BD1: Substantial prejudice to UK relations | BE1: Formulation/development of government policy | BF1: Ministerial communications | BG1: Advice by Law Officers | BH1: Operation of Ministerial private office | BI1: Substantial prejudice to collective responsibility of Scottish Ministers | BJ1: Substantial inhibition to free and frank provision of advice | BK1: Substantial inhibition to free and frank exchange of views | BL1: Substantial prejudice to effective conduct of public affairs | BM1: National security | BN1: Substantial prejudice to defence | BO1: Substantial prejudice to international relations | BP1: Confidential information obtained from abroad | BQ1: Trade secret | BR1: Substantial prejudice to commercial interests | BS1: Substantial prejudice to the economic interests of the UK | BT1: Substantial prejudice to the financial interests of a UK administration | BU1: Information held for the purposes of a criminal investigation | BV1: Information held for ongoing Fatal Accident Inquiry | BW1: Information held regarding cause of death | BX1: Information relating to the obtaining of information from confidential sources | BY1: Information held for purposes of civil proceedings arising out of investigations | BZ1: Substantial prejudice to prevention or detection of crime | CA1: Substantial prejudice to apprehension or prosecution of offenders | CB1: Substantial prejudice to administration of justice | CC1: Substantial prejudice to assessment or collection of tax or duty | CD1: Substantial prejudice to operation of immigration controls | CE1: Substantial prejudice to maintenance of security and good order in prisons | CF1: Substantial prejudice to the exercise by a public authority for any of its functions | CG1: Substantial prejudice to civil proceedings brought by an authority | CH1: Confidentiality of communications | CI1: Actionable breach of confidence | CJ1: Court records | CK1: Court records: inquiry or arbitration | CL1: Personal data of the applicant | CM1: Third party personal data | CN1: Personal census information | CO1: Deceased person's health record | CP1: Endangerment to health or safety | CQ1: Environmental information | CR1: Substantial prejudice to audit function | CS1: Communications with the Royal Family and honours | CT1: Material in course of completion | CU1: Internal Communications | CV1: Substantial prejudice to international relations public safety etc. | CW1: Substantial prejudice to course of justice etc. | CX1: Substantial prejudice to intellectual property rights | CY1: Substantial prejudice to confidentiality of proceedings | CZ1: Substantial prejudice to confidentiality of commercial or industrial information | DA1: Substantial prejudice to the interests of a third party | DB1: Substantial prejudice to the protection of the environment | DC1: Neither confirm nor deny whether environmental information held | DD1: Personal data of the applicant | DE1: Third party personal data | DF1: Neither confirm or deny whether personal data held
A2: Abbeyfield Scotland Ltd | B2: s.5 designated body | C2: 0 | D2: 0 | E2: 0 | F2: 0 | G2: 0 | H2: 0 | I2: 0 | J2: 0 | K2: 0 | L2: 0 | M2: 0 | N2: 0 | O2: 0 | P2: 0 | Q2: 0 | R2: 0 | S2: 0 | T2: 0 | U2: 0 | V2: 0 | W2: 0 | X2: 0 | Y2: 0 | Z2: 0 | AA2: 0 | AB2: 0 | AC2: 0 | AD2: 0 | AE2: 0 | AF2: 0 | AG2: 0 | AH2: 0 | AI2: 0 | AJ2: 0 | AK2: 0 | AL2: 0 | AM2: 0 | AN2: 0 | AO2: 0 | AP2: 0 | AQ2: 0 | AR2: 0 | AS2: 0 | AT2: 0 | AU2: 0 | AV2: 0 | AW2: 0 | AX2: 0 | AY2: 0 | AZ2: 0 | BA2: 0 | BB2: 0 | BC2: 0 | BD2: 0 | BE2: 0 | BF2: 0 | BG2: 0 | BH2: 0 | BI2: 0 | BJ2: 0 | BK2: 0 | BL2: 0 | BM2: 0 | BN2: 0 | BO2: 0 | BP2: 0 | BQ2: 0 | BR2: 0 | BS2: 0 | BT2: 0 | BU2: 0 | BV2: 0 | BW2: 0 | BX2: 0 | BY2: 0 | BZ2: 0 | CA2: 0 | CB2: 0 | CC2: 0 | CD2: 0 | CE2: 0 | CF2: 0 | CG2: 0 | CH2: 0 | CI2: 0 | CJ2: 0 | CK2: 0 | CL2: 0 | CM2: 0 | CN2: 0 | CO2: 0 | CP2: 0 | CQ2: 0 | CR2: 0 | CS2: 0 | CT2: 0 | CU2: 0 | CV2: 0 | CW2: 0 | CX2: 0 | CY2: 0 | CZ2: 0 | DA2: 0 | DB2: 0 | DC2: 0 | DD2: 0 | DE2: 0 | DF2: 0
A3: Aberdeen City Council | B3: Local Government | C3: 231 | D3: 0 | E3: 1 | F3: 0 | G3: 0 | H3: 209 | I3: 15 | J3: 11 | K3: 2 | L3: 0 | M3: 0 | N3: 93 | O3: 25 | P3: 70 | Q3: 17 | R3: 0 | S3: 110 | T3: 4 | U3: 0 | V3: 0 | W3: 0 | X3: 100 | Y3: 7 | Z3: 3 | AA3: 0 | AB3: 0 | AC3: 0 | AD3: 39 | AE3: 24 | AF3: 21 | AG3: 8 | AH3: 0 | AI3: 1 | AJ3: 3 | AK3: 3 | AL3: 0 | AM3: 0 | AN3: 0 | AO3: 2 | AP3: 1 | AQ3: 1 | AR3: 1 | AS3: 0 | AT3: 0 | AU3: 0 | AV3: 1 | AW3: 23 | AX3: 5 | AY3: 0 | AZ3: 0 | BA3: 0 | BB3: 4 | BC3: 0 | BD3: 0 | BE3: 0 | BF3: 0 | BG3: 0 | BH3: 0 | BI3: 0 | BJ3: 0 | BK3: 0 | BL3: 0 | BM3: 0 | BN3: 0 | BO3: 0 | BP3: 0 | BQ3: 0 | BR3: 4 | BS3: 0 | BT3: 0 | BU3: 0 | BV3: 0 | BW3: 0 | BX3: 0 | BY3: 0 | BZ3: 6 | CA3: 0 | CB3: 0 | CC3: 0 | CD3: 0 | CE3: 0 | CF3: 0 | CG3: 0 | CH3: 2 | CI3: 0 | CJ3: 0 | CK3: 0 | CL3: 0 | CM3: 11 | CN3: 0 | CO3: 0 | CP3: 0 | CQ3: 0 | CR3: 0 | CS3: 0 | CT3: 1 | CU3: 0 | CV3: 0 | CW3: 0 | CX3: 0 | CY3: 0 | CZ3: 3 | DA3: 0 | DB3: 0 | DC3: 0 | DD3: 0 | DE3: 10 | DF3: 0
A4: Aberdeen City Integration Joint Board | B4: Others e.g. NDPBs | C4: 1 | D4: 0 | E4: 0 | F4: 0 | G4: 0 | H4: 1 | I4: 0 | J4: 0 | K4: 0 | L4: 0 | M4: 0 | N4: 1 | O4: 0 | P4: 0 | Q4: 0 | R4: 0 | S4: 0 | T4: 0 | U4: 0 | V4: 0 | W4: 0 | X4: 0 | Y4: 0 | Z4: 0 | AA4: 0 | AB4: 0 | AC4: 0 | AD4: 0 | AE4: 0 | AF4: 0 | AG4: 0 | AH4: 0 | AI4: 0 | AJ4: 0 | AK4: 0 | AL4: 0 | AM4: 0 | AN4: 0 | AO4: 0 | AP4: 0 | AQ4: 0 | AR4: 0 | AS4: 0 | AT4: 0 | AU4: 0 | AV4: 0 | AW4: 0 | AX4: 0 | AY4: 0 | AZ4: 0 | BA4: 0 | BB4: 0 | BC4: 0 | BD4: 0 | BE4: 0 | BF4: 0 | BG4: 0 | BH4: 0 | BI4: 0 | BJ4: 0 | BK4: 0 | BL4: 0 | BM4: 0 | BN4: 0 | BO4: 0 | BP4: 0 | BQ4: 0 | BR4: 0 | BS4: 0 | BT4: 0 | BU4: 0 | BV4: 0 | BW4: 0 | BX4: 0 | BY4: 0 | BZ4: 0 | CA4: 0 | CB4: 0 | CC4: 0 | CD4: 0 | CE4: 0 | CF4: 0 | CG4: 0 | CH4: 0 | CI4: 0 | CJ4: 0 | CK4: 0 | CL4: 0 | CM4: 0 | CN4: 0 | CO4: 0 | CP4: 0 | CQ4: 0 | CR4: 0 | CS4: 0 | CT4: 0 | CU4: 0 | CV4: 0 | CW4: 0 | CX4: 0 | CY4: 0 | CZ4: 0 | DA4: 0 | DB4: 0 | DC4: 0 | DD4: 0 | DE4: 0 | DF4: 0
A5: Aberdeen City Licensing Board | B5: Local Government | C5: 0 | D5: 0 | E5: 0 | F5: 0 | G5: 0 | H5: 0 | I5: 0 | J5: 0 | K5: 0 | L5: 0 | M5: 0 | N5: 0 | O5: 0 | P5: 0 | Q5: 0 | R5: 0 | S5: 0 | T5: 0 | U5: 0 | V5: 0 | W5: 0 | X5: 0 | Y5: 0 | Z5: 0 | AA5: 0 | AB5: 0 | AC5: 0 | AD5: 0 | AE5: 0 | AF5: 0 | AG5: 0 | AH5: 0 | AI5: 0 | AJ5: 0 | AK5: 0 | AL5: 0 | AM5: 0 | AN5: 0 | AO5: 0 | AP5: 0 | AQ5: 0 | AR5: 0 | AS5: 0 | AT5: 0 | AU5: 0 | AV5: 0 | AW5: 0 | AX5: 0 | AY5: 0 | AZ5: 0 | BA5: 0 | BB5: 0 | BC5: 0 | BD5: 0 | BE5: 0 | BF5: 0 | BG5: 0 | BH5: 0 | BI5: 0 | BJ5: 0 | BK5: 0 | BL5: 0 | BM5: 0 | BN5: 0 | BO5: 0 | BP5: 0 | BQ5: 0 | BR5: 0 | BS5: 0 | BT5: 0 | BU5: 0 | BV5: 0 | BW5: 0 | BX5: 0 | BY5: 0 | BZ5: 0 | CA5: 0 | CB5: 0 | CC5: 0 | CD5: 0 | CE5: 0 | CF5: 0 | CG5: 0 | CH5: 0 | CI5: 0 | CJ5: 0 | CK5: 0 | CL5: 0 | CM5: 0 | CN5: 0 | CO5: 0 | CP5: 0 | CQ5: 0 | CR5: 0 | CS5: 0 | CT5: 0 | CU5: 0 | CV5: 0 | CW5: 0 | CX5: 0 | CY5: 0 | CZ5: 0 | DA5: 0 | DB5: 0 | DC5: 0 | DD5: 0 | DE5: 0 | DF5: 0
A6: Aberdeen Performing Arts | B6: s.5 designated body | C6: 0 | D6: 0 | E6: 0 | F6: 0 | G6: 0 | H6: 0 | I6: 0 | J6: 0 | K6: 0 | L6: 0 | M6: 0 | N6: 0 | O6: 0 | P6: 0 | Q6: 0 | R6: 0 | S6: 0 | T6: 0 | U6: 0 | V6: 0 | W6: 0 | X6: 0 | Y6: 0 | Z6: 0 | AA6: 0 | AB6: 0 | AC6: 0 | AD6: 0 | AE6: 0 | AF6: 0 | AG6: 0 | AH6: 0 | AI6: 0 | AJ6: 0 | AK6: 0 | AL6: 0 | AM6: 0 | AN6: 0 | AO6: 0 | AP6: 0 | AQ6: 0 | AR6: 0 | AS6: 0 | AT6: 0 | AU6: 0 | AV6: 0 | AW6: 0 | AX6: 0 | AY6: 0 | AZ6: 0 | BA6: 0 | BB6: 0 | BC6: 0 | BD6: 0 | BE6: 0 | BF6: 0 | BG6: 0 | BH6: 0 | BI6: 0 | BJ6: 0 | BK6: 0 | BL6: 0 | BM6: 0 | BN6: 0 | BO6: 0 | BP6: 0 | BQ6: 0 | BR6: 0 | BS6: 0 | BT6: 0 | BU6: 0 | BV6: 0 | BW6: 0 | BX6: 0 | BY6: 0 | BZ6: 0 | CA6: 0 | CB6: 0 | CC6: 0 | CD6: 0 | CE6: 0 | CF6: 0 | CG6: 0 | CH6: 0 | CI6: 0 | CJ6: 0 | CK6: 0 | CL6: 0 | CM6: 0 | CN6: 0 | CO6: 0 | CP6: 0 | CQ6: 0 | CR6: 0 | CS6: 0 | CT6: 0 | CU6: 0 | CV6: 0 | CW6: 0 | CX6: 0 | CY6: 0 | CZ6: 0 | DA6: 0 | DB6: 0 | DC6: 0 | DD6: 0 | DE6: 0 | DF6: 0
A7: Aberdeen Soroptimist Housing Society Ltd | B7: s.5 designated body | C7: 0 | D7: 0 | E7: 0 | F7: 0 | G7: 0 | H7: 0 | I7: 0 | J7: 0 | K7: 0 | L7: 0 | M7: 0 | N7: 0 | O7: 0 | P7: 0 | Q7: 0 | R7: 0 | S7: 0 | T7: 0 | U7: 0 | V7: 0 | W7: 0 | X7: 0 | Y7: 0 | Z7: 0 | AA7: 0 | AB7: 0 | AC7: 0 | AD7: 0 | AE7: 0 | AF7: 0 | AG7: 0 | AH7: 0 | AI7: 0 | AJ7: 0 | AK7: 0 | AL7: 0 | AM7: 0 | AN7: 0 | AO7: 0 | AP7: 0 | AQ7: 0 | AR7: 0 | AS7: 0 | AT7: 0 | AU7: 0 | AV7: 0 | AW7: 0 | AX7: 0 | AY7: 0 | AZ7: 0 | BA7: 0 | BB7: 0 | BC7: 0 | BD7: 0 | BE7: 0 | BF7: 0 | BG7: 0 | BH7: 0 | BI7: 0 | BJ7: 0 | BK7: 0 | BL7: 0 | BM7: 0 | BN7: 0 | BO7: 0 | BP7: 0 | BQ7: 0 | BR7: 0 | BS7: 0 | BT7: 0 | BU7: 0 | BV7: 0 | BW7: 0 | BX7: 0 | BY7: 0 | BZ7: 0 | CA7: 0 | CB7: 0 | CC7: 0 | CD7: 0 | CE7: 0 | CF7: 0 | CG7: 0 | CH7: 0 | CI7: 0 | CJ7: 0 | CK7: 0 | CL7: 0 | CM7: 0 | CN7: 0 | CO7: 0 | CP7: 0 | CQ7: 0 | CR7: 0 | CS7: 0 | CT7: 0 | CU7: 0 | CV7: 0 | CW7: 0 | CX7: 0 | CY7: 0 | CZ7: 0 | DA7: 0 | DB7: 0 | DC7: 0 | DD7: 0 | DE7: 0 | DF7: 0
A8: Aberdeenshire Council and Licensing Board | B8: Local Government | C8: 250 | D8: 0 | E8: 1 | F8: 0 | G8: 0 | H8: 219 | I8: 19 | J8: 4 | K8: 6 | L8: 0 | M8: 7 | N8: 189 | O8: 10 | P8: 7 | Q8: 15 | R8: 1 | S8: 81 | T8: 0 | U8: 0 | V8: 11 | W8: 6 | X8: 59 | Y8: 11 | Z8: 6 | AA8: 0 | AB8: 0 | AC8: 0 | AD8: 61 | AE8: 0 | AF8: 0 | AG8: 8 | AH8: 0 | AI8: 44 | AJ8: 3 | AK8: 3 | AL8: 0 | AM8: 0 | AN8: 3 | AO8: 0 | AP8: 0 | AQ8: 2 | AR8: 2 | AS8: 0 | AT8: 0 | AU8: 2 | AV8: 0 | AW8: 1 | AX8: 0 | AY8: 0 | AZ8: 0 | BA8: 0 | BB8: 0 | BC8: 0 | BD8: 0 | BE8: 0 | BF8: 0 | BG8: 0 | BH8: 0 | BI8: 0 | BJ8: 0 | BK8: 0 | BL8: 0 | BM8: 0 | BN8: 0 | BO8: 0 | BP8: 0 | BQ8: 0 | BR8: 1 | BS8: 0 | BT8: 0 | BU8: 0 | BV8: 0 | BW8: 0 | BX8: 0 | BY8: 0 | BZ8: 0 | CA8: 0 | CB8: 0 | CC8: 0 | CD8: 0 | CE8: 0 | CF8: 0 | CG8: 0 | CH8: 0 | CI8: 0 | CJ8: 0 | CK8: 0 | CL8: 0 | CM8: 6 | CN8: 0 | CO8: 0 | CP8: 0 | CQ8: 0 | CR8: 0 | CS8: 0 | CT8: 0 | CU8: 0 | CV8: 0 | CW8: 0 | CX8: 0 | CY8: 0 | CZ8: 0 | DA8: 0 | DB8: 0 | DC8: 0 | DD8: 0 | DE8: 0 | DF8: 0
A9: Aberdeenshire Integration Joint Board | B9: Others e.g. NDPBs | C9: 0 | D9: 0 | E9: 0 | F9: 0 | G9: 0 | H9: 0 | I9: 0 | J9: 0 | K9: 0 | L9: 0 | M9: 0 | N9: 0 | O9: 0 | P9: 0 | Q9: 0 | R9: 0 | S9: 0 | T9: 0 | U9: 0 | V9: 0 | W9: 0 | X9: 0 | Y9: 0 | Z9: 0 | AA9: 0 | AB9: 0 | AC9: 0 | AD9: 0 | AE9: 0 | AF9: 0 | AG9: 0 | AH9: 0 | AI9: 0 | AJ9: 0 | AK9: 0 | AL9: 0 | AM9: 0 | AN9: 0 | AO9: 0 | AP9: 0 | AQ9: 0 | AR9: 0 | AS9: 0 | AT9: 0 | AU9: 0 | AV9: 0 | AW9: 0 | AX9: 0 | AY9: 0 | AZ9: 0 | BA9: 0 | BB9: 0 | BC9: 0 | BD9: 0 | BE9: 0 | BF9: 0 | BG9: 0 | BH9: 0 | BI9: 0 | BJ9: 0 | BK9: 0 | BL9: 0 | BM9: 0 | BN9: 0 | BO9: 0 | BP9: 0 | BQ9: 0 | BR9: 0 | BS9: 0 | BT9: 0 | BU9: 0 | BV9: 0 | BW9: 0 | BX9: 0 | BY9: 0 | BZ9: 0 | CA9: 0 | CB9: 0 | CC9: 0 | CD9: 0 | CE9: 0 | CF9: 0 | CG9: 0 | CH9: 0 | CI9: 0 | CJ9: 0 | CK9: 0 | CL9: 0 | CM9: 0 | CN9: 0 | CO9: 0 | CP9: 0 | CQ9: 0 | CR9: 0 | CS9: 0 | CT9: 0 | CU9: 0 | CV9: 0 | CW9: 0 | CX9: 0 | CY9: 0 | CZ9: 0 | DA9: 0 | DB9: 0 | DC9: 0 | DD9: 0 | DE9: 0 | DF9: 0
A10: Abertay Housing Association Ltd | B10: s.5 designated body | C10: 3 | D10: 0 | E10: 0 | F10: 0 | G10: 0 | H10: 3 | I10: 0 | J10: 0 | K10: 0 | L10: 0 | M10: 0 | N10: 0 | O10: 0 | P10: 0 | Q10: 0 | R10: 0 | S10: 0 | T10: 0 | U10: 0 | V10: 0 | W10: 0 | X10: 0 | Y10: 0 | Z10: 0 | AA10: 0 | AB10: 0 | AC10: 0 | AD10: 0 | AE10: 0 | AF10: 0 | AG10: 0 | AH10: 0 | AI10: 4 | AJ10: 0 | AK10: 0 | AL10: 0 | AM10: 0 | AN10: 0 | AO10: 0 | AP10: 0 | AQ10: 0 | AR10: 0 | AS10: 0 | AT10: 0 | AU10: 0 | AV10: 0 | AW10: 0 | AX10: 0 | AY10: 0 | AZ10: 0 | BA10: 0 | BB10: 0 | BC10: 0 | BD10: 0 | BE10: 0 | BF10: 0 | BG10: 0 | BH10: 0 | BI10: 0 | BJ10: 0 | BK10: 0 | BL10: 0 | BM10: 0 | BN10: 0 | BO10: 0 | BP10: 0 | BQ10: 0 | BR10: 0 | BS10: 0 | BT10: 0 | BU10: 0 | BV10: 0 | BW10: 0 | BX10: 0 | BY10: 0 | BZ10: 0 | CA10: 0 | CB10: 0 | CC10: 0 | CD10: 0 | CE10: 0 | CF10: 0 | CG10: 0 | CH10: 0 | CI10: 0 | CJ10: 0 | CK10: 0 | CL10: 0 | CM10: 0 | CN10: 0 | CO10: 0 | CP10: 0 | CQ10: 0 | CR10: 0 | CS10: 0 | CT10: 0 | CU10: 0 | CV10: 0 | CW10: 0 | CX10: 0 | CY10: 0 | CZ10: 0 | DA10: 0 | DB10: 0 | DC10: 0 | DD10: 0 | DE10: 0 | DF10: 0
A11: Abronhill Housing Association Ltd | B11: s.5 designated body | C11: 1 | D11: 0 | E11: 0 | F11: 0 | G11: 0 | H11: 1 | I11: 0 | J11: 0 | K11: 0 | L11: 0 | M11: 0 | N11: 1 | O11: 0 | P11: 0 | Q11: 0 | R11: 0 | S11: 0 | T11: 0 | U11: 0 | V11: 0 | W11: 0 | X11: 0 | Y11: 0 | Z11: 0 | AA11: 0 | AB11: 0 | AC11: 0 | AD11: 0 | AE11: 0 | AF11: 0 | AG11: 0 | AH11: 0 | AI11: 0 | AJ11: 0 | AK11: 0 | AL11: 0 | AM11: 0 | AN11: 0 | AO11: 0 | AP11: 0 | AQ11: 0 | AR11: 0 | AS11: 0 | AT11: 0 | AU11: 0 | AV11: 0 | AW11: 0 | AX11: 0 | AY11: 0 | AZ11: 0 | BA11: 0 | BB11: 0 | BC11: 0 | BD11: 0 | BE11: 0 | BF11: 0 | BG11: 0 | BH11: 0 | BI11: 0 | BJ11: 0 | BK11: 0 | BL11: 0 | BM11: 0 | BN11: 0 | BO11: 0 | BP11: 0 | BQ11: 0 | BR11: 0 | BS11: 0 | BT11: 0 | BU11: 0 | BV11: 0 | BW11: 0 | BX11: 0 | BY11: 0 | BZ11: 0 | CA11: 0 | CB11: 0 | CC11: 0 | CD11: 0 | CE11: 0 | CF11: 0 | CG11: 0 | CH11: 0 | CI11: 0 | CJ11: 0 | CK11: 0 | CL11: 0 | CM11: 0 | CN11: 0 | CO11: 0 | CP11: 0 | CQ11: 0 | CR11: 0 | CS11: 0 | CT11: 0 | CU11: 0 | CV11: 0 | CW11: 0 | CX11: 0 | CY11: 0 | CZ11: 0 | DA11: 0 | DB11: 0 | DC11: 0 | DD11: 0 | DE11: 0 | DF11: 0
A12: Accounts Commission for Scotland | B12: Others e.g. NDPBs | C12: 2 | D12: 0 | E12: 0 | F12: 0 | G12: 0 | H12: 0 | I12: 0 | J12: 0 | K12: 0 | L12: 0 | M12: 0 | N12: 2 | O12: 0 | P12: 0 | Q12: 0 | R12: 0 | S12: 0 | T12: 0 | U12: 0 | V12: 0 | W12: 0 | X12: 0 | Y12: 0 | Z12: 0 | AA12: 0 | AB12: 0 | AC12: 0 | AD12: 0 | AE12: 0 | AF12: 0 | AG12: 0 | AH12: 0 | AI12: 0 | AJ12: 0 | AK12: 0 | AL12: 0 | AM12: 0 | AN12: 0 | AO12: 0 | AP12: 0 | AQ12: 0 | AR12: 0 | AS12: 0 | AT12: 0 | AU12: 0 | AV12: 0 | AW12: 0 | AX12: 0 | AY12: 0 | AZ12: 0 | BA12: 0 | BB12: 0 | BC12: 0 | BD12: 0 | BE12: 0 | BF12: 0 | BG12: 0 | BH12: 0 | BI12: 0 | BJ12: 0 | BK12: 0 | BL12: 0 | BM12: 0 | BN12: 0 | BO12: 0 | BP12: 0 | BQ12: 0 | BR12: 0 | BS12: 0 | BT12: 0 | BU12: 0 | BV12: 0 | BW12: 0 | BX12: 0 | BY12: 0 | BZ12: 0 | CA12: 0 | CB12: 0 | CC12: 0 | CD12: 0 | CE12: 0 | CF12: 0 | CG12: 0 | CH12: 0 | CI12: 0 | CJ12: 0 | CK12: 0 | CL12: 0 | CM12: 0 | CN12: 0 | CO12: 0 | CP12: 0 | CQ12: 0 | CR12: 0 | CS12: 0 | CT12: 0 | CU12: 0 | CV12: 0 | CW12: 0 | CX12: 0 | CY12: 0 | CZ12: 0 | DA12: 0 | DB12: 0 | DC12: 0 | DD12: 0 | DE12: 0 | DF12: 0
A13: Active Stirling | B13: s.5 designated body | C13: 0 | D13: 0 | E13: 0 | F13: 0 | G13: 0 | H13: 0 | I13: 0 | J13: 0 | K13: 0 | L13: 0 | M13: 0 | N13: 0 | O13: 0 | P13: 0 | Q13: 0 | R13: 0 | S13: 0 | T13: 0 | U13: 0 | V13: 0 | W13: 0 | X13: 0 | Y13: 0 | Z13: 0 | AA13: 0 | AB13: 0 | AC13: 0 | AD13: 0 | AE13: 0 | AF13: 0 | AG13: 0 | AH13: 0 | AI13: 0 | AJ13: 0 | AK13: 0 | AL13: 0 | AM13: 0 | AN13: 0 | AO13: 0 | AP13: 0 | AQ13: 0 | AR13: 0 | AS13: 0 | AT13: 0 | AU13: 0 | AV13: 0 | AW13: 0 | AX13: 0 | AY13: 0 | AZ13: 0 | BA13: 0 | BB13: 0 | BC13: 0 | BD13: 0 | BE13: 0 | BF13: 0 | BG13: 0 | BH13: 0 | BI13: 0 | BJ13: 0 | BK13: 0 | BL13: 0 | BM13: 0 | BN13: 0 | BO13: 0 | BP13: 0 | BQ13: 0 | BR13: 0 | BS13: 0 | BT13: 0 | BU13: 0 | BV13: 0 | BW13: 0 | BX13: 0 | BY13: 0 | BZ13: 0 | CA13: 0 | CB13: 0 | CC13: 0 | CD13: 0 | CE13: 0 | CF13: 0 | CG13: 0 | CH13: 0 | CI13: 0 | CJ13: 0 | CK13: 0 | CL13: 0 | CM13: 0 | CN13: 0 | CO13: 0 | CP13: 0 | CQ13: 0 | CR13: 0 | CS13: 0 | CT13: 0 | CU13: 0 | CV13: 0 | CW13: 0 | CX13: 0 | CY13: 0 | CZ13: 0 | DA13: 0 | DB13: 0 | DC13: 0 | DD13: 0 | DE13: 0 | DF13: 0
... A512: Yorkhill Housing Association Ltd | B512: s.5 designated body | C512: 0 | D512: 0 | E512: 0 | F512: 0 | G512: 0 | H512: 0 | I512: 0 | J512: 0 | K512: 0 | L512: 0 | M512: 0 | N512: 0 | O512: 0 | P512: 0 | Q512: 0 | R512: 0 | S512: 2 | T512: 0 | U512: 0 | V512: 0 | W512: 0 | X512: 1 | Y512: 0 | Z512: 0 | AA512: 0 | AB512: 0 | AC512: 0 | AD512: 1 | AE512: 0 | AF512: 0 | AG512: 0 | AH512: 0 | AI512: 1 | AJ512: 0 | AK512: 0 | AL512: 0 | AM512: 0 | AN512: 0 | AO512: 0 | AP512: 0 | AQ512: 0 | AR512: 0 | AS512: 0 | AT512: 0 | AU512: 0 | AV512: 0 | AW512: 0 | AX512: 0 | AY512: 0 | AZ512: 0 | BA512: 0 | BB512: 0 | BC512: 0 | BD512: 0 | BE512: 0 | BF512: 0 | BG512: 0 | BH512: 0 | BI512: 0 | BJ512: 0 | BK512: 0 | BL512: 0 | BM512: 0 | BN512: 0 | BO512: 0 | BP512: 0 | BQ512: 0 | BR512: 0 | BS512: 0 | BT512: 0 | BU512: 0 | BV512: 0 | BW512: 0 | BX512: 0 | BY512: 0 | BZ512: 0 | CA512: 0 | CB512: 0 | CC512: 0 | CD512: 0 | CE512: 0 | CF512: 0 | CG512: 0 | CH512: 0 | CI512: 0 | CJ512: 0 | CK512: 0 | CL512: 0 | CM512: 0 | CN512: 0 | CO512: 0 | CP512: 0 | CQ512: 0 | CR512: 0 | CS512: 0 | CT512: 0 | CU512: 0 | CV512: 0 | CW512: 0 | CX512: 0 | CY512: 0 | CZ512: 0 | DA512: 0 | DB512: 0 | DC512: 0 | DD512: 0 | DE512: 0 | DF512: 0

Sheet 2021-22 Q3
A1: Authority name | B1: Sector | C1: FOISA requests | D1: FOISA closed - unclear | E1: FOISA closed - withdrawn | F1: FOISA fees notice | G1: FOISA fees paid | H1: FOISA response on time | I1: FOISA response late | J1: FOISA failure to respond | K1: FOISA refused cost | L1: FOISA vexatious | M1: FOISA repeated | N1: FOISA full release | O1: FOISA none released | P1: FOISA some released | Q1: FOISA none held | R1: FOISA no confirm/deny | S1: EIR requests | T1: EIR closed - unclear | U1: EIR closed - withdrawn | V1: EIR - fees notice | W1: EIR - fees paid | X1: EIR - Response on time | Y1: EIR - response late | Z1: EIR - failure to respond | AA1: EIR - timescale extended | AB1: EIR refused - cost | AC1: EIR - manifestly unreasonable | AD1: EIR - full release | AE1: EIR - none released | AF1: EIR - some released | AG1: EIR - none held | AH1: EIR - no confirm/deny | AI1: Subject Access Requests | AJ1: FOISA reviews | AK1: FOISA review - on time | AL1: FOISA reviews - late response | AM1: FOISA reviews - failure to respond | AN1: FOISA reviews - wholly/partially upheld | AO1: FOISA review - substituted decision | AP1: FOISA review - decision reached | AQ1: EIR reviews | AR1: EIR review - on time | AS1: EIR review - late response | AT1: EIR review - failure to respond | AU1: EIR review - upheld | AV1: EIR review - not upheld | AW1: Otherwise accessible | AX1: Publication scheme | AY1: Disclosure prohibited: enactment | AZ1: Disclosure prohibited: EU obligation | BA1: Disclosure prohibited: contempt of court | BB1: Future publication: 12 weeks | BC1: Future publication: programme of research | BD1: Substantial prejudice to UK relations | BE1: Formulation/development of government policy | BF1: Ministerial communications | BG1: Advice by Law Officers | BH1: Operation of Ministerial private office | BI1: Substantial prejudice to collective responsibility of Scottish Ministers | BJ1: Substantial inhibition to free and frank provision of advice | BK1: Substantial inhibition to free and frank exchange of views | BL1: Substantial prejudice to effective conduct of public affairs | BM1: National security | BN1: Substantial prejudice to defence | BO1: Substantial prejudice to international relations | BP1: Confidential information obtained from abroad | BQ1: Trade secret | BR1: Substantial prejudice to commercial interests | BS1: Substantial prejudice to the economic interests of the UK | BT1: Substantial prejudice to the financial interests of a UK administration | BU1: Information held for the purposes of a criminal investigation | BV1: Information held for ongoing Fatal Accident Inquiry | BW1: Information held regarding cause of death | BX1: Information relating to the obtaining of information from confidential sources | BY1: Information held for purposes of civil proceedings arising out of investigations | BZ1: Substantial prejudice to prevention or detection of crime | CA1: Substantial prejudice to apprehension or prosecution of offenders | CB1: Substantial prejudice to administration of justice | CC1: Substantial prejudice to assessment or collection of tax or duty | CD1: Substantial prejudice to operation of immigration controls | CE1: Substantial prejudice to maintenance of security and good order in prisons | CF1: Substantial prejudice to the exercise by a public authority for any of its functions | CG1: Substantial prejudice to civil proceedings brought by an authority | CH1: Confidentiality of communications | CI1: Actionable breach of confidence | CJ1: Court records | CK1: Court records: inquiry or arbitration | CL1: Personal data of the applicant | CM1: Third party personal data | CN1: Personal census information | CO1: Deceased person’s health record | CP1: Endangerment to health or safety | CQ1: Environmental information | CR1: Substantial prejudice to audit function | CS1: Communications with the Royal Family and honours | CT1: Material in the course of completion | CU1: Internal communications | CV1: Substantial prejudice to international relations, public safety, etc. | CW1: Substantial prejudice to course of justice | CX1: Substantial prejudice to intellectual property rights | CY1: Substantial prejudice to confidentiality of proceedings | CZ1: Substantial prejudice to confidentiality of commercial industrial information | DA1: Substantial prejudice to the interests of a third party | DB1: Substantial prejudice to the protection of the environment | DC1: Neither confirm nor deny whether environmental information is held | DD1: Personal data of applicant | DE1: Third party personal data. | DF1: Neither confirm nor deny whether personal data held
A2: Abbeyfield Scotland Ltd | B2: Registered Social Landlords | C2: 7 | D2: 0 | E2: 0 | F2: 0 | G2: 0 | H2: 7 | I2: 0 | J2: 0 | K2: 0 | L2: 0 | M2: 0 | N2: 5 | O2: 0 | P2: 2 | Q2: 0 | R2: 0 | S2: 0 | T2: 0 | U2: 0 | V2: 0 | W2: 0 | X2: 0 | Y2: 0 | Z2: 0 | AA2: 0 | AB2: 0 | AC2: 0 | AD2: 0 | AE2: 0 | AF2: 0 | AG2: 0 | AH2: 0 | AI2: 0 | AJ2: 0 | AK2: 0 | AL2: 0 | AM2: 0 | AN2: 0 | AO2: 0 | AP2: 0 | AQ2: 0 | AR2: 0 | AS2: 0 | AT2: 0 | AU2: 0 | AV2: 0 | AW2: 0 | AX2: 0 | AY2: 0 | AZ2: 0 | BA2: 0 | BB2: 0 | BC2: 0 | BD2: 0 | BE2: 0 | BF2: 0 | BG2: 0 | BH2: 0 | BI2: 0 | BJ2: 0 | BK2: 0 | BL2: 0 | BM2: 0 | BN2: 0 | BO2: 0 | BP2: 0 | BQ2: 0 | BR2: 0 | BS2: 0 | BT2: 0 | BU2: 0 | BV2: 0 | BW2: 0 | BX2: 0 | BY2: 0 | BZ2: 0 | CA2: 0 | CB2: 0 | CC2: 0 | CD2: 0 | CE2: 0 | CF2: 0 | CG2: 0 | CH2: 0 | CI2: 0 | CJ2: 0 | CK2: 0 | CL2: 0 | CM2: 0 | CN2: 0 | CO2: 0 | CP2: 0 | CQ2: 0 | CR2: 0 | CS2: 0 | CT2: 0 | CU2: 0 | CV2: 0 | CW2: 0 | CX2: 0 | CY2: 0 | CZ2: 0 | DA2: 0 | DB2: 0 | DC2: 0 | DD2: 0 | DE2: 0 | DF2: 0
A3: Aberdeen City Council | B3: Local Government | C3: 249 | D3: 2 | E3: 0 | F3: 0 | G3: 0 | H3: 206 | I3: 17 | J3: 22 | K3: 4 | L3: 0 | M3: 4 | N3: 0 | O3: 102 | P3: 39 | Q3: 61 | R3: 0 | S3: 80 | T3: 0 | U3: 0 | V3: 0 | W3: 0 | X3: 72 | Y3: 4 | Z3: 4 | AA3: 0 | AB3: 0 | AC3: 2 | AD3: 31 | AE3: 13 | AF3: 11 | AG3: 17 | AH3: 0 | AI3: 4 | AJ3: 10 | AK3: 10 | AL3: 0 | AM3: 0 | AN3: 3 | AO3: 4 | AP3: 3 | AQ3: 0 | AR3: 0 | AS3: 0 | AT3: 0 | AU3: 0 | AV3: 0 | AW3: 22 | AX3: 4 | AY3: 0 | AZ3: 0 | BA3: 0 | BB3: 1 | BC3: 0 | BD3: 0 | BE3: 0 | BF3: 0 | BG3: 0 | BH3: 0 | BI3: 0 | BJ3: 0 | BK3: 0 | BL3: 2 | BM3: 0 | BN3: 0 | BO3: 0 | BP3: 0 | BQ3: 0 | BR3: 2 | BS3: 0 | BT3: 0 | BU3: 2 | BV3: 0 | BW3: 0 | BX3: 0 | BY3: 0 | BZ3: 2 | CA3: 0 | CB3: 0 | CC3: 0 | CD3: 0 | CE3: 0 | CF3: 1 | CG3: 0 | CH3: 0 | CI3: 0 | CJ3: 0 | CK3: 0 | CL3: 0 | CM3: 16 | CN3: 0 | CO3: 0 | CP3: 0 | CQ3: 0 | CR3: 0 | CS3: 0 | CT3: 0 | CU3: 0 | CV3: 0 | CW3: 1 | CX3: 0 | CY3: 0 | CZ3: 0 | DA3: 0 | DB3: 0 | DC3: 0 | DD3: 0 | DE3: 4 | DF3: 0
A4: Aberdeen City Integration Joint Board | B4: Health and Social Care | C4: 0 | D4: 0 | E4: 0 | F4: 0 | G4: 0 | H4: 0 | I4: 0 | J4: 0 | K4: 0 | L4: 0 | M4: 0 | N4: 0 | O4: 0 | P4: 0 | Q4: 0 | R4: 0 | S4: 1 | T4: 0 | U4: 0 | V4: 0 | W4: 0 | X4: 1 | Y4: 0 | Z4: 0 | AA4: 0 | AB4: 0 | AC4: 0 | AD4: 1 | AE4: 0 | AF4: 0 | AG4: 0 | AH4: 0 | AI4: 0 | AJ4: 0 | AK4: 0 | AL4: 0 | AM4: 0 | AN4: 0 | AO4: 0 | AP4: 0 | AQ4: 0 | AR4: 0 | AS4: 0 | AT4: 0 | AU4: 0 | AV4: 0 | AW4: 0 | AX4: 0 | AY4: 0 | AZ4: 0 | BA4: 0 | BB4: 0 | BC4: 0 | BD4: 0 | BE4: 0 | BF4: 0 | BG4: 0 | BH4: 0 | BI4: 0 | BJ4: 0 | BK4: 0 | BL4: 0 | BM4: 0 | BN4: 0 | BO4: 0 | BP4: 0 | BQ4: 0 | BR4: 0 | BS4: 0 | BT4: 0 | BU4: 0 | BV4: 0 | BW4: 0 | BX4: 0 | BY4: 0 | BZ4: 0 | CA4: 0 | CB4: 0 | CC4: 0 | CD4: 0 | CE4: 0 | CF4: 0 | CG4: 0 | CH4: 0 | CI4: 0 | CJ4: 0 | CK4: 0 | CL4: 0 | CM4: 0 | CN4: 0 | CO4: 0 | CP4: 0 | CQ4: 0 | CR4: 0 | CS4: 0 | CT4: 0 | CU4: 0 | CV4: 0 | CW4: 0 | CX4: 0 | CY4: 0 | CZ4: 0 | DA4: 0 | DB4: 0 | DC4: 0 | DD4: 0 | DE4: 0 | DF4: 0
A5: Aberdeen City Licensing Board | B5: Local Government | C5: 0 | D5: 0 | E5: 0 | F5: 0 | G5: 0 | H5: 0 | I5: 0 | J5: 0 | K5: 0 | L5: 0 | M5: 0 | N5: 0 | O5: 0 | P5: 0 | Q5: 0 | R5: 0 | S5: 0 | T5: 0 | U5: 0 | V5: 0 | W5: 0 | X5: 0 | Y5: 0 | Z5: 0 | AA5: 0 | AB5: 0 | AC5: 0 | AD5: 0 | AE5: 0 | AF5: 0 | AG5: 0 | AH5: 0 | AI5: 0 | AJ5: 0 | AK5: 0 | AL5: 0 | AM5: 0 | AN5: 0 | AO5: 0 | AP5: 0 | AQ5: 0 | AR5: 0 | AS5: 0 | AT5: 0 | AU5: 0 | AV5: 0 | AW5: 0 | AX5: 0 | AY5: 0 | AZ5: 0 | BA5: 0 | BB5: 0 | BC5: 0 | BD5: 0 | BE5: 0 | BF5: 0 | BG5: 0 | BH5: 0 | BI5: 0 | BJ5: 0 | BK5: 0 | BL5: 0 | BM5: 0 | BN5: 0 | BO5: 0 | BP5: 0 | BQ5: 0 | BR5: 0 | BS5: 0 | BT5: 0 | BU5: 0 | BV5: 0 | BW5: 0 | BX5: 0 | BY5: 0 | BZ5: 0 | CA5: 0 | CB5: 0 | CC5: 0 | CD5: 0 | CE5: 0 | CF5: 0 | CG5: 0 | CH5: 0 | CI5: 0 | CJ5: 0 | CK5: 0 | CL5: 0 | CM5: 0 | CN5: 0 | CO5: 0 | CP5: 0 | CQ5: 0 | CR5: 0 | CS5: 0 | CT5: 0 | CU5: 0 | CV5: 0 | CW5: 0 | CX5: 0 | CY5: 0 | CZ5: 0 | DA5: 0 | DB5: 0 | DC5: 0 | DD5: 0 | DE5: 0 | DF5: 0
A6: Aberdeen Performing Arts | B6: Leisure and Culture | C6: 0 | D6: 0 | E6: 0 | F6: 0 | G6: 0 | H6: 0 | I6: 0 | J6: 0 | K6: 0 | L6: 0 | M6: 0 | N6: 0 | O6: 0 | P6: 0 | Q6: 0 | R6: 0 | S6: 0 | T6: 0 | U6: 0 | V6: 0 | W6: 0 | X6: 0 | Y6: 0 | Z6: 0 | AA6: 0 | AB6: 0 | AC6: 0 | AD6: 0 | AE6: 0 | AF6: 0 | AG6: 0 | AH6: 0 | AI6: 0 | AJ6: 0 | AK6: 0 | AL6: 0 | AM6: 0 | AN6: 0 | AO6: 0 | AP6: 0 | AQ6: 0 | AR6: 0 | AS6: 0 | AT6: 0 | AU6: 0 | AV6: 0 | AW6: 0 | AX6: 0 | AY6: 0 | AZ6: 0 | BA6: 0 | BB6: 0 | BC6: 0 | BD6: 0 | BE6: 0 | BF6: 0 | BG6: 0 | BH6: 0 | BI6: 0 | BJ6: 0 | BK6: 0 | BL6: 0 | BM6: 0 | BN6: 0 | BO6: 0 | BP6: 0 | BQ6: 0 | BR6: 0 | BS6: 0 | BT6: 0 | BU6: 0 | BV6: 0 | BW6: 0 | BX6: 0 | BY6: 0 | BZ6: 0 | CA6: 0 | CB6: 0 | CC6: 0 | CD6: 0 | CE6: 0 | CF6: 0 | CG6: 0 | CH6: 0 | CI6: 0 | CJ6: 0 | CK6: 0 | CL6: 0 | CM6: 0 | CN6: 0 | CO6: 0 | CP6: 0 | CQ6: 0 | CR6: 0 | CS6: 0 | CT6: 0 | CU6: 0 | CV6: 0 | CW6: 0 | CX6: 0 | CY6: 0 | CZ6: 0 | DA6: 0 | DB6: 0 | DC6: 0 | DD6: 0 | DE6: 0 | DF6: 0
A7: Aberdeen Soroptimist Housing Society Ltd | B7: Registered Social Landlords | C7: 0 | D7: 0 | E7: 0 | F7: 0 | G7: 0 | H7: 0 | I7: 0 | J7: 0 | K7: 0 | L7: 0 | M7: 0 | N7: 0 | O7: 0 | P7: 0 | Q7: 0 | R7: 0 | S7: 0 | T7: 0 | U7: 0 | V7: 0 | W7: 0 | X7: 0 | Y7: 0 | Z7: 0 | AA7: 0 | AB7: 0 | AC7: 0 | AD7: 0 | AE7: 0 | AF7: 0 | AG7: 0 | AH7: 0 | AI7: 0 | AJ7: 0 | AK7: 0 | AL7: 0 | AM7: 0 | AN7: 0 | AO7: 0 | AP7: 0 | AQ7: 0 | AR7: 0 | AS7: 0 | AT7: 0 | AU7: 0 | AV7: 0 | AW7: 0 | AX7: 0 | AY7: 0 | AZ7: 0 | BA7: 0 | BB7: 0 | BC7: 0 | BD7: 0 | BE7: 0 | BF7: 0 | BG7: 0 | BH7: 0 | BI7: 0 | BJ7: 0 | BK7: 0 | BL7: 0 | BM7: 0 | BN7: 0 | BO7: 0 | BP7: 0 | BQ7: 0 | BR7: 0 | BS7: 0 | BT7: 0 | BU7: 0 | BV7: 0 | BW7: 0 | BX7: 0 | BY7: 0 | BZ7: 0 | CA7: 0 | CB7: 0 | CC7: 0 | CD7: 0 | CE7: 0 | CF7: 0 | CG7: 0 | CH7: 0 | CI7: 0 | CJ7: 0 | CK7: 0 | CL7: 0 | CM7: 0 | CN7: 0 | CO7: 0 | CP7: 0 | CQ7: 0 | CR7: 0 | CS7: 0 | CT7: 0 | CU7: 0 | CV7: 0 | CW7: 0 | CX7: 0 | CY7: 0 | CZ7: 0 | DA7: 0 | DB7: 0 | DC7: 0 | DD7: 0 | DE7: 0 | DF7: 0
A8: Aberdeenshire Council and Licensing Board | B8: Local Government | C8: 336 | D8: 10 | E8: 0 | F8: 0 | G8: 0 | H8: 306 | I8: 22 | J8: 2 | K8: 4 | L8: 0 | M8: 2 | N8: 252 | O8: 9 | P8: 8 | Q8: 43 | R8: 0 | S8: 19 | T8: 0 | U8: 0 | V8: 6 | W8: 2 | X8: 17 | Y8: 1 | Z8: 0 | AA8: 0 | AB8: 0 | AC8: 0 | AD8: 16 | AE8: 0 | AF8: 1 | AG8: 1 | AH8: 0 | AI8: 34 | AJ8: 4 | AK8: 4 | AL8: 0 | AM8: 0 | AN8: 4 | AO8: 0 | AP8: 0 | AQ8: 2 | AR8: 2 | AS8: 0 | AT8: 0 | AU8: 2 | AV8: 0 | AW8: 2 | AX8: 0 | AY8: 0 | AZ8: 0 | BA8: 0 | BB8: 0 | BC8: 0 | BD8: 0 | BE8: 0 | BF8: 0 | BG8: 0 | BH8: 0 | BI8: 0 | BJ8: 0 | BK8: 0 | BL8: 0 | BM8: 0 | BN8: 0 | BO8: 0 | BP8: 0 | BQ8: 0 | BR8: 2 | BS8: 0 | BT8: 0 | BU8: 0 | BV8: 0 | BW8: 0 | BX8: 0 | BY8: 1 | BZ8: 0 | CA8: 0 | CB8: 0 | CC8: 0 | CD8: 0 | CE8: 0 | CF8: 0 | CG8: 0 | CH8: 0 | CI8: 0 | CJ8: 0 | CK8: 0 | CL8: 0 | CM8: 7 | CN8: 0 | CO8: 0 | CP8: 0 | CQ8: 0 | CR8: 0 | CS8: 0 | CT8: 0 | CU8: 0 | CV8: 0 | CW8: 0 | CX8: 0 | CY8: 0 | CZ8: 0 | DA8: 0 | DB8: 0 | DC8: 0 | DD8: 0 | DE8: 0 | DF8: 0
A9: Aberdeenshire Integration Joint Board | B9: Health and Social Care | C9: 0 | D9: 0 | E9: 0 | F9: 0 | G9: 0 | H9: 0 | I9: 0 | J9: 0 | K9: 0 | L9: 0 | M9: 0 | N9: 0 | O9: 0 | P9: 0 | Q9: 0 | R9: 0 | S9: 0 | T9: 0 | U9: 0 | V9: 0 | W9: 0 | X9: 0 | Y9: 0 | Z9: 0 | AA9: 0 | AB9: 0 | AC9: 0 | AD9: 0 | AE9: 0 | AF9: 0 | AG9: 0 | AH9: 0 | AI9: 0 | AJ9: 0 | AK9: 0 | AL9: 0 | AM9: 0 | AN9: 0 | AO9: 0 | AP9: 0 | AQ9: 0 | AR9: 0 | AS9: 0 | AT9: 0 | AU9: 0 | AV9: 0 | AW9: 0 | AX9: 0 | AY9: 0 | AZ9: 0 | BA9: 0 | BB9: 0 | BC9: 0 | BD9: 0 | BE9: 0 | BF9: 0 | BG9: 0 | BH9: 0 | BI9: 0 | BJ9: 0 | BK9: 0 | BL9: 0 | BM9: 0 | BN9: 0 | BO9: 0 | BP9: 0 | BQ9: 0 | BR9: 0 | BS9: 0 | BT9: 0 | BU9: 0 | BV9: 0 | BW9: 0 | BX9: 0 | BY9: 0 | BZ9: 0 | CA9: 0 | CB9: 0 | CC9: 0 | CD9: 0 | CE9: 0 | CF9: 0 | CG9: 0 | CH9: 0 | CI9: 0 | CJ9: 0 | CK9: 0 | CL9: 0 | CM9: 0 | CN9: 0 | CO9: 0 | CP9: 0 | CQ9: 0 | CR9: 0 | CS9: 0 | CT9: 0 | CU9: 0 | CV9: 0 | CW9: 0 | CX9: 0 | CY9: 0 | CZ9: 0 | DA9: 0 | DB9: 0 | DC9: 0 | DD9: 0 | DE9: 0 | DF9: 0
A10: Abertay Housing Association Ltd | B10: Registered Social Landlords | C10: 0 | D10: 0 | E10: 0 | F10: 0 | G10: 0 | H10: 0 | I10: 0 | J10: 0 | K10: 0 | L10: 0 | M10: 0 | N10: 0 | O10: 0 | P10: 0 | Q10: 0 | R10: 0 | S10: 0 | T10: 0 | U10: 0 | V10: 0 | W10: 0 | X10: 0 | Y10: 0 | Z10: 0 | AA10: 0 | AB10: 0 | AC10: 0 | AD10: 0 | AE10: 0 | AF10: 0 | AG10: 0 | AH10: 0 | AI10: 1 | AJ10: 0 | AK10: 0 | AL10: 0 | AM10: 0 | AN10: 0 | AO10: 0 | AP10: 0 | AQ10: 0 | AR10: 0 | AS10: 0 | AT10: 0 | AU10: 0 | AV10: 0 | AW10: 0 | AX10: 0 | AY10: 0 | AZ10: 0 | BA10: 0 | BB10: 0 | BC10: 0 | BD10: 0 | BE10: 0 | BF10: 0 | BG10: 0 | BH10: 0 | BI10: 0 | BJ10: 0 | BK10: 0 | BL10: 0 | BM10: 0 | BN10: 0 | BO10: 0 | BP10: 0 | BQ10: 0 | BR10: 0 | BS10: 0 | BT10: 0 | BU10: 0 | BV10: 0 | BW10: 0 | BX10: 0 | BY10: 0 | BZ10: 0 | CA10: 0 | CB10: 0 | CC10: 0 | CD10: 0 | CE10: 0 | CF10: 0 | CG10: 0 | CH10: 0 | CI10: 0 | CJ10: 0 | CK10: 0 | CL10: 0 | CM10: 0 | CN10: 0 | CO10: 0 | CP10: 0 | CQ10: 0 | CR10: 0 | CS10: 0 | CT10: 0 | CU10: 0 | CV10: 0 | CW10: 0 | CX10: 0 | CY10: 0 | CZ10: 0 | DA10: 0 | DB10: 0 | DC10: 0 | DD10: 0 | DE10: 0 | DF10: 0
A11: Abronhill Housing Association Ltd | B11: Registered Social Landlords | C11: 0 | D11: 0 | E11: 0 | F11: 0 | G11: 0 | H11: 0 | I11: 0 | J11: 0 | K11: 0 | L11: 0 | M11: 0 | N11: 0 | O11: 0 | P11: 0 | Q11: 0 | R11: 0 | S11: 0 | T11: 0 | U11: 0 | V11: 0 | W11: 0 | X11: 0 | Y11: 0 | Z11: 0 | AA11: 0 | AB11: 0 | AC11: 0 | AD11: 0 | AE11: 0 | AF11: 0 | AG11: 0 | AH11: 0 | AI11: 0 | AJ11: 0 | AK11: 0 | AL11: 0 | AM11: 0 | AN11: 0 | AO11: 0 | AP11: 0 | AQ11: 0 | AR11: 0 | AS11: 0 | AT11: 0 | AU11: 0 | AV11: 0 | AW11: 0 | AX11: 0 | AY11: 0 | AZ11: 0 | BA11: 0 | BB11: 0 | BC11: 0 | BD11: 0 | BE11: 0 | BF11: 0 | BG11: 0 | BH11: 0 | BI11: 0 | BJ11: 0 | BK11: 0 | BL11: 0 | BM11: 0 | BN11: 0 | BO11: 0 | BP11: 0 | BQ11: 0 | BR11: 0 | BS11: 0 | BT11: 0 | BU11: 0 | BV11: 0 | BW11: 0 | BX11: 0 | BY11: 0 | BZ11: 0 | CA11: 0 | CB11: 0 | CC11: 0 | CD11: 0 | CE11: 0 | CF11: 0 | CG11: 0 | CH11: 0 | CI11: 0 | CJ11: 0 | CK11: 0 | CL11: 0 | CM11: 0 | CN11: 0 | CO11: 0 | CP11: 0 | CQ11: 0 | CR11: 0 | CS11: 0 | CT11: 0 | CU11: 0 | CV11: 0 | CW11: 0 | CX11: 0 | CY11: 0 | CZ11: 0 | DA11: 0 | DB11: 0 | DC11: 0 | DD11: 0 | DE11: 0 | DF11: 0
A12: Accounts Commission for Scotland | B12: Other | C12: 1 | D12: 0 | E12: 0 | F12: 0 | G12: 0 | H12: 1 | I12: 0 | J12: 0 | K12: 0 | L12: 0 | M12: 0 | N12: 1 | O12: 0 | P12: 0 | Q12: 0 | R12: 0 | S12: 0 | T12: 0 | U12: 0 | V12: 0 | W12: 0 | X12: 0 | Y12: 0 | Z12: 0 | AA12: 0 | AB12: 0 | AC12: 0 | AD12: 0 | AE12: 0 | AF12: 0 | AG12: 0 | AH12: 0 | AI12: 0 | AJ12: 0 | AK12: 0 | AL12: 0 | AM12: 0 | AN12: 0 | AO12: 0 | AP12: 0 | AQ12: 0 | AR12: 0 | AS12: 0 | AT12: 0 | AU12: 0 | AV12: 0 | AW12: 0 | AX12: 0 | AY12: 0 | AZ12: 0 | BA12: 0 | BB12: 0 | BC12: 0 | BD12: 0 | BE12: 0 | BF12: 0 | BG12: 0 | BH12: 0 | BI12: 0 | BJ12: 0 | BK12: 0 | BL12: 0 | BM12: 0 | BN12: 0 | BO12: 0 | BP12: 0 | BQ12: 0 | BR12: 0 | BS12: 0 | BT12: 0 | BU12: 0 | BV12: 0 | BW12: 0 | BX12: 0 | BY12: 0 | BZ12: 0 | CA12: 0 | CB12: 0 | CC12: 0 | CD12: 0 | CE12: 0 | CF12: 0 | CG12: 0 | CH12: 0 | CI12: 0 | CJ12: 0 | CK12: 0 | CL12: 0 | CM12: 0 | CN12: 0 | CO12: 0 | CP12: 0 | CQ12: 0 | CR12: 0 | CS12: 0 | CT12: 0 | CU12: 0 | CV12: 0 | CW12: 0 | CX12: 0 | CY12: 0 | CZ12: 0 | DA12: 0 | DB12: 0 | DC12: 0 | DD12: 0 | DE12: 0 | DF12: 0
A13: Active Stirling | B13: Leisure and Culture | C13: 0 | D13: 0 | E13: 0 | F13: 0 | G13: 0 | H13: 0 | I13: 0 | J13: 0 | K13: 0 | L13: 0 | M13: 0 | N13: 0 | O13: 0 | P13: 0 | Q13: 0 | R13: 0 | S13: 0 | T13: 0 | U13: 0 | V13: 0 | W13: 0 | X13: 0 | Y13: 0 | Z13: 0 | AA13: 0 | AB13: 0 | AC13: 0 | AD13: 0 | AE13: 0 | AF13: 0 | AG13: 0 | AH13: 0 | AI13: 0 | AJ13: 0 | AK13: 0 | AL13: 0 | AM13: 0 | AN13: 0 | AO13: 0 | AP13: 0 | AQ13: 0 | AR13: 0 | AS13: 0 | AT13: 0 | AU13: 0 | AV13: 0 | AW13: 0 | AX13: 0 | AY13: 0 | AZ13: 0 | BA13: 0 | BB13: 0 | BC13: 0 | BD13: 0 | BE13: 0 | BF13: 0 | BG13: 0 | BH13: 0 | BI13: 0 | BJ13: 0 | BK13: 0 | BL13: 0 | BM13: 0 | BN13: 0 | BO13: 0 | BP13: 0 | BQ13: 0 | BR13: 0 | BS13: 0 | BT13: 0 | BU13: 0 | BV13: 0 | BW13: 0 | BX13: 0 | BY13: 0 | BZ13: 0 | CA13: 0 | CB13: 0 | CC13: 0 | CD13: 0 | CE13: 0 | CF13: 0 | CG13: 0 | CH13: 0 | CI13: 0 | CJ13: 0 | CK13: 0 | CL13: 0 | CM13: 0 | CN13: 0 | CO13: 0 | CP13: 0 | CQ13: 0 | CR13: 0 | CS13: 0 | CT13: 0 | CU13: 0 | CV13: 0 | CW13: 0 | CX13: 0 | CY13: 0 | CZ13: 0 | DA13: 0 | DB13: 0 | DC13: 0 | DD13: 0 | DE13: 0 | DF13: 0
... A130: Dunedin School | B130: Other | C130: 0 | D130: 0 | E130: 0 | F130: 0 | G130: 0 | H130: 0 | I130: 0 | J130: 0 | K130: 0 | L130: 0 | M130: 0 | N130: 0 | O130: 0 | P130: 0 | Q130: 0 | R130: 0 | S130: 0 | T130: 0 | U130: 0 | V130: 0 | W130: 0 | X130: 0 | Y130: 0 | Z130: 0 | AA130: 0 | AB130: 0 | AC130: 0 | AD130: 0 | AE130: 0 | AF130: 0 | AG130: 0 | AH130: 0 | AI130: 0 | AJ130: 0 | AK130: 0 | AL130: 0 | AM130: 0 | AN130: 0 | AO130: 0 | AP130: 0 | AQ130: 0 | AR130: 0 | AS130: 0 | AT130: 0 | AU130: 0 | AV130: 0 | AW130: 0 | AX130: 0 | AY130: 0 | AZ130: 0 | BA130: 0 | BB130: 0 | BC130: 0 | BD130: 0 | BE130: 0 | BF130: 0 | BG130: 0 | BH130: 0 | BI130: 0 | BJ130: 0 | BK130: 0 | BL130: 0 | BM130: 0 | BN130: 0 | BO130: 0 | BP130: 0 | BQ130: 0 | BR130: 0 | BS130: 0 | BT130: 0 | BU130: 0 | BV130: 0 | BW130: 0 | BX130: 0 | BY130: 0 | BZ130: 0 | CA130: 0 | CB130: 0 | CC130: 0 | CD130: 0 | CE130: 0 | CF130: 0 | CG130: 0 | CH130: 0 | CI130: 0 | CJ130: 0 | CK130: 0 | CL130: 0 | CM130: 0 | CN130: 0 | CO130: 0 | CP130: 0 | CQ130: 0 | CR130: 0 | CS130: 0 | CT130: 0 | CU130: 0 | CV130: 0 | CW130: 0 | CX130: 0 | CY130: 0 | CZ130: 0 | DA130: 0 | DB130: 0 | DC130: 0 | DD130: 0 | DE130: 0 | DF130: 0
A131: East Ayrshire Council | B131: Local Government | C131: 212 | D131: 1 | E131: 17 | F131: 1 | G131: o | H131: 160 | I131: 33 | J131: 0 | K131: 4 | L131: 0 | M131: 1 | N131: 160 | O131: 5 | P131: 18 | Q131: 10 | R131: 0 | S131: 24 | T131: 0 | U131: 0 | V131: 0 | W131: 0 | X131: 23 | Y131: 1 | Z131: 0 | AA131: 0 | AB131: 0 | AC131: 0 | AD131: 24 | AE131: 0 | AF131: 0 | AG131: 0 | AH131: 0 | AI131: 18 | AJ131: 4 | AK131: 4 | AL131: 0 | AM131: 0 | AN131: 3 | AO131: 1 | AP131: 0 | AQ131: 0 | AR131: 0 | AS131: 0 | AT131: 0 | AU131: 0 | AV131: 0 | AW131: 0 | AX131: 0 | AY131: 0 | AZ131: 0 | BA131: 0 | BB131: 0 | BC131: 0 | BD131: 0 | BE131: 0 | BF131: 0 | BG131: 0 | BH131: 0 | BI131: 0 | BJ131: 0 | BK131: 0 | BL131: 0 | BM131: 0 | BN131: 0 | BO131: 0 | BP131: 0 | BQ131: 0 | BR131: 0 | BS131: 0 | BT131: 0 | BU131: 0 | BV131: 0 | BW131: 0 | BX131: 0 | BY131: 0 | BZ131: 0 | CA131: 0 | CB131: 0 | CC131: 0 | CD131: 0 | CE131: 0 | CF131: 0 | CG131: 0 | CH131: 0 | CI131: 0 | CJ131: 0 | CK131: 0 | CL131: 0 | CM131: 2 | CN131: 0 | CO131: 0 | CP131: 0 | CQ131: 0 | CR131: 0 | CS131: 0 | CT131: 0 | CU131: 0 | CV131: 0 | CW131: 0 | CX131: 0 | CY131: 0 | CZ131: 0 | DA131: 0 | DB131: 0 | DC131: 0 | DD131: 0 | DE131: 0 | DF131: 0
A132: East Ayrshire Integration Joint Board | B132: Health and Social Care | C132: 0 | D132: 0 | E132: 0 | F132: 0 | G132: 0 | H132: 0 | I132: 0 | J132: 0 | K132: 0 | L132: 0 | M132: 0 | N132: 0 | O132: 0 | P132: 0 | Q132: 0 | R132: 0 | S132: 0 | T132: 0 | U132: 0 | V132: 0 | W132: 0 | X132: 0 | Y132: 0 | Z132: 0 | AA132: 0 | AB132: 0 | AC132: 0 | AD132: 0 | AE132: 0 | AF132: 0 | AG132: 0 | AH132: 0 | AI132: 0 | AJ132: 0 | AK132: 0 | AL132: 0 | AM132: 0 | AN132: 0 | AO132: 0 | AP132: 0 | AQ132: 0 | AR132: 0 | AS132: 0 | AT132: 0 | AU132: 0 | AV132: 0 | AW132: 0 | AX132: 0 | AY132: 0 | AZ132: 0 | BA132: 0 | BB132: 0 | BC132: 0 | BD132: 0 | BE132: 0 | BF132: 0 | BG132: 0 | BH132: 0 | BI132: 0 | BJ132: 0 | BK132: 0 | BL132: 0 | BM132: 0 | BN132: 0 | BO132: 0 | BP132: 0 | BQ132: 0 | BR132: 0 | BS132: 0 | BT132: 0 | BU132: 0 | BV132: 0 | BW132: 0 | BX132: 0 | BY132: 0 | BZ132: 0 | CA132: 0 | CB132: 0 | CC132: 0 | CD132: 0 | CE132: 0 | CF132: 0 | CG132: 0 | CH132: 0 | CI132: 0 | CJ132: 0 | CK132: 0 | CL132: 0 | CM132: 0 | CN132: 0 | CO132: 0 | CP132: 0 | CQ132: 0 | CR132: 0 | CS132: 0 | CT132: 0 | CU132: 0 | CV132: 0 | CW132: 0 | CX132: 0 | CY132: 0 | CZ132: 0 | DA132: 0 | DB132: 0 | DC132: 0 | DD132: 0 | DE132: 0 | DF132: 0
A133: East Ayrshire Leisure Trust | B133: Leisure and Culture | C133: 2 | D133: 0 | E133: 0 | F133: 0 | G133: 0 | H133: 1 | I133: 0 | J133: 0 | K133: 0 | L133: 0 | M133: 0 | N133: 0 | O133: 0 | P133: 1 | Q133: 0 | R133: 0 | S133: 0 | T133: 0 | U133: 0 | V133: 0 | W133: 0 | X133: 0 | Y133: 0 | Z133: 0 | AA133: 0 | AB133: 0 | AC133: 0 | AD133: 0 | AE133: 0 | AF133: 0 | AG133: 0 | AH133: 0 | AI133: 0 | AJ133: 0 | AK133: 0 | AL133: 0 | AM133: 0 | AN133: 0 | AO133: 0 | AP133: 0 | AQ133: 0 | AR133: 0 | AS133: 0 | AT133: 0 | AU133: 0 | AV133: 0 | AW133: 0 | AX133: 0 | AY133: 0 | AZ133: 0 | BA133: 0 | BB133: 0 | BC133: 0 | BD133: 0 | BE133: 0 | BF133: 0 | BG133: 0 | BH133: 0 | BI133: 0 | BJ133: 0 | BK133: 0 | BL133: 0 | BM133: 0 | BN133: 0 | BO133: 0 | BP133: 0 | BQ133: 0 | BR133: 0 | BS133: 0 | BT133: 0 | BU133: 0 | BV133: 0 | BW133: 0 | BX133: 0 | BY133: 0 | BZ133: 0 | CA133: 0 | CB133: 0 | CC133: 0 | CD133: 0 | CE133: 0 | CF133: 0 | CG133: 0 | CH133: 0 | CI133: 0 | CJ133: 0 | CK133: 0 | CL133: 0 | CM133: 0 | CN133: 0 | CO133: 0 | CP133: 0 | CQ133: 0 | CR133: 0 | CS133: 0 | CT133: 0 | CU133: 0 | CV133: 0 | CW133: 0 | CX133: 0 | CY133: 0 | CZ133: 0 | DA133: 0 | DB133: 0 | DC133: 0 | DD133: 0 | DE133: 0 | DF133: 0
A134: East Ayrshire Licensing Board | B134: Local Government | C134: 0 | D134: 0 | E134: 0 | F134: 0 | G134: 0 | H134: 0 | I134: 0 | J134: 0 | K134: 0 | L134: 0 | M134: 0 | N134: 0 | O134: 0 | P134: 0 | Q134: 0 | R134: 0 | S134: 0 | T134: 0 | U134: 0 | V134: 0 | W134: 0 | X134: 0 | Y134: 0 | Z134: 0 | AA134: 0 | AB134: 0 | AC134: 0 | AD134: 0 | AE134: 0 | AF134: 0 | AG134: 0 | AH134: 0 | AI134: 0 | AJ134: 0 | AK134: 0 | AL134: 0 | AM134: 0 | AN134: 0 | AO134: 0 | AP134: 0 | AQ134: 0 | AR134: 0 | AS134: 0 | AT134: 0 | AU134: 0 | AV134: 0 | AW134: 0 | AX134: 0 | AY134: 0 | AZ134: 0 | BA134: 0 | BB134: 0 | BC134: 0 | BD134: 0 | BE134: 0 | BF134: 0 | BG134: 0 | BH134: 0 | BI134: 0 | BJ134: 0 | BK134: 0 | BL134: 0 | BM134: 0 | BN134: 0 | BO134: 0 | BP134: 0 | BQ134: 0 | BR134: 0 | BS134: 0 | BT134: 0 | BU134: 0 | BV134: 0 | BW134: 0 | BX134: 0 | BY134: 0 | BZ134: 0 | CA134: 0 | CB134: 0 | CC134: 0 | CD134: 0 | CE134: 0 | CF134: 0 | CG134: 0 | CH134: 0 | CI134: 0 | CJ134: 0 | CK134: 0 | CL134: 0 | CM134: 0 | CN134: 0 | CO134: 0 | CP134: 0 | CQ134: 0 | CR134: 0 | CS134: 0 | CT134: 0 | CU134: 0 | CV134: 0 | CW134: 0 | CX134: 0 | CY134: 0 | CZ134: 0 | DA134: 0 | DB134: 0 | DC134: 0 | DD134: 0 | DE134: 0 | DF134: 0
A135: East Dunbartonshire Council and Licensing Board | B135: Local Government | C135: 279 | D135: 4 | E135: 0 | F135: 0 | G135: 0 | H135: 256 | I135: 9 | J135: 14 | K135: 3 | L135: 0 | M135: 0 | N135: 192 | O135: 6 | P135: 40 | Q135: 19 | R135: 0 | S135: 20 | T135: 0 | U135: 0 | V135: 0 | W135: 0 | X135: 20 | Y135: 0 | Z135: 0 | AA135: 0 | AB135: 0 | AC135: 0 | AD135: 13 | AE135: 3 | AF135: 3 | AG135: 1 | AH135: 0 | AI135: 9 | AJ135: 2 | AK135: 2 | AL135: 0 | AM135: 0 | AN135: 0 | AO135: 1 | AP135: 1 | AQ135: 0 | AR135: 0 | AS135: 0 | AT135: 0 | AU135: 0 | AV135: 0 | AW135: 7 | AX135: 0 | AY135: 1 | AZ135: 0 | BA135: 0 | BB135: 2 | BC135: 0 | BD135: 0 | BE135: 0 | BF135: 0 | BG135: 0 | BH135: 0 | BI135: 0 | BJ135: 1 | BK135: 1 | BL135: 0 | BM135: 0 | BN135: 0 | BO135: 0 | BP135: 0 | BQ135: 0 | BR135: 0 | BS135: 0 | BT135: 0 | BU135: 0 | BV135: 0 | BW135: 0 | BX135: 0 | BY135: 0 | BZ135: 0 | CA135: 0 | CB135: 0 | CC135: 0 | CD135: 0 | CE135: 0 | CF135: 0 | CG135: 0 | CH135: 2 | CI135: 0 | CJ135: 0 | CK135: 0 | CL135: 13 | CM135: 0 | CN135: 0 | CO135: 0 | CP135: 0 | CQ135: 0 | CR135: 0 | CS135: 0 | CT135: 0 | CU135: 0 | CV135: 0 | CW135: 0 | CX135: 0 | CY135: 0 | CZ135: 0 | DA135: 0 | DB135: 0 | DC135: 0 | DD135: 3 | DE135: 0 | DF135: 0
A136: East Dunbartonshire Integration Joint Board | B136: Health and Social Care | C136: 2 | D136: 0 | E136: 0 | F136: 0 | G136: 0 | H136: 2 | I136: 0 | J136: 0 | K136: 0 | L136: 0 | M136: 0 | N136: 0 | O136: 0 | P136: 0 | Q136: 2 | R136: 0 | S136: 0 | T136: 0 | U136: 0 | V136: 0 | W136: 0 | X136: 0 | Y136: 0 | Z136: 0 | AA136: 0 | AB136: 0 | AC136: 0 | AD136: 0 | AE136: 0 | AF136: 0 | AG136: 0 | AH136: 0 | AI136: 0 | AJ136: 0 | AK136: 0 | AL136: 0 | AM136: 0 | AN136: 0 | AO136: 0 | AP136: 0 | AQ136: 0 | AR136: 0 | AS136: 0 | AT136: 0 | AU136: 0 | AV136: 0 | AW136: 0 | AX136: 0 | AY136: 0 | AZ136: 0 | BA136: 0 | BB136: 0 | BC136: 0 | BD136: 0 | BE136: 0 | BF136: 0 | BG136: 0 | BH136: 0 | BI136: 0 | BJ136: 0 | BK136: 0 | BL136: 0 | BM136: 0 | BN136: 0 | BO136: 0 | BP136: 0 | BQ136: 0 | BR136: 0 | BS136: 0 | BT136: 0 | BU136: 0 | BV136: 0 | BW136: 0 | BX136: 0 | BY136: 0 | BZ136: 0 | CA136: 0 | CB136: 0 | CC136: 0 | CD136: 0 | CE136: 0 | CF136: 0 | CG136: 0 | CH136: 0 | CI136: 0 | CJ136: 0 | CK136: 0 | CL136: 0 | CM136: 0 | CN136: 0 | CO136: 0 | CP136: 0 | CQ136: 0 | CR136: 0 | CS136: 0 | CT136: 0 | CU136: 0 | CV136: 0 | CW136: 0 | CX136: 0 | CY136: 0 | CZ136: 0 | DA136: 0 | DB136: 0 | DC136: 0 | DD136: 0 | DE136: 0 | DF136: 0
A137: East Dunbartonshire Leisure and Culture Trust | B137: Leisure and Culture | C137: 5 | D137: 0 | E137: 0 | F137: 0 | G137: 0 | H137: 4 | I137: 1 | J137: 0 | K137: 0 | L137: 0 | M137: 0 | N137: 5 | O137: 0 | P137: 0 | Q137: 0 | R137: 0 | S137: 0 | T137: 0 | U137: 0 | V137: 0 | W137: 0 | X137: 0 | Y137: 0 | Z137: 0 | AA137: 0 | AB137: 0 | AC137: 0 | AD137: 0 | AE137: 0 | AF137: 0 | AG137: 0 | AH137: 0 | AI137: 0 | AJ137: 1 | AK137: 1 | AL137: 0 | AM137: 0 | AN137: 0 | AO137: 1 | AP137: 0 | AQ137: 0 | AR137: 0 | AS137: 0 | AT137: 0 | AU137: 0 | AV137: 0 | AW137: 0 | AX137: 0 | AY137: 0 | AZ137: 0 | BA137: 0 | BB137: 0 | BC137: 0 | BD137: 0 | BE137: 0 | BF137: 0 | BG137: 0 | BH137: 0 | BI137: 0 | BJ137: 0 | BK137: 0 | BL137: 0 | BM137: 0 | BN137: 0 | BO137: 0 | BP137: 0 | BQ137: 0 | BR137: 0 | BS137: 0 | BT137: 0 | BU137: 0 | BV137: 0 | BW137: 0 | BX137: 0 | BY137: 0 | BZ137: 0 | CA137: 0 | CB137: 0 | CC137: 0 | CD137: 0 | CE137: 0 | CF137: 0 | CG137: 0 | CH137: 0 | CI137: 0 | CJ137: 0 | CK137: 0 | CL137: 0 | CM137: 0 | CN137: 0 | CO137: 0 | CP137: 0 | CQ137: 0 | CR137: 0 | CS137: 0 | CT137: 0 | CU137: 0 | CV137: 0 | CW137: 0 | CX137: 0 | CY137: 0 | CZ137: 0 | DA137: 0 | DB137: 0 | DC137: 0 | DD137: 0 | DE137: 0 | DF137: 0
A138: East Kilbride and District Housing Association Ltd | B138: Registered Social Landlords | C138: 0 | D138: 0 | E138: 0 | F138: 0 | G138: 0 | H138: 0 | I138: 0 | J138: 0 | K138: 0 | L138: 0 | M138: 0 | N138: 0 | O138: 0 | P138: 0 | Q138: 0 | R138: 0 | S138: 0 | T138: 0 | U138: 0 | V138: 0 | W138: 0 | X138: 0 | Y138: 0 | Z138: 0 | AA138: 0 | AB138: 0 | AC138: 0 | AD138: 0 | AE138: 0 | AF138: 0 | AG138: 0 | AH138: 0 | AI138: 1 | AJ138: 0 | AK138: 0 | AL138: 0 | AM138: 0 | AN138: 0 | AO138: 0 | AP138: 0 | AQ138: 0 | AR138: 0 | AS138: 0 | AT138: 0 | AU138: 0 | AV138: 0 | AW138: 0 | AX138: 0 | AY138: 0 | AZ138: 0 | BA138: 0 | BB138: 0 | BC138: 0 | BD138: 0 | BE138: 0 | BF138: 0 | BG138: 0 | BH138: 0 | BI138: 0 | BJ138: 0 | BK138: 0 | BL138: 0 | BM138: 0 | BN138: 0 | BO138: 0 | BP138: 0 | BQ138: 0 | BR138: 0 | BS138: 0 | BT138: 0 | BU138: 0 | BV138: 0 | BW138: 0 | BX138: 0 | BY138: 0 | BZ138: 0 | CA138: 0 | CB138: 0 | CC138: 0 | CD138: 0 | CE138: 0 | CF138: 0 | CG138: 0 | CH138: 0 | CI138: 0 | CJ138: 0 | CK138: 0 | CL138: 0 | CM138: 0 | CN138: 0 | CO138: 0 | CP138: 0 | CQ138: 0 | CR138: 0 | CS138: 0 | CT138: 0 | CU138: 0 | CV138: 0 | CW138: 0 | CX138: 0 | CY138: 0 | CZ138: 0 | DA138: 0 | DB138: 0 | DC138: 0 | DD138: 0 | DE138: 0 | DF138: 0
A139: East Lothian Council | B139: Local Government | C139: 227 | D139: 0 | E139: 1 | F139: 2 | G139: 0 | H139: 252 | I139: 3 | J139: 0 | K139: 0 | L139: 0 | M139: 0 | N139: 144 | O139: 3 | P139: 75 | Q139: 22 | R139: 0 | S139: 76 | T139: 0 | U139: 1 | V139: 47 | W139: 7 | X139: 52 | Y139: 0 | Z139: 0 | AA139: 0 | AB139: 0 | AC139: 0 | AD139: 18 | AE139: 11 | AF139: 8 | AG139: 10 | AH139: 0 | AI139: 22 | AJ139: 5 | AK139: 2 | AL139: 1 | AM139: 0 | AN139: 2 | AO139: 1 | AP139: 0 | AQ139: 6 | AR139: 6 | AS139: 1 | AT139: 0 | AU139: 5 | AV139: 2 | AW139: 15 | AX139: 0 | AY139: 0 | AZ139: 0 | BA139: 0 | BB139: 0 | BC139: 0 | BD139: 0 | BE139: 0 | BF139: 0 | BG139: 0 | BH139: 0 | BI139: 0 | BJ139: 0 | BK139: 0 | BL139: 0 | BM139: 0 | BN139: 0 | BO139: 0 | BP139: 0 | BQ139: 0 | BR139: 2 | BS139: 0 | BT139: 0 | BU139: 0 | BV139: 0 | BW139: 0 | BX139: 0 | BY139: 0 | BZ139: 0 | CA139: 0 | CB139: 0 | CC139: 0 | CD139: 0 | CE139: 0 | CF139: 0 | CG139: 0 | CH139: 0 | CI139: 0 | CJ139: 0 | CK139: 0 | CL139: 4 | CM139: 8 | CN139: 0 | CO139: 0 | CP139: 0 | CQ139: 0 | CR139: 0 | CS139: 0 | CT139: 0 | CU139: 0 | CV139: 0 | CW139: 0 | CX139: 0 | CY139: 0 | CZ139: 0 | DA139: 0 | DB139: 0 | DC139: 0 | DD139: 0 | DE139: 8 | DF139: 0
A140: East Lothian Housing Association Ltd | B140: Registered Social Landlords | C140: 1 | D140: 0 | E140: 0 | F140: 0 | G140: 0 | H140: 1 | I140: 0 | J140: 0 | K140: 0 | L140: 0 | M140: 0 | N140: 1 | O140: 0 | P140: 0 | Q140: 0 | R140: 0 | S140: 0 | T140: 0 | U140: 0 | V140: 0 | W140: 0 | X140: 0 | Y140: 0 | Z140: 0 | AA140: 0 | AB140: 0 | AC140: 0 | AD140: 0 | AE140: 0 | AF140: 0 | AG140: 0 | AH140: 0 | AI140: 0 | AJ140: 0 | AK140: 0 | AL140: 0 | AM140: 0 | AN140: 0 | AO140: 0 | AP140: 0 | AQ140: 0 | AR140: 0 | AS140: 0 | AT140: 0 | AU140: 0 | AV140: 0 | AW140: 0 | AX140: 0 | AY140: 0 | AZ140: 0 | BA140: 0 | BB140: 0 | BC140: 0 | BD140: 0 | BE140: 0 | BF140: 0 | BG140: 0 | BH140: 0 | BI140: 0 | BJ140: 0 | BK140: 0 | BL140: 0 | BM140: 0 | BN140: 0 | BO140: 0 | BP140: 0 | BQ140: 0 | BR140: 0 | BS140: 0 | BT140: 0 | BU140: 0 | BV140: 0 | BW140: 0 | BX140: 0 | BY140: 0 | BZ140: 0 | CA140: 0 | CB140: 0 | CC140: 0 | CD140: 0 | CE140: 0 | CF140: 0 | CG140: 0 | CH140: 0 | CI140: 0 | CJ140: 0 | CK140: 0 | CL140: 0 | CM140: 0 | CN140: 0 | CO140: 0 | CP140: 0 | CQ140: 0 | CR140: 0 | CS140: 0 | CT140: 0 | CU140: 0 | CV140: 0 | CW140: 0 | CX140: 0 | CY140: 0 | CZ140: 0 | DA140: 0 | DB140: 0 | DC140: 0 | DD140: 0 | DE140: 0 | DF140: 0
A141: East Lothian Integration Joint Board | B141: Health and Social Care | C141: 0 | D141: 0 | E141: 0 | F141: 0 | G141: 0 | H141: 0 | I141: 0 | J141: 0 | K141: 0 | L141: 0 | M141: 0 | N141: 0 | O141: 0 | P141: 0 | Q141: 0 | R141: 0 | S141: 0 | T141: 0 | U141: 0 | V141: 0 | W141: 0 | X141: 0 | Y141: 0 | Z141: 0 | AA141: 0 | AB141: 0 | AC141: 0 | AD141: 0 | AE141: 0 | AF141: 0 | AG141: 0 | AH141: 0 | AI141: 0 | AJ141: 0 | AK141: 0 | AL141: 0 | AM141: 0 | AN141: 0 | AO141: 0 | AP141: 0 | AQ141: 0 | AR141: 0 | AS141: 0 | AT141: 0 | AU141: 0 | AV141: 0 | AW141: 0 | AX141: 0 | AY141: 0 | AZ141: 0 | BA141: 0 | BB141: 0 | BC141: 0 | BD141: 0 | BE141: 0 | BF141: 0 | BG141: 0 | BH141: 0 | BI141: 0 | BJ141: 0 | BK141: 0 | BL141: 0 | BM141: 0 | BN141: 0 | BO141: 0 | BP141: 0 | BQ141: 0 | BR141: 0 | BS141: 0 | BT141: 0 | BU141: 0 | BV141: 0 | BW141: 0 | BX141: 0 | BY141: 0 | BZ141: 0 | CA141: 0 | CB141: 0 | CC141: 0 | CD141: 0 | CE141: 0 | CF141: 0 | CG141: 0 | CH141: 0 | CI141: 0 | CJ141: 0 | CK141: 0 | CL141: 0 | CM141: 0 | CN141: 0 | CO141: 0 | CP141: 0 | CQ141: 0 | CR141: 0 | CS141: 0 | CT141: 0 | CU141: 0 | CV141: 0 | CW141: 0 | CX141: 0 | CY141: 0 | CZ141: 0 | DA141: 0 | DB141: 0 | DC141: 0 | DD141: 0 | DE141: 0 | DF141: 0
A142: East Lothian Licensing Board | B142: Local Government | C142: 0 | D142: 0 | E142: 0 | F142: 0 | G142: 0 | H142: 0 | I142: 0 | J142: 0 | K142: 0 | L142: 0 | M142: 0 | N142: 0 | O142: 0 | P142: 0 | Q142: 0 | R142: 0 | S142: 0 | T142: 0 | U142: 0 | V142: 0 | W142: 0 | X142: 0 | Y142: 0 | Z142: 0 | AA142: 0 | AB142: 0 | AC142: 0 | AD142: 0 | AE142: 0 | AF142: 0 | AG142: 0 | AH142: 0 | AI142: 0 | AJ142: 0 | AK142: 0 | AL142: 0 | AM142: 0 | AN142: 0 | AO142: 0 | AP142: 0 | AQ142: 0 | AR142: 0 | AS142: 0 | AT142: 0 | AU142: 0 | AV142: 0 | AW142: 0 | AX142: 0 | AY142: 0 | AZ142: 0 | BA142: 0 | BB142: 0 | BC142: 0 | BD142: 0 | BE142: 0 | BF142: 0 | BG142: 0 | BH142: 0 | BI142: 0 | BJ142: 0 | BK142: 0 | BL142: 0 | BM142: 0 | BN142: 0 | BO142: 0 | BP142: 0 | BQ142: 0 | BR142: 0 | BS142: 0 | BT142: 0 | BU142: 0 | BV142: 0 | BW142: 0 | BX142: 0 | BY142: 0 | BZ142: 0 | CA142: 0 | CB142: 0 | CC142: 0 | CD142: 0 | CE142: 0 | CF142: 0 | CG142: 0 | CH142: 0 | CI142: 0 | CJ142: 0 | CK142: 0 | CL142: 0 | CM142: 0 | CN142: 0 | CO142: 0 | CP142: 0 | CQ142: 0 | CR142: 0 | CS142: 0 | CT142: 0 | CU142: 0 | CV142: 0 | CW142: 0 | CX142: 0 | CY142: 0 | CZ142: 0 | DA142: 0 | DB142: 0 | DC142: 0 | DD142: 0 | DE142: 0 | DF142: 0
A143: East Park School | B143: Other | C143: 0 | D143: 0 | E143: 0 | F143: 0 | G143: 0 | H143: 0 | I143: 0 | J143: 0 | K143: 0 | L143: 0 | M143: 0 | N143: 0 | O143: 0 | P143: 0 | Q143: 0 | R143: 0 | S143: 0 | T143: 0 | U143: 0 | V143: 0 | W143: 0 | X143: 0 | Y143: 0 | Z143: 0 | AA143: 0 | AB143: 0 | AC143: 0 | AD143: 0 | AE143: 0 | AF143: 0 | AG143: 0 | AH143: 0 | AI143: 0 | AJ143: 0 | AK143: 0 | AL143: 0 | AM143: 0 | AN143: 0 | AO143: 0 | AP143: 0 | AQ143: 0 | AR143: 0 | AS143: 0 | AT143: 0 | AU143: 0 | AV143: 0 | AW143: 0 | AX143: 0 | AY143: 0 | AZ143: 0 | BA143: 0 | BB143: 0 | BC143: 0 | BD143: 0 | BE143: 0 | BF143: 0 | BG143: 0 | BH143: 0 | BI143: 0 | BJ143: 0 | BK143: 0 | BL143: 0 | BM143: 0 | BN143: 0 | BO143: 0 | BP143: 0 | BQ143: 0 | BR143: 0 | BS143: 0 | BT143: 0 | BU143: 0 | BV143: 0 | BW143: 0 | BX143: 0 | BY143: 0 | BZ143: 0 | CA143: 0 | CB143: 0 | CC143: 0 | CD143: 0 | CE143: 0 | CF143: 0 | CG143: 0 | CH143: 0 | CI143: 0 | CJ143: 0 | CK143: 0 | CL143: 0 | CM143: 0 | CN143: 0 | CO143: 0 | CP143: 0 | CQ143: 0 | CR143: 0 | CS143: 0 | CT143: 0 | CU143: 0 | CV143: 0 | CW143: 0 | CX143: 0 | CY143: 0 | CZ143: 0 | DA143: 0 | DB143: 0 | DC143: 0 | DD143: 0 | DE143: 0 | DF143: 0
... A179: Glasgow Caledonian University | B179: Higher and Further Education | C179: 47 | D179: 0 | E179: 0 | F179: 0 | G179: 0 | H179: 45 | I179: 2 | J179: 0 | K179: 0 | L179: 0 | M179: 0 | N179: 26 | O179: 2 | P179: 18 | Q179: 0 | R179: 1 | S179: 0 | T179: 0 | U179: 0 | V179: 0 | W179: 0 | X179: 0 | Y179: 0 | Z179: 0 | AA179: 0 | AB179: 0 | AC179: 0 | AD179: 0 | AE179: 0 | AF179: 0 | AG179: 0 | AH179: 0 | AI179: 13 | AJ179: 1 | AK179: 1 | AL179: 0 | AM179: 0 | AN179: 1 | AO179: 0 | AP179: 0 | AQ179: 0 | AR179: 0 | AS179: 0 | AT179: 0 | AU179: 0 | AV179: 0 | AW179: 0 | AX179: 0 | AY179: 0 | AZ179: 0 | BA179: 0 | BB179: 0 | BC179: 0 | BD179: 0 | BE179: 0 | BF179: 0 | BG179: 0 | BH179: 0 | BI179: 0 | BJ179: 0 | BK179: 0 | BL179: 5 | BM179: 0 | BN179: 0 | BO179: 0 | BP179: 1 | BQ179: 0 | BR179: 1 | BS179: 0 | BT179: 0 | BU179: 0 | BV179: 0 | BW179: 0 | BX179: 0 | BY179: 0 | BZ179: 0 | CA179: 0 | CB179: 0 | CC179: 0 | CD179: 0 | CE179: 0 | CF179: 0 | CG179: 0 | CH179: 0 | CI179: 0 | CJ179: 0 | CK179: 0 | CL179: 0 | CM179: 3 | CN179: 0 | CO179: 0 | CP179: 2 | CQ179: 1 | CR179: 0 | CS179: 0 | CT179: 0 | CU179: 0 | CV179: 0 | CW179: 0 | CX179: 0 | CY179: 0 | CZ179: 0 | DA179: 0 | DB179: 0 | DC179: 0 | DD179: 0 | DE179: 0 | DF179: 0
A180: Glasgow City Council | B180: Local Government | C180: 734 | D180: 1 | E180: 4 | F180: 0 | G180: 0 | H180: 816 | I180: 10 | J180: 1 | K180: 41 | L180: 1 | M180: 0 | N180: 282 | O180: 87 | P180: 145 | Q180: 72 | R180: 3 | S180: 47 | T180: 0 | U180: 0 | V180: 4 | W180: 3 | X180: 54 | Y180: 0 | Z180: 1 | AA180: 0 | AB180: 0 | AC180: 0 | AD180: 17 | AE180: 0 | AF180: 15 | AG180: 4 | AH180: 0 | AI180: 196 | AJ180: 9 | AK180: 9 | AL180: 0 | AM180: 0 | AN180: 7 | AO180: 2 | AP180: 1 | AQ180: 7 | AR180: 0 | AS180: 0 | AT180: 0 | AU180: 6 | AV180: 1 | AW180: 28 | AX180: 0 | AY180: 2 | AZ180: 0 | BA180: 0 | BB180: 1e | BC180: 0 | BD180: 0 | BE180: 0 | BF180: 0 | BG180: 0 | BH180: 0 | BI180: 0 | BJ180: 0 | BK180: 0 | BL180: 7 | BM180: 0 | BN180: 0 | BO180: 1 | BP180: 0 | BQ180: 20 | BR180: 0 | BS180: 0 | BT180: 0 | BU180: 0 | BV180: 0 | BW180: 0 | BX180: 0 | BY180: 0 | BZ180: 0 | CA180: 0 | CB180: 0 | CC180: 0 | CD180: 0 | CE180: 0 | CF180: 0 | CG180: 0 | CH180: 2 | CI180: 0 | CJ180: 0 | CK180: 0 | CL180: 0 | CM180: 70 | CN180: 0 | CO180: 0 | CP180: 0 | CQ180: 0 | CR180: 0 | CS180: 0 | CT180: 0 | CU180: 0 | CV180: 0 | CW180: 0 | CX180: 0 | CY180: 0 | CZ180: 1 | DA180: 0 | DB180: 0 | DC180: 0 | DD180: 0 | DE180: 12 | DF180: 0
A181: Glasgow City Integration Joint Board | B181: Health and Social Care | C181: 5 | D181: 1 | E181: 0 | F181: 0 | G181: 0 | H181: 5 | I181: 0 | J181: 0 | K181: 0 | L181: 0 | M181: 0 | N181: 0 | O181: 0 | P181: 0 | Q181: 4 | R181: 0 | S181: 0 | T181: 0 | U181: 0 | V181: 0 | W181: 0 | X181: 0 | Y181: 0 | Z181: 0 | AA181: 0 | AB181: 0 | AC181: 0 | AD181: 0 | AE181: 0 | AF181: 0 | AG181: 0 | AH181: 0 | AI181: 0 | AJ181: 0 | AK181: 0 | AL181: 0 | AM181: 0 | AN181: 0 | AO181: 0 | AP181: 0 | AQ181: 0 | AR181: 0 | AS181: 0 | AT181: 0 | AU181: 0 | AV181: 0 | AW181: 0 | AX181: 0 | AY181: 0 | AZ181: 0 | BA181: 0 | BB181: 0 | BC181: 0 | BD181: 0 | BE181: 0 | BF181: 0 | BG181: 0 | BH181: 0 | BI181: 0 | BJ181: 0 | BK181: 0 | BL181: 0 | BM181: 0 | BN181: 0 | BO181: 0 | BP181: 0 | BQ181: 0 | BR181: 0 | BS181: 0 | BT181: 0 | BU181: 0 | BV181: 0 | BW181: 0 | BX181: 0 | BY181: 0 | BZ181: 0 | CA181: 0 | CB181: 0 | CC181: 0 | CD181: 0 | CE181: 0 | CF181: 0 | CG181: 0 | CH181: 0 | CI181: 0 | CJ181: 0 | CK181: 0 | CL181: 0 | CM181: 0 | CN181: 0 | CO181: 0 | CP181: 0 | CQ181: 0 | CR181: 0 | CS181: 0 | CT181: 0 | CU181: 0 | CV181: 0 | CW181: 0 | CX181: 0 | CY181: 0 | CZ181: 0 | DA181: 0 | DB181: 0 | DC181: 0 | DD181: 0 | DE181: 0 | DF181: 0
A182: Glasgow Clyde College | B182: Higher and Further Education | C182: 6 | D182: 0 | E182: 0 | F182: 0 | G182: 0 | H182: 5 | I182: 0 | J182: 0 | K182: 0 | L182: 0 | M182: 0 | N182: 5 | O182: 0 | P182: 0 | Q182: 0 | R182: 0 | S182: 0 | T182: 0 | U182: 0 | V182: 0 | W182: 0 | X182: 0 | Y182: 0 | Z182: 0 | AA182: 0 | AB182: 0 | AC182: 0 | AD182: 0 | AE182: 0 | AF182: 0 | AG182: 0 | AH182: 0 | AI182: 0 | AJ182: 0 | AK182: 0 | AL182: 0 | AM182: 0 | AN182: 0 | AO182: 0 | AP182: 0 | AQ182: 0 | AR182: 0 | AS182: 0 | AT182: 0 | AU182: 0 | AV182: 0 | AW182: 0 | AX182: 0 | AY182: 0 | AZ182: 0 | BA182: 0 | BB182: 0 | BC182: 0 | BD182: 0 | BE182: 0 | BF182: 0 | BG182: 0 | BH182: 0 | BI182: 0 | BJ182: 0 | BK182: 0 | BL182: 0 | BM182: 0 | BN182: 0 | BO182: 0 | BP182: 0 | BQ182: 0 | BR182: 0 | BS182: 0 | BT182: 0 | BU182: 0 | BV182: 0 | BW182: 0 | BX182: 0 | BY182: 0 | BZ182: 0 | CA182: 0 | CB182: 0 | CC182: 0 | CD182: 0 | CE182: 0 | CF182: 0 | CG182: 0 | CH182: 0 | CI182: 0 | CJ182: 0 | CK182: 0 | CL182: 0 | CM182: 0 | CN182: 0 | CO182: 0 | CP182: 0 | CQ182: 0 | CR182: 0 | CS182: 0 | CT182: 0 | CU182: 0 | CV182: 0 | CW182: 0 | CX182: 0 | CY182: 0 | CZ182: 0 | DA182: 0 | DB182: 0 | DC182: 0 | DD182: 0 | DE182: 0 | DF182: 0
A183: Glasgow Kelvin College | B183: Higher and Further Education | C183: 7 | D183: 0 | E183: 0 | F183: 0 | G183: 0 | H183: 6 | I183: 1 | J183: 0 | K183: 0 | L183: 0 | M183: 0 | N183: 6 | O183: 0 | P183: 1 | Q183: 0 | R183: 0 | S183: 0 | T183: 0 | U183: 0 | V183: 0 | W183: 0 | X183: 0 | Y183: 0 | Z183: 0 | AA183: 0 | AB183: 0 | AC183: 0 | AD183: 0 | AE183: 0 | AF183: 0 | AG183: 0 | AH183: 0 | AI183: 1 | AJ183: 0 | AK183: 0 | AL183: 0 | AM183: 0 | AN183: 0 | AO183: 0 | AP183: 0 | AQ183: 0 | AR183: 0 | AS183: 0 | AT183: 0 | AU183: 0 | AV183: 0 | AW183: 0 | AX183: 0 | AY183: 0 | AZ183: 0 | BA183: 0 | BB183: 0 | BC183: 0 | BD183: 0 | BE183: 0 | BF183: 0 | BG183: 0 | BH183: 0 | BI183: 0 | BJ183: 0 | BK183: 0 | BL183: 0 | BM183: 0 | BN183: 0 | BO183: 0 | BP183: 0 | BQ183: 0 | BR183: 0 | BS183: 0 | BT183: 0 | BU183: 0 | BV183: 0 | BW183: 0 | BX183: 0 | BY183: 0 | BZ183: 0 | CA183: 0 | CB183: 0 | CC183: 0 | CD183: 0 | CE183: 0 | CF183: 0 | CG183: 0 | CH183: 0 | CI183: 0 | CJ183: 0 | CK183: 0 | CL183: 0 | CM183: 0 | CN183: 0 | CO183: 0 | CP183: 0 | CQ183: 0 | CR183: 0 | CS183: 0 | CT183: 0 | CU183: 0 | CV183: 0 | CW183: 0 | CX183: 0 | CY183: 0 | CZ183: 0 | DA183: 0 | DB183: 0 | DC183: 0 | DD183: 0 | DE183: 0 | DF183: 0
A184: Glasgow West Housing Association Ltd | B184: Registered Social Landlords | C184: 5 | D184: 0 | E184: 0 | F184: 0 | G184: 0 | H184: 4 | I184: 0 | J184: 0 | K184: 0 | L184: 0 | M184: 0 | N184: 3 | O184: 0 | P184: 1 | Q184: 0 | R184: 0 | S184: 0 | T184: 0 | U184: 0 | V184: 0 | W184: 0 | X184: 0 | Y184: 0 | Z184: 0 | AA184: 0 | AB184: 0 | AC184: 0 | AD184: 0 | AE184: 0 | AF184: 0 | AG184: 0 | AH184: 0 | AI184: 1 | AJ184: 0 | AK184: 0 | AL184: 0 | AM184: 0 | AN184: 0 | AO184: 0 | AP184: 0 | AQ184: 0 | AR184: 0 | AS184: 0 | AT184: 0 | AU184: 0 | AV184: 0 | AW184: 0 | AX184: 0 | AY184: 0 | AZ184: 0 | BA184: 0 | BB184: 1 | BC184: 0 | BD184: 0 | BE184: 0 | BF184: 0 | BG184: 0 | BH184: 0 | BI184: 0 | BJ184: 0 | BK184: 0 | BL184: 0 | BM184: 0 | BN184: 0 | BO184: 0 | BP184: 0 | BQ184: 0 | BR184: 0 | BS184: 0 | BT184: 0 | BU184: 0 | BV184: 0 | BW184: 0 | BX184: 0 | BY184: 0 | BZ184: 0 | CA184: 0 | CB184: 0 | CC184: 0 | CD184: 0 | CE184: 0 | CF184: 0 | CG184: 0 | CH184: 0 | CI184: 0 | CJ184: 0 | CK184: 0 | CL184: 0 | CM184: 0 | CN184: 0 | CO184: 0 | CP184: 0 | CQ184: 0 | CR184: 0 | CS184: 0 | CT184: 0 | CU184: 0 | CV184: 0 | CW184: 0 | CX184: 0 | CY184: 0 | CZ184: 0 | DA184: 0 | DB184: 0 | DC184: 0 | DD184: 0 | DE184: 0 | DF184: 0
A185: Glen Housing Association Ltd | B185: Registered Social Landlords | C185: 0 | D185: 0 | E185: 0 | F185: 0 | G185: 0 | H185: 0 | I185: 0 | J185: 0 | K185: 0 | L185: 0 | M185: 0 | N185: 0 | O185: 0 | P185: 0 | Q185: 0 | R185: 0 | S185: 0 | T185: 0 | U185: 0 | V185: 0 | W185: 0 | X185: 0 | Y185: 0 | Z185: 0 | AA185: 0 | AB185: 0 | AC185: 0 | AD185: 0 | AE185: 0 | AF185: 0 | AG185: 0 | AH185: 0 | AI185: 0 | AJ185: 0 | AK185: 0 | AL185: 0 | AM185: 0 | AN185: 0 | AO185: 0 | AP185: 0 | AQ185: 0 | AR185: 0 | AS185: 0 | AT185: 0 | AU185: 0 | AV185: 0 | AW185: 0 | AX185: 0 | AY185: 0 | AZ185: 0 | BA185: 0 | BB185: 0 | BC185: 0 | BD185: 0 | BE185: 0 | BF185: 0 | BG185: 0 | BH185: 0 | BI185: 0 | BJ185: 0 | BK185: 0 | BL185: 0 | BM185: 0 | BN185: 0 | BO185: 0 | BP185: 0 | BQ185: 0 | BR185: 0 | BS185: 0 | BT185: 0 | BU185: 0 | BV185: 0 | BW185: 0 | BX185: 0 | BY185: 0 | BZ185: 0 | CA185: 0 | CB185: 0 | CC185: 0 | CD185: 0 | CE185: 0 | CF185: 0 | CG185: 0 | CH185: 0 | CI185: 0 | CJ185: 0 | CK185: 0 | CL185: 0 | CM185: 0 | CN185: 0 | CO185: 0 | CP185: 0 | CQ185: 0 | CR185: 0 | CS185: 0 | CT185: 0 | CU185: 0 | CV185: 0 | CW185: 0 | CX185: 0 | CY185: 0 | CZ185: 0 | DA185: 0 | DB185: 0 | DC185: 0 | DD185: 0 | DE185: 0 | DF185: 0
A186: Glen Oaks Housing Association Ltd | B186: Registered Social Landlords | C186: 0 | D186: 0 | E186: 0 | F186: 0 | G186: 0 | H186: 0 | I186: 0 | J186: 0 | K186: 0 | L186: 0 | M186: 0 | N186: 0 | O186: 0 | P186: 0 | Q186: 0 | R186: 0 | S186: 0 | T186: 0 | U186: 0 | V186: 0 | W186: 0 | X186: 0 | Y186: 0 | Z186: 0 | AA186: 0 | AB186: 0 | AC186: 0 | AD186: 0 | AE186: 0 | AF186: 0 | AG186: 0 | AH186: 0 | AI186: 0 | AJ186: 0 | AK186: 0 | AL186: 0 | AM186: 0 | AN186: 0 | AO186: 0 | AP186: 0 | AQ186: 0 | AR186: 0 | AS186: 0 | AT186: 0 | AU186: 0 | AV186: 0 | AW186: 0 | AX186: 0 | AY186: 0 | AZ186: 0 | BA186: 0 | BB186: 0 | BC186: 0 | BD186: 0 | BE186: 0 | BF186: 0 | BG186: 0 | BH186: 0 | BI186: 0 | BJ186: 0 | BK186: 0 | BL186: 0 | BM186: 0 | BN186: 0 | BO186: 0 | BP186: 0 | BQ186: 0 | BR186: 0 | BS186: 0 | BT186: 0 | BU186: 0 | BV186: 0 | BW186: 0 | BX186: 0 | BY186: 0 | BZ186: 0 | CA186: 0 | CB186: 0 | CC186: 0 | CD186: 0 | CE186: 0 | CF186: 0 | CG186: 0 | CH186: 0 | CI186: 0 | CJ186: 0 | CK186: 0 | CL186: 0 | CM186: 0 | CN186: 0 | CO186: 0 | CP186: 0 | CQ186: 0 | CR186: 0 | CS186: 0 | CT186: 0 | CU186: 0 | CV186: 0 | CW186: 0 | CX186: 0 | CY186: 0 | CZ186: 0 | DA186: 0 | DB186: 0 | DC186: 0 | DD186: 0 | DE186: 0 | DF186: 0
A187: Good Shepherd Secure Close Support Unit | B187: Other | C187: 0 | D187: 0 | E187: 0 | F187: 0 | G187: 0 | H187: 0 | I187: 0 | J187: 0 | K187: 0 | L187: 0 | M187: 0 | N187: 0 | O187: 0 | P187: 0 | Q187: 0 | R187: 0 | S187: 0 | T187: 0 | U187: 0 | V187: 0 | W187: 0 | X187: 0 | Y187: 0 | Z187: 0 | AA187: 0 | AB187: 0 | AC187: 0 | AD187: 0 | AE187: 0 | AF187: 0 | AG187: 0 | AH187: 0 | AI187: 0 | AJ187: 0 | AK187: 0 | AL187: 0 | AM187: 0 | AN187: 0 | AO187: 0 | AP187: 0 | AQ187: 0 | AR187: 0 | AS187: 0 | AT187: 0 | AU187: 0 | AV187: 0 | AW187: 0 | AX187: 0 | AY187: 0 | AZ187: 0 | BA187: 0 | BB187: 0 | BC187: 0 | BD187: 0 | BE187: 0 | BF187: 0 | BG187: 0 | BH187: 0 | BI187: 0 | BJ187: 0 | BK187: 0 | BL187: 0 | BM187: 0 | BN187: 0 | BO187: 0 | BP187: 0 | BQ187: 0 | BR187: 0 | BS187: 0 | BT187: 0 | BU187: 0 | BV187: 0 | BW187: 0 | BX187: 0 | BY187: 0 | BZ187: 0 | CA187: 0 | CB187: 0 | CC187: 0 | CD187: 0 | CE187: 0 | CF187: 0 | CG187: 0 | CH187: 0 | CI187: 0 | CJ187: 0 | CK187: 0 | CL187: 0 | CM187: 0 | CN187: 0 | CO187: 0 | CP187: 0 | CQ187: 0 | CR187: 0 | CS187: 0 | CT187: 0 | CU187: 0 | CV187: 0 | CW187: 0 | CX187: 0 | CY187: 0 | CZ187: 0 | DA187: 0 | DB187: 0 | DC187: 0 | DD187: 0 | DE187: 0 | DF187: 0
A188: Govan Housing Association Ltd | B188: Registered Social Landlords | C188: 0 | D188: 0 | E188: 0 | F188: 0 | G188: 0 | H188: 0 | I188: 0 | J188: 0 | K188: 0 | L188: 0 | M188: 0 | N188: 0 | O188: 0 | P188: 0 | Q188: 0 | R188: 0 | S188: 0 | T188: 0 | U188: 0 | V188: 0 | W188: 0 | X188: 0 | Y188: 0 | Z188: 0 | AA188: 0 | AB188: 0 | AC188: 0 | AD188: 0 | AE188: 0 | AF188: 0 | AG188: 0 | AH188: 0 | AI188: 2 | AJ188: 0 | AK188: 0 | AL188: 0 | AM188: 0 | AN188: 0 | AO188: 0 | AP188: 0 | AQ188: 0 | AR188: 0 | AS188: 0 | AT188: 0 | AU188: 0 | AV188: 0 | AW188: 0 | AX188: 0 | AY188: 0 | AZ188: 0 | BA188: 0 | BB188: 0 | BC188: 0 | BD188: 0 | BE188: 0 | BF188: 0 | BG188: 0 | BH188: 0 | BI188: 0 | BJ188: 0 | BK188: 0 | BL188: 0 | BM188: 0 | BN188: 0 | BO188: 0 | BP188: 0 | BQ188: 0 | BR188: 0 | BS188: 0 | BT188: 0 | BU188: 0 | BV188: 0 | BW188: 0 | BX188: 0 | BY188: 0 | BZ188: 0 | CA188: 0 | CB188: 0 | CC188: 0 | CD188: 0 | CE188: 0 | CF188: 0 | CG188: 0 | CH188: 0 | CI188: 0 | CJ188: 0 | CK188: 0 | CL188: 0 | CM188: 0 | CN188: 0 | CO188: 0 | CP188: 0 | CQ188: 0 | CR188: 0 | CS188: 0 | CT188: 0 | CU188: 0 | CV188: 0 | CW188: 0 | CX188: 0 | CY188: 0 | CZ188: 0 | DA188: 0 | DB188: 0 | DC188: 0 | DD188: 0 | DE188: 0 | DF188: 0
A189: Govanhill Community Development Trust | B189: Registered Social Landlords | C189: 0 | D189: 0 | E189: 0 | F189: 0 | G189: 0 | H189: 0 | I189: 0 | J189: 0 | K189: 0 | L189: 0 | M189: 0 | N189: 0 | O189: 0 | P189: 0 | Q189: 0 | R189: 0 | S189: 0 | T189: 0 | U189: 0 | V189: 0 | W189: 0 | X189: 0 | Y189: 0 | Z189: 0 | AA189: 0 | AB189: 0 | AC189: 0 | AD189: 0 | AE189: 0 | AF189: 0 | AG189: 0 | AH189: 0 | AI189: 0 | AJ189: 0 | AK189: 0 | AL189: 0 | AM189: 0 | AN189: 0 | AO189: 0 | AP189: 0 | AQ189: 0 | AR189: 0 | AS189: 0 | AT189: 0 | AU189: 0 | AV189: 0 | AW189: 0 | AX189: 0 | AY189: 0 | AZ189: 0 | BA189: 0 | BB189: 0 | BC189: 0 | BD189: 0 | BE189: 0 | BF189: 0 | BG189: 0 | BH189: 0 | BI189: 0 | BJ189: 0 | BK189: 0 | BL189: 0 | BM189: 0 | BN189: 0 | BO189: 0 | BP189: 0 | BQ189: 0 | BR189: 0 | BS189: 0 | BT189: 0 | BU189: 0 | BV189: 0 | BW189: 0 | BX189: 0 | BY189: 0 | BZ189: 0 | CA189: 0 | CB189: 0 | CC189: 0 | CD189: 0 | CE189: 0 | CF189: 0 | CG189: 0 | CH189: 0 | CI189: 0 | CJ189: 0 | CK189: 0 | CL189: 0 | CM189: 0 | CN189: 0 | CO189: 0 | CP189: 0 | CQ189: 0 | CR189: 0 | CS189: 0 | CT189: 0 | CU189: 0 | CV189: 0 | CW189: 0 | CX189: 0 | CY189: 0 | CZ189: 0 | DA189: 0 | DB189: 0 | DC189: 0 | DD189: 0 | DE189: 0 | DF189: 0
A190: Govanhill Housing Association Ltd | B190: Registered Social Landlords | C190: 1 | D190: 0 | E190: 0 | F190: 0 | G190: 0 | H190: 1 | I190: 0 | J190: 0 | K190: 0 | L190: 0 | M190: 0 | N190: 1 | O190: 0 | P190: 0 | Q190: 0 | R190: 0 | S190: 0 | T190: 0 | U190: 0 | V190: 0 | W190: 0 | X190: 0 | Y190: 0 | Z190: 0 | AA190: 0 | AB190: 0 | AC190: 0 | AD190: 0 | AE190: 0 | AF190: 0 | AG190: 0 | AH190: 0 | AI190: 2 | AJ190: 0 | AK190: 0 | AL190: 0 | AM190: 0 | AN190: 0 | AO190: 0 | AP190: 0 | AQ190: 0 | AR190: 0 | AS190: 0 | AT190: 0 | AU190: 0 | AV190: 0 | AW190: 0 | AX190: 0 | AY190: 0 | AZ190: 0 | BA190: 0 | BB190: 0 | BC190: 0 | BD190: 0 | BE190: 0 | BF190: 0 | BG190: 0 | BH190: 0 | BI190: 0 | BJ190: 0 | BK190: 0 | BL190: 0 | BM190: 0 | BN190: 0 | BO190: 0 | BP190: 0 | BQ190: 0 | BR190: 0 | BS190: 0 | BT190: 0 | BU190: 0 | BV190: 0 | BW190: 0 | BX190: 0 | BY190: 0 | BZ190: 0 | CA190: 0 | CB190: 0 | CC190: 0 | CD190: 0 | CE190: 0 | CF190: 0 | CG190: 0 | CH190: 0 | CI190: 0 | CJ190: 0 | CK190: 0 | CL190: 0 | CM190: 0 | CN190: 0 | CO190: 0 | CP190: 0 | CQ190: 0 | CR190: 0 | CS190: 0 | CT190: 0 | CU190: 0 | CV190: 0 | CW190: 0 | CX190: 0 | CY190: 0 | CZ190: 0 | DA190: 0 | DB190: 0 | DC190: 0 | DD190: 0 | DE190: 0 | DF190: 0
A191: Grampian Housing Association Ltd | B191: Registered Social Landlords | C191: 0 | D191: 0 | E191: 0 | F191: 0 | G191: 0 | H191: 0 | I191: 0 | J191: 0 | K191: 0 | L191: 0 | M191: 0 | N191: 0 | O191: 0 | P191: 0 | Q191: 0 | R191: 0 | S191: 0 | T191: 0 | U191: 0 | V191: 0 | W191: 0 | X191: 0 | Y191: 0 | Z191: 0 | AA191: 0 | AB191: 0 | AC191: 0 | AD191: 0 | AE191: 0 | AF191: 0 | AG191: 0 | AH191: 0 | AI191: 0 | AJ191: 0 | AK191: 0 | AL191: 0 | AM191: 0 | AN191: 0 | AO191: 0 | AP191: 0 | AQ191: 0 | AR191: 0 | AS191: 0 | AT191: 0 | AU191: 0 | AV191: 0 | AW191: 0 | AX191: 0 | AY191: 0 | AZ191: 0 | BA191: 0 | BB191: 0 | BC191: 0 | BD191: 0 | BE191: 0 | BF191: 0 | BG191: 0 | BH191: 0 | BI191: 0 | BJ191: 0 | BK191: 0 | BL191: 0 | BM191: 0 | BN191: 0 | BO191: 0 | BP191: 0 | BQ191: 0 | BR191: 0 | BS191: 0 | BT191: 0 | BU191: 0 | BV191: 0 | BW191: 0 | BX191: 0 | BY191: 0 | BZ191: 0 | CA191: 0 | CB191: 0 | CC191: 0 | CD191: 0 | CE191: 0 | CF191: 0 | CG191: 0 | CH191: 0 | CI191: 0 | CJ191: 0 | CK191: 0 | CL191: 0 | CM191: 0 | CN191: 0 | CO191: 0 | CP191: 0 | CQ191: 0 | CR191: 0 | CS191: 0 | CT191: 0 | CU191: 0 | CV191: 0 | CW191: 0 | CX191: 0 | CY191: 0 | CZ191: 0 | DA191: 0 | DB191: 0 | DC191: 0 | DD191: 0 | DE191: 0 | DF191: 0
A192: NHS Greater Glasgow & Clyde | B192: Health and Social Care | C192: 244 | D192: 3 | E192: 4 | F192: 0 | G192: 0 | H192: 185 | I192: 35 | J192: 0 | K192: 4 | L192: 1 | M192: 1 | N192: 61 | O192: 9 | P192: 84 | Q192: 27 | R192: 0 | S192: 3 | T192: 0 | U192: 0 | V192: 0 | W192: 0 | X192: 1 | Y192: 1 | Z192: 0 | AA192: 0 | AB192: 0 | AC192: 0 | AD192: 0 | AE192: 1 | AF192: 1 | AG192: 0 | AH192: 0 | AI192: 2995 | AJ192: 1 | AK192: 0 | AL192: 3 | AM192: 1 | AN192: 2 | AO192: 1 | AP192: 0 | AQ192: 0 | AR192: 0 | AS192: 0 | AT192: 0 | AU192: 0 | AV192: 0 | AW192: 5 | AX192: 0 | AY192: 0 | AZ192: 0 | BA192: 0 | BB192: 2 | BC192: 0 | BD192: 0 | BE192: 0 | BF192: 0 | BG192: 0 | BH192: 0 | BI192: 0 | BJ192: 0 | BK192: 0 | BL192: 0 | BM192: 0 | BN192: 0 | BO192: 0 | BP192: 0 | BQ192: 0 | BR192: 0 | BS192: 0 | BT192: 0 | BU192: 0 | BV192: 0 | BW192: 0 | BX192: 0 | BY192: 0 | BZ192: 0 | CA192: 0 | CB192: 0 | CC192: 0 | CD192: 0 | CE192: 0 | CF192: 0 | CG192: 0 | CH192: 0 | CI192: 1 | CJ192: 0 | CK192: 0 | CL192: 1 | CM192: 26 | CN192: 0 | CO192: 1 | CP192: 0 | CQ192: 0 | CR192: 0 | CS192: 0 | CT192: 0 | CU192: 0 | CV192: 0 | CW192: 0 | CX192: 0 | CY192: 0 | CZ192: 0 | DA192: 0 | DB192: 0 | DC192: 0 | DD192: 0 | DE192: 0 | DF192: 0
... A511: Yorkhill Housing Association Ltd | B511: Registered Social Landlords | C511: 2 | D511: 0 | E511: 0 | F511: 0 | G511: 0 | H511: 2 | I511: 0 | J511: 0 | K511: 0 | L511: 0 | M511: 0 | N511: 2 | O511: 0 | P511: 0 | Q511: 0 | R511: 0 | S511: 2 | T511: 0 | U511: 0 | V511: 0 | W511: 0 | X511: 3 | Y511: 0 | Z511: 0 | AA511: 0 | AB511: 0 | AC511: 0 | AD511: 3 | AE511: 0 | AF511: 0 | AG511: 0 | AH511: 0 | AI511: 0 | AJ511: 0 | AK511: 0 | AL511: 0 | AM511: 0 | AN511: 0 | AO511: 0 | AP511: 0 | AQ511: 0 | AR511: 0 | AS511: 0 | AT511: 0 | AU511: 0 | AV511: 0 | AW511: 0 | AX511: 0 | AY511: 0 | AZ511: 0 | BA511: 0 | BB511: 0 | BC511: 0 | BD511: 0 | BE511: 0 | BF511: 0 | BG511: 0 | BH511: 0 | BI511: 0 | BJ511: 0 | BK511: 0 | BL511: 0 | BM511: 0 | BN511: 0 | BO511: 0 | BP511: 0 | BQ511: 0 | BR511: 0 | BS511: 0 | BT511: 0 | BU511: 0 | BV511: 0 | BW511: 0 | BX511: 0 | BY511: 0 | BZ511: 0 | CA511: 0 | CB511: 0 | CC511: 0 | CD511: 0 | CE511: 0 | CF511: 0 | CG511: 0 | CH511: 0 | CI511: 0 | CJ511: 0 | CK511: 0 | CL511: 0 | CM511: 0 | CN511: 0 | CO511: 0 | CP511: 0 | CQ511: 0 | CR511: 0 | CS511: 0 | CT511: 0 | CU511: 0 | CV511: 0 | CW511: 0 | CX511: 0 | CY511: 0 | CZ511: 0 | DA511: 0 | DB511: 0 | DC511: 0 | DD511: 0 | DE511: 0 | DF511: 0

Sheet 2021-22 Q4
A1: Authority Name | B1: Sector | C1: FOISA requests | D1: FOISA closed - unclear | E1: FOISA closed - withdrawn | F1: FOISA fees notice | G1: FOISA fees paid | H1: FOISA response on time | I1: FOISA response late | J1: FOISA failure to respond | K1: FOISA refused cost | L1: FOISA vexatious | M1: FOISA repeated | N1: FOISA full release | O1: FOISA none released | P1: FOISA some released | Q1: FOISA none held | R1: FOISA no confirm/deny | S1: EIR requests | T1: EIR closed - unclear | U1: EIR closed - withdrawn | V1: EIR - fees notice | W1: EIR - fees paid | X1: EIR - Response on time | Y1: EIR - response late | Z1: EIR - failure to respond | AA1: EIR - timescale extended | AB1: EIR refused - cost | AC1: EIR - manifestly unreasonable | AD1: EIR - full release | AE1: EIR - none released | AF1: EIR - some released | AG1: EIR - none held | AH1: EIR - no confirm/deny | AI1: Subject Access Requests | AJ1: FOISA reviews | AK1: FOISA review - on time | AL1: FOISA reviews - late response | AM1: FOISA reviews - failure to respond | AN1: FOISA reviews - wholly/partially upheld | AO1: FOISA review - substituted decision | AP1: FOISA review - decision reached | AQ1: EIR reviews | AR1: EIR review - on time | AS1: EIR review - late response | AT1: EIR review - failure to respond | AU1: EIR review - upheld | AV1: EIR review - not upheld | AW1: Otherwise accessible | AX1: Publication scheme | AY1: Disclosure prohibited: enactment | AZ1: Disclosure prohibited: EU obligation | BA1: Disclosure prohibited: contempt of court | BB1: Future publication: 12 weeks | BC1: Future publication: programme of research | BD1: Substantial prejudice to UK relations | BE1: Formulation/development of government policy | BF1: Ministerial communications | BG1: Advice by Law Officers | BH1: Operation of Ministerial private office | BI1: Substantial prejudice to collective responsibility of Scottish Ministers | BJ1: Substantial inhibition to free and frank provision of advice | BK1: Substantial inhibition to free and frank exchange of views | BL1: Substantial prejudice to effective conduct of public affairs | BM1: National security | BN1: Substantial prejudice to defence | BO1: Substantial prejudice to international relations | BP1: Confidential information obtained from abroad | BQ1: Trade secret | BR1: Substantial prejudice to commercial interests | BS1: Substantial prejudice to the economic interests of the UK | BT1: Substantial prejudice to the financial interests of a UK administration | BU1: Information held for the purposes of a criminal investigation | BV1: Information held for ongoing Fatal Accident Inquiry | BW1: Information held regarding cause of death | BX1: Information relating to the obtaining of information from confidential sources | BY1: Information held for purposes of civil proceedings arising out of investigations | BZ1: Substantial prejudice to prevention or detection of crime | CA1: Substantial prejudice to apprehension or prosecution of offenders | CB1: Substantial prejudice to administration of justice | CC1: Substantial prejudice to assessment or collection of tax or duty | CD1: Substantial prejudice to operation of immigration controls | CE1: Substantial prejudice to maintenance of security and good order in prisons | CF1: Substantial prejudice to the exercise by a public authority for any of its functions | CG1: Substantial prejudice to civil proceedings brought by an authority | CH1: Confidentiality of communications | CI1: Actionable breach of confidence | CJ1: Court records | CK1: Court records: inquiry or arbitration | CL1: Personal data of the applicant | CM1: Third party personal data | CN1: Personal census information | CO1: Deceased person’s health record | CP1: Endangerment to health or safety | CQ1: Environmental information | CR1: Substantial prejudice to audit function | CS1: Communications with the Royal Family and honours | CT1: Material in the course of completion | CU1: Internal communications | CV1: Substantial prejudice to international relations, public safety, etc. | CW1: Substantial prejudice to course of justice | CX1: Substantial prejudice to intellectual property rights | CY1: Substantial prejudice to confidentiality of proceedings | CZ1: Substantial prejudice to confidentiality of commercial industrial information | DA1: Substantial prejudice to the interests of a third party | DB1: Substantial prejudice to the protection of the environment | DC1: Neither confirm nor deny whether environmental information is held | DD1: Personal data of applicant | DE1: Third party personal data. | DF1: Neither confirm nor deny whether personal data held
A2: Abbeyfield Scotland Ltd | B2: Registered Social Landlords | C2: 6 | D2: 0 | E2: 0 | F2: 0 | G2: 0 | H2: 6 | I2: 0 | J2: 0 | K2: 0 | L2: 5 | M2: 0 | N2: 1 | O2: 0 | P2: 0 | Q2: 0 | R2: 0 | S2: 0 | T2: 0 | U2: 0 | V2: 0 | W2: 0 | X2: 0 | Y2: 0 | Z2: 0 | AA2: 0 | AB2: 0 | AC2: 0 | AD2: 0 | AE2: 0 | AF2: 0 | AG2: 0 | AH2: 0 | AI2: 0 | AJ2: 0 | AK2: 0 | AL2: 0 | AM2: 0 | AN2: 0 | AO2: 0 | AP2: 0 | AQ2: 0 | AR2: 0 | AS2: 0 | AT2: 0 | AU2: 0 | AV2: 0 | AW2: 0 | AX2: 0 | AY2: 0 | AZ2: 0 | BA2: 0 | BB2: 0 | BC2: 0 | BD2: 0 | BE2: 0 | BF2: 0 | BG2: 0 | BH2: 0 | BI2: 0 | BJ2: 0 | BK2: 0 | BL2: 0 | BM2: 0 | BN2: 0 | BO2: 0 | BP2: 0 | BQ2: 0 | BR2: 0 | BS2: 0 | BT2: 0 | BU2: 0 | BV2: 0 | BW2: 0 | BX2: 0 | BY2: 0 | BZ2: 0 | CA2: 0 | CB2: 0 | CC2: 0 | CD2: 0 | CE2: 0 | CF2: 0 | CG2: 0 | CH2: 0 | CI2: 0 | CJ2: 0 | CK2: 0 | CL2: 0 | CM2: 0 | CN2: 0 | CO2: 0 | CP2: 0 | CQ2: 0 | CR2: 0 | CS2: 0 | CT2: 0 | CU2: 0 | CV2: 0 | CW2: 0 | CX2: 0 | CY2: 0 | CZ2: 0 | DA2: 0 | DB2: 0 | DC2: 0 | DD2: 0 | DE2: 0 | DF2: 0
A3: Aberdeen City Council | B3: Local Government | C3: 267 | D3: 12 | E3: 1 | F3: 0 | G3: 0 | H3: 226 | I3: 16 | J3: 5 | K3: 9 | L3: 0 | M3: 0 | N3: 112 | O3: 52 | P3: 34 | Q3: 69 | R3: 0 | S3: 92 | T3: 0 | U3: 0 | V3: 0 | W3: 0 | X3: 82 | Y3: 8 | Z3: 2 | AA3: 0 | AB3: 0 | AC3: 3 | AD3: 40 | AE3: 15 | AF3: 20 | AG3: 18 | AH3: 0 | AI3: 0 | AJ3: 6 | AK3: 5 | AL3: 1 | AM3: 0 | AN3: 1 | AO3: 2 | AP3: 3 | AQ3: 1 | AR3: 1 | AS3: 0 | AT3: 0 | AU3: 0 | AV3: 1 | AW3: 32 | AX3: 1 | AY3: 0 | AZ3: 0 | BA3: 0 | BB3: 1 | BC3: 0 | BD3: 0 | BE3: 0 | BF3: 0 | BG3: 0 | BH3: 0 | BI3: 0 | BJ3: 0 | BK3: 0 | BL3: 0 | BM3: 0 | BN3: 0 | BO3: 0 | BP3: 0 | BQ3: 0 | BR3: 2 | BS3: 0 | BT3: 0 | BU3: 0 | BV3: 0 | BW3: 0 | BX3: 0 | BY3: 0 | BZ3: 2 | CA3: 0 | CB3: 0 | CC3: 0 | CD3: 0 | CE3: 0 | CF3: 0 | CG3: 0 | CH3: 0 | CI3: 0 | CJ3: 0 | CK3: 0 | CL3: 0 | CM3: 12 | CN3: 0 | CO3: 0 | CP3: 0 | CQ3: 0 | CR3: 0 | CS3: 0 | CT3: 0 | CU3: 0 | CV3: 0 | CW3: 0 | CX3: 0 | CY3: 0 | CZ3: 1 | DA3: 0 | DB3: 0 | DC3: 0 | DD3: 0 | DE3: 5 | DF3: 0
A4: Aberdeen City Integration Joint Board | B4: Health and Social Care | C4: 0 | D4: 0 | E4: 0 | F4: 0 | G4: 0 | H4: 0 | I4: 0 | J4: 0 | K4: 0 | L4: 0 | M4: 0 | N4: 0 | O4: 0 | P4: 0 | Q4: 0 | R4: 0 | S4: 0 | T4: 0 | U4: 0 | V4: 0 | W4: 0 | X4: 0 | Y4: 0 | Z4: 0 | AA4: 0 | AB4: 0 | AC4: 0 | AD4: 0 | AE4: 0 | AF4: 0 | AG4: 0 | AH4: 0 | AI4: 0 | AJ4: 0 | AK4: 0 | AL4: 0 | AM4: 0 | AN4: 0 | AO4: 0 | AP4: 0 | AQ4: 0 | AR4: 0 | AS4: 0 | AT4: 0 | AU4: 0 | AV4: 0 | AW4: 0 | AX4: 0 | AY4: 0 | AZ4: 0 | BA4: 0 | BB4: 0 | BC4: 0 | BD4: 0 | BE4: 0 | BF4: 0 | BG4: 0 | BH4: 0 | BI4: 0 | BJ4: 0 | BK4: 0 | BL4: 0 | BM4: 0 | BN4: 0 | BO4: 0 | BP4: 0 | BQ4: 0 | BR4: 0 | BS4: 0 | BT4: 0 | BU4: 0 | BV4: 0 | BW4: 0 | BX4: 0 | BY4: 0 | BZ4: 0 | CA4: 0 | CB4: 0 | CC4: 0 | CD4: 0 | CE4: 0 | CF4: 0 | CG4: 0 | CH4: 0 | CI4: 0 | CJ4: 0 | CK4: 0 | CL4: 0 | CM4: 0 | CN4: 0 | CO4: 0 | CP4: 0 | CQ4: 0 | CR4: 0 | CS4: 0 | CT4: 0 | CU4: 0 | CV4: 0 | CW4: 0 | CX4: 0 | CY4: 0 | CZ4: 0 | DA4: 0 | DB4: 0 | DC4: 0 | DD4: 0 | DE4: 0 | DF4: 0
A5: Aberdeen City Licensing Board | B5: Local Government | C5: 0 | D5: 0 | E5: 0 | F5: 0 | G5: 0 | H5: 0 | I5: 0 | J5: 0 | K5: 0 | L5: 0 | M5: 0 | N5: 0 | O5: 0 | P5: 0 | Q5: 0 | R5: 0 | S5: 0 | T5: 0 | U5: 0 | V5: 0 | W5: 0 | X5: 0 | Y5: 0 | Z5: 0 | AA5: 0 | AB5: 0 | AC5: 0 | AD5: 0 | AE5: 0 | AF5: 0 | AG5: 0 | AH5: 0 | AI5: 0 | AJ5: 0 | AK5: 0 | AL5: 0 | AM5: 0 | AN5: 0 | AO5: 0 | AP5: 0 | AQ5: 0 | AR5: 0 | AS5: 0 | AT5: 0 | AU5: 0 | AV5: 0 | AW5: 0 | AX5: 0 | AY5: 0 | AZ5: 0 | BA5: 0 | BB5: 0 | BC5: 0 | BD5: 0 | BE5: 0 | BF5: 0 | BG5: 0 | BH5: 0 | BI5: 0 | BJ5: 0 | BK5: 0 | BL5: 0 | BM5: 0 | BN5: 0 | BO5: 0 | BP5: 0 | BQ5: 0 | BR5: 0 | BS5: 0 | BT5: 0 | BU5: 0 | BV5: 0 | BW5: 0 | BX5: 0 | BY5: 0 | BZ5: 0 | CA5: 0 | CB5: 0 | CC5: 0 | CD5: 0 | CE5: 0 | CF5: 0 | CG5: 0 | CH5: 0 | CI5: 0 | CJ5: 0 | CK5: 0 | CL5: 0 | CM5: 0 | CN5: 0 | CO5: 0 | CP5: 0 | CQ5: 0 | CR5: 0 | CS5: 0 | CT5: 0 | CU5: 0 | CV5: 0 | CW5: 0 | CX5: 0 | CY5: 0 | CZ5: 0 | DA5: 0 | DB5: 0 | DC5: 0 | DD5: 0 | DE5: 0 | DF5: 0
A6: Aberdeen Performing Arts | B6: Leisure and Culture | C6: 0 | D6: 0 | E6: 0 | F6: 0 | G6: 0 | H6: 0 | I6: 0 | J6: 0 | K6: 0 | L6: 0 | M6: 0 | N6: 0 | O6: 0 | P6: 1 | Q6: 0 | R6: 0 | S6: 0 | T6: 0 | U6: 0 | V6: 0 | W6: 0 | X6: 0 | Y6: 0 | Z6: 0 | AA6: 0 | AB6: 0 | AC6: 0 | AD6: 0 | AE6: 0 | AF6: 0 | AG6: 0 | AH6: 0 | AI6: 0 | AJ6: 0 | AK6: 0 | AL6: 0 | AM6: 0 | AN6: 0 | AO6: 0 | AP6: 0 | AQ6: 0 | AR6: 0 | AS6: 0 | AT6: 0 | AU6: 0 | AV6: 0 | AW6: 0 | AX6: 0 | AY6: 0 | AZ6: 0 | BA6: 0 | BB6: 0 | BC6: 0 | BD6: 0 | BE6: 0 | BF6: 0 | BG6: 0 | BH6: 0 | BI6: 0 | BJ6: 0 | BK6: 0 | BL6: 0 | BM6: 0 | BN6: 0 | BO6: 0 | BP6: 0 | BQ6: 0 | BR6: 0 | BS6: 0 | BT6: 0 | BU6: 0 | BV6: 0 | BW6: 0 | BX6: 0 | BY6: 0 | BZ6: 0 | CA6: 0 | CB6: 0 | CC6: 0 | CD6: 0 | CE6: 0 | CF6: 0 | CG6: 0 | CH6: 0 | CI6: 0 | CJ6: 0 | CK6: 0 | CL6: 0 | CM6: 0 | CN6: 0 | CO6: 0 | CP6: 0 | CQ6: 0 | CR6: 0 | CS6: 0 | CT6: 0 | CU6: 0 | CV6: 0 | CW6: 0 | CX6: 0 | CY6: 0 | CZ6: 0 | DA6: 0 | DB6: 0 | DC6: 0 | DD6: 0 | DE6: 0 | DF6: 0
A7: Aberdeen Soroptimist Housing Society Ltd | B7: Registered Social Landlords | C7: 0 | D7: 0 | E7: 0 | F7: 0 | G7: 0 | H7: 0 | I7: 0 | J7: 0 | K7: 0 | L7: 0 | M7: 0 | N7: 0 | O7: 0 | P7: 0 | Q7: 0 | R7: 0 | S7: 0 | T7: 0 | U7: 0 | V7: 0 | W7: 0 | X7: 0 | Y7: 0 | Z7: 0 | AA7: 0 | AB7: 0 | AC7: 0 | AD7: 0 | AE7: 0 | AF7: 0 | AG7: 0 | AH7: 0 | AI7: 0 | AJ7: 0 | AK7: 0 | AL7: 0 | AM7: 0 | AN7: 0 | AO7: 0 | AP7: 0 | AQ7: 0 | AR7: 0 | AS7: 0 | AT7: 0 | AU7: 0 | AV7: 0 | AW7: 0 | AX7: 0 | AY7: 0 | AZ7: 0 | BA7: 0 | BB7: 0 | BC7: 0 | BD7: 0 | BE7: 0 | BF7: 0 | BG7: 0 | BH7: 0 | BI7: 0 | BJ7: 0 | BK7: 0 | BL7: 0 | BM7: 0 | BN7: 0 | BO7: 0 | BP7: 0 | BQ7: 0 | BR7: 0 | BS7: 0 | BT7: 0 | BU7: 0 | BV7: 0 | BW7: 0 | BX7: 0 | BY7: 0 | BZ7: 0 | CA7: 0 | CB7: 0 | CC7: 0 | CD7: 0 | CE7: 0 | CF7: 0 | CG7: 0 | CH7: 0 | CI7: 0 | CJ7: 0 | CK7: 0 | CL7: 0 | CM7: 0 | CN7: 0 | CO7: 0 | CP7: 0 | CQ7: 0 | CR7: 0 | CS7: 0 | CT7: 0 | CU7: 0 | CV7: 0 | CW7: 0 | CX7: 0 | CY7: 0 | CZ7: 0 | DA7: 0 | DB7: 0 | DC7: 0 | DD7: 0 | DE7: 0 | DF7: 0
A8: Aberdeenshire Council and Licensing Board | B8: Local Government | C8: 346 | D8: 1 | E8: 2 | F8: 0 | G8: 0 | H8: 289 | I8: 33 | J8: 6 | K8: 2 | L8: 0 | M8: 7 | N8: 256 | O8: 6 | P8: 11 | Q8: 36 | R8: 0 | S8: 58 | T8: 0 | U8: 1 | V8: 16 | W8: 6 | X8: 38 | Y8: 2 | Z8: 2 | AA8: 0 | AB8: 0 | AC8: 0 | AD8: 32 | AE8: 0 | AF8: 0 | AG8: 6 | AH8: 0 | AI8: 40 | AJ8: 5 | AK8: 4 | AL8: 0 | AM8: 0 | AN8: 3 | AO8: 1 | AP8: 0 | AQ8: 0 | AR8: 0 | AS8: 0 | AT8: 0 | AU8: 0 | AV8: 0 | AW8: 4 | AX8: 0 | AY8: 0 | AZ8: 0 | BA8: 0 | BB8: 0 | BC8: 0 | BD8: 0 | BE8: 0 | BF8: 0 | BG8: 0 | BH8: 0 | BI8: 0 | BJ8: 0 | BK8: 0 | BL8: 1 | BM8: 0 | BN8: 0 | BO8: 0 | BP8: 0 | BQ8: 0 | BR8: 3 | BS8: 0 | BT8: 0 | BU8: 0 | BV8: 0 | BW8: 0 | BX8: 0 | BY8: 1 | BZ8: 0 | CA8: 0 | CB8: 0 | CC8: 0 | CD8: 0 | CE8: 0 | CF8: 0 | CG8: 0 | CH8: 0 | CI8: 0 | CJ8: 0 | CK8: 0 | CL8: 0 | CM8: 0 | CN8: 0 | CO8: 0 | CP8: 0 | CQ8: 0 | CR8: 0 | CS8: 0 | CT8: 0 | CU8: 0 | CV8: 0 | CW8: 0 | CX8: 0 | CY8: 0 | CZ8: 0 | DA8: 0 | DB8: 0 | DC8: 0 | DD8: 0 | DE8: 0 | DF8: 0
A9: Aberdeenshire Integration Joint Board | B9: Health and Social Care | C9: 0 | D9: 0 | E9: 0 | F9: 0 | G9: 0 | H9: 0 | I9: 0 | J9: 0 | K9: 0 | L9: 0 | M9: 0 | N9: 0 | O9: 0 | P9: 0 | Q9: 0 | R9: 0 | S9: 0 | T9: 0 | U9: 0 | V9: 0 | W9: 0 | X9: 0 | Y9: 0 | Z9: 0 | AA9: 0 | AB9: 0 | AC9: 0 | AD9: 0 | AE9: 0 | AF9: 0 | AG9: 0 | AH9: 0 | AI9: 0 | AJ9: 0 | AK9: 0 | AL9: 0 | AM9: 0 | AN9: 0 | AO9: 0 | AP9: 0 | AQ9: 0 | AR9: 0 | AS9: 0 | AT9: 0 | AU9: 0 | AV9: 0 | AW9: 0 | AX9: 0 | AY9: 0 | AZ9: 0 | BA9: 0 | BB9: 0 | BC9: 0 | BD9: 0 | BE9: 0 | BF9: 0 | BG9: 0 | BH9: 0 | BI9: 0 | BJ9: 0 | BK9: 0 | BL9: 0 | BM9: 0 | BN9: 0 | BO9: 0 | BP9: 0 | BQ9: 0 | BR9: 0 | BS9: 0 | BT9: 0 | BU9: 0 | BV9: 0 | BW9: 0 | BX9: 0 | BY9: 0 | BZ9: 0 | CA9: 0 | CB9: 0 | CC9: 0 | CD9: 0 | CE9: 0 | CF9: 0 | CG9: 0 | CH9: 0 | CI9: 0 | CJ9: 0 | CK9: 0 | CL9: 0 | CM9: 0 | CN9: 0 | CO9: 0 | CP9: 0 | CQ9: 0 | CR9: 0 | CS9: 0 | CT9: 0 | CU9: 0 | CV9: 0 | CW9: 0 | CX9: 0 | CY9: 0 | CZ9: 0 | DA9: 0 | DB9: 0 | DC9: 0 | DD9: 0 | DE9: 0 | DF9: 0
A10: Abertay Housing Association Ltd | B10: Registered Social Landlords | C10: 0 | D10: 0 | E10: 0 | F10: 0 | G10: 0 | H10: 0 | I10: 0 | J10: 0 | K10: 0 | L10: 0 | M10: 0 | N10: 0 | O10: 0 | P10: 0 | Q10: 0 | R10: 0 | S10: 0 | T10: 0 | U10: 0 | V10: 0 | W10: 0 | X10: 0 | Y10: 0 | Z10: 0 | AA10: 0 | AB10: 0 | AC10: 0 | AD10: 0 | AE10: 0 | AF10: 0 | AG10: 0 | AH10: 0 | AI10: 0 | AJ10: 0 | AK10: 0 | AL10: 0 | AM10: 0 | AN10: 0 | AO10: 0 | AP10: 0 | AQ10: 0 | AR10: 0 | AS10: 0 | AT10: 0 | AU10: 0 | AV10: 0 | AW10: 0 | AX10: 0 | AY10: 0 | AZ10: 0 | BA10: 0 | BB10: 0 | BC10: 0 | BD10: 0 | BE10: 0 | BF10: 0 | BG10: 0 | BH10: 0 | BI10: 0 | BJ10: 0 | BK10: 0 | BL10: 0 | BM10: 0 | BN10: 0 | BO10: 0 | BP10: 0 | BQ10: 0 | BR10: 0 | BS10: 0 | BT10: 0 | BU10: 0 | BV10: 0 | BW10: 0 | BX10: 0 | BY10: 0 | BZ10: 0 | CA10: 0 | CB10: 0 | CC10: 0 | CD10: 0 | CE10: 0 | CF10: 0 | CG10: 0 | CH10: 0 | CI10: 0 | CJ10: 0 | CK10: 0 | CL10: 0 | CM10: 0 | CN10: 0 | CO10: 0 | CP10: 0 | CQ10: 0 | CR10: 0 | CS10: 0 | CT10: 0 | CU10: 0 | CV10: 0 | CW10: 0 | CX10: 0 | CY10: 0 | CZ10: 0 | DA10: 0 | DB10: 0 | DC10: 0 | DD10: 0 | DE10: 0 | DF10: 0
A11: Abronhill Housing Association Ltd | B11: Registered Social Landlords | C11: 1 | D11: 0 | E11: 0 | F11: 0 | G11: 0 | H11: 1 | I11: 0 | J11: 0 | K11: 0 | L11: 0 | M11: 0 | N11: 0 | O11: 0 | P11: 0 | Q11: 0 | R11: 0 | S11: 0 | T11: 0 | U11: 0 | V11: 0 | W11: 0 | X11: 0 | Y11: 0 | Z11: 0 | AA11: 0 | AB11: 0 | AC11: 0 | AD11: 0 | AE11: 0 | AF11: 0 | AG11: 0 | AH11: 0 | AI11: 0 | AJ11: 0 | AK11: 0 | AL11: 0 | AM11: 0 | AN11: 0 | AO11: 0 | AP11: 0 | AQ11: 0 | AR11: 0 | AS11: 0 | AT11: 0 | AU11: 0 | AV11: 0 | AW11: 0 | AX11: 0 | AY11: 0 | AZ11: 0 | BA11: 0 | BB11: 0 | BC11: 0 | BD11: 0 | BE11: 0 | BF11: 0 | BG11: 0 | BH11: 0 | BI11: 0 | BJ11: 0 | BK11: 0 | BL11: 0 | BM11: 0 | BN11: 0 | BO11: 0 | BP11: 0 | BQ11: 0 | BR11: 0 | BS11: 0 | BT11: 0 | BU11: 0 | BV11: 0 | BW11: 0 | BX11: 0 | BY11: 0 | BZ11: 0 | CA11: 0 | CB11: 0 | CC11: 0 | CD11: 0 | CE11: 0 | CF11: 0 | CG11: 0 | CH11: 0 | CI11: 0 | CJ11: 0 | CK11: 0 | CL11: 0 | CM11: 0 | CN11: 0 | CO11: 0 | CP11: 0 | CQ11: 0 | CR11: 0 | CS11: 0 | CT11: 0 | CU11: 0 | CV11: 0 | CW11: 0 | CX11: 0 | CY11: 0 | CZ11: 0 | DA11: 0 | DB11: 0 | DC11: 0 | DD11: 0 | DE11: 0 | DF11: 0
A12: Accounts Commission for Scotland | B12: Other | C12: 0 | D12: 0 | E12: 0 | F12: 0 | G12: 0 | H12: 0 | I12: 0 | J12: 0 | K12: 0 | L12: 0 | M12: 0 | N12: 0 | O12: 0 | P12: 0 | Q12: 0 | R12: 0 | S12: 0 | T12: 0 | U12: 0 | V12: 0 | W12: 0 | X12: 0 | Y12: 0 | Z12: 0 | AA12: 0 | AB12: 0 | AC12: 0 | AD12: 0 | AE12: 0 | AF12: 0 | AG12: 0 | AH12: 0 | AI12: 0 | AJ12: 0 | AK12: 0 | AL12: 0 | AM12: 0 | AN12: 0 | AO12: 0 | AP12: 0 | AQ12: 0 | AR12: 0 | AS12: 0 | AT12: 0 | AU12: 0 | AV12: 0 | AW12: 0 | AX12: 0 | AY12: 0 | AZ12: 0 | BA12: 0 | BB12: 0 | BC12: 0 | BD12: 0 | BE12: 0 | BF12: 0 | BG12: 0 | BH12: 0 | BI12: 0 | BJ12: 0 | BK12: 0 | BL12: 0 | BM12: 0 | BN12: 0 | BO12: 0 | BP12: 0 | BQ12: 0 | BR12: 0 | BS12: 0 | BT12: 0 | BU12: 0 | BV12: 0 | BW12: 0 | BX12: 0 | BY12: 0 | BZ12: 0 | CA12: 0 | CB12: 0 | CC12: 0 | CD12: 0 | CE12: 0 | CF12: 0 | CG12: 0 | CH12: 0 | CI12: 0 | CJ12: 0 | CK12: 0 | CL12: 0 | CM12: 0 | CN12: 0 | CO12: 0 | CP12: 0 | CQ12: 0 | CR12: 0 | CS12: 0 | CT12: 0 | CU12: 0 | CV12: 0 | CW12: 0 | CX12: 0 | CY12: 0 | CZ12: 0 | DA12: 0 | DB12: 0 | DC12: 0 | DD12: 0 | DE12: 0 | DF12: 0
A13: Active Stirling | B13: Leisure and Culture | C13: 0 | D13: 0 | E13: 0 | F13: 0 | G13: 0 | H13: 0 | I13: 0 | J13: 0 | K13: 0 | L13: 0 | M13: 0 | N13: 0 | O13: 0 | P13: 0 | Q13: 0 | R13: 0 | S13: 0 | T13: 0 | U13: 0 | V13: 0 | W13: 0 | X13: 0 | Y13: 0 | Z13: 0 | AA13: 0 | AB13: 0 | AC13: 0 | AD13: 0 | AE13: 0 | AF13: 0 | AG13: 0 | AH13: 0 | AI13: 0 | AJ13: 0 | AK13: 0 | AL13: 0 | AM13: 0 | AN13: 0 | AO13: 0 | AP13: 0 | AQ13: 0 | AR13: 0 | AS13: 0 | AT13: 0 | AU13: 0 | AV13: 0 | AW13: 0 | AX13: 0 | AY13: 0 | AZ13: 0 | BA13: 0 | BB13: 0 | BC13: 0 | BD13: 0 | BE13: 0 | BF13: 0 | BG13: 0 | BH13: 0 | BI13: 0 | BJ13: 0 | BK13: 0 | BL13: 0 | BM13: 0 | BN13: 0 | BO13: 0 | BP13: 0 | BQ13: 0 | BR13: 0 | BS13: 0 | BT13: 0 | BU13: 0 | BV13: 0 | BW13: 0 | BX13: 0 | BY13: 0 | BZ13: 0 | CA13: 0 | CB13: 0 | CC13: 0 | CD13: 0 | CE13: 0 | CF13: 0 | CG13: 0 | CH13: 0 | CI13: 0 | CJ13: 0 | CK13: 0 | CL13: 0 | CM13: 0 | CN13: 0 | CO13: 0 | CP13: 0 | CQ13: 0 | CR13: 0 | CS13: 0 | CT13: 0 | CU13: 0 | CV13: 0 | CW13: 0 | CX13: 0 | CY13: 0 | CZ13: 0 | DA13: 0 | DB13: 0 | DC13: 0 | DD13: 0 | DE13: 0 | DF13: 0
... A260: Melville Housing Association Ltd | B260: Registered Social Landlords | C260: 0 | D260: 0 | E260: 0 | F260: 0 | G260: 0 | H260: 0 | I260: 0 | J260: 0 | K260: 0 | L260: 0 | M260: 0 | N260: 0 | O260: 0 | P260: 0 | Q260: 0 | R260: 0 | S260: 0 | T260: 0 | U260: 0 | V260: 0 | W260: 0 | X260: 0 | Y260: 0 | Z260: 0 | AA260: 0 | AB260: 0 | AC260: 0 | AD260: 0 | AE260: 0 | AF260: 0 | AG260: 0 | AH260: 0 | AI260: 1 | AJ260: 0 | AK260: 0 | AL260: 0 | AM260: 0 | AN260: 0 | AO260: 0 | AP260: 0 | AQ260: 0 | AR260: 0 | AS260: 0 | AT260: 0 | AU260: 0 | AV260: 0 | AW260: 0 | AX260: 0 | AY260: 0 | AZ260: 0 | BA260: 0 | BB260: 0 | BC260: 0 | BD260: 0 | BE260: 0 | BF260: 0 | BG260: 0 | BH260: 0 | BI260: 0 | BJ260: 0 | BK260: 0 | BL260: 0 | BM260: 0 | BN260: 0 | BO260: 0 | BP260: 0 | BQ260: 0 | BR260: 0 | BS260: 0 | BT260: 0 | BU260: 0 | BV260: 0 | BW260: 0 | BX260: 0 | BY260: 0 | BZ260: 0 | CA260: 0 | CB260: 0 | CC260: 0 | CD260: 0 | CE260: 0 | CF260: 0 | CG260: 0 | CH260: 0 | CI260: 0 | CJ260: 0 | CK260: 0 | CL260: 0 | CM260: 0 | CN260: 0 | CO260: 0 | CP260: 0 | CQ260: 0 | CR260: 0 | CS260: 0 | CT260: 0 | CU260: 0 | CV260: 0 | CW260: 0 | CX260: 0 | CY260: 0 | CZ260: 0 | DA260: 0 | DB260: 0 | DC260: 0 | DD260: 0 | DE260: 0 | DF260: 0
A261: Mental Welfare Commission for Scotland | B261: Other | C261: 5 | D261: 0 | E261: 0 | F261: 0 | G261: 0 | H261: 5 | I261: 0 | J261: 0 | K261: 0 | L261: 0 | M261: 0 | N261: 1 | O261: 0 | P261: 0 | Q261: 3 | R261: 0 | S261: 0 | T261: 0 | U261: 0 | V261: 0 | W261: 0 | X261: 0 | Y261: 0 | Z261: 0 | AA261: 0 | AB261: 0 | AC261: 0 | AD261: 0 | AE261: 0 | AF261: 0 | AG261: 0 | AH261: 0 | AI261: 2 | AJ261: 2 | AK261: 2 | AL261: 0 | AM261: 0 | AN261: 2 | AO261: 0 | AP261: 0 | AQ261: 0 | AR261: 0 | AS261: 0 | AT261: 0 | AU261: 0 | AV261: 0 | AW261: #VALUE! | AX261: 0 | AY261: 0 | AZ261: 0 | BA261: 0 | BB261: 0 | BC261: 0 | BD261: 0 | BE261: 0 | BF261: 0 | BG261: 0 | BH261: 0 | BI261: 0 | BJ261: 0 | BK261: 0 | BL261: 0 | BM261: 0 | BN261: 0 | BO261: 0 | BP261: 0 | BQ261: 0 | BR261: 0 | BS261: 0 | BT261: 0 | BU261: 0 | BV261: 0 | BW261: 0 | BX261: 0 | BY261: 0 | BZ261: 0 | CA261: 0 | CB261: 0 | CC261: 0 | CD261: 0 | CE261: 0 | CF261: 0 | CG261: 0 | CH261: 0 | CI261: 0 | CJ261: 0 | CK261: 0 | CL261: 0 | CM261: 2 | CN261: 0 | CO261: 0 | CP261: 0 | CQ261: 0 | CR261: 0 | CS261: 0 | CT261: 0 | CU261: 0 | CV261: 0 | CW261: 0 | CX261: 0 | CY261: 0 | CZ261: 0 | DA261: 0 | DB261: 0 | DC261: 0 | DD261: 0 | DE261: 0 | DF261: 0
A262: Midlothian Council | B262: Local Government | C262: 204 | D262: 0 | E262: 0 | F262: 0 | G262: 0 | H262: 171 | I262: 27 | J262: 3 | K262: 1 | L262: 0 | M262: 0 | N262: 194 | O262: 4 | P262: 0 | Q262: 0 | R262: 0 | S262: 6 | T262: 0 | U262: 0 | V262: 0 | W262: 0 | X262: 5 | Y262: 1 | Z262: 0 | AA262: 0 | AB262: 0 | AC262: 0 | AD262: 6 | AE262: 0 | AF262: 0 | AG262: 0 | AH262: 0 | AI262: 36 | AJ262: 2 | AK262: 2 | AL262: 0 | AM262: 0 | AN262: 1 | AO262: 1 | AP262: 0 | AQ262: 0 | AR262: 0 | AS262: 0 | AT262: 0 | AU262: 0 | AV262: 0 | AW262: 0 | AX262: 0 | AY262: 0 | AZ262: 0 | BA262: 0 | BB262: 0 | BC262: 0 | BD262: 0 | BE262: 0 | BF262: 0 | BG262: 0 | BH262: 0 | BI262: 0 | BJ262: 0 | BK262: 0 | BL262: 0 | BM262: 0 | BN262: 0 | BO262: 0 | BP262: 0 | BQ262: 0 | BR262: 0 | BS262: 0 | BT262: 0 | BU262: 0 | BV262: 0 | BW262: 0 | BX262: 0 | BY262: 0 | BZ262: 0 | CA262: 0 | CB262: 0 | CC262: 0 | CD262: 0 | CE262: 0 | CF262: 0 | CG262: 0 | CH262: 0 | CI262: 0 | CJ262: 0 | CK262: 0 | CL262: 0 | CM262: 4 | CN262: 0 | CO262: 0 | CP262: 0 | CQ262: 0 | CR262: 0 | CS262: 0 | CT262: 0 | CU262: 0 | CV262: 0 | CW262: 0 | CX262: 0 | CY262: 0 | CZ262: 0 | DA262: 0 | DB262: 0 | DC262: 0 | DD262: 0 | DE262: 0 | DF262: 0
A263: Midlothian Integration Joint Board | B263: Health and Social Care | C263: 1 | D263: 0 | E263: 0 | F263: 0 | G263: 0 | H263: 1 | I263: 0 | J263: 0 | K263: 0 | L263: 0 | M263: 0 | N263: 1 | O263: 0 | P263: 0 | Q263: 0 | R263: 0 | S263: 0 | T263: 0 | U263: 0 | V263: 0 | W263: 0 | X263: 0 | Y263: 0 | Z263: 0 | AA263: 0 | AB263: 0 | AC263: 0 | AD263: 0 | AE263: 0 | AF263: 0 | AG263: 0 | AH263: 0 | AI263: 0 | AJ263: 0 | AK263: 0 | AL263: 0 | AM263: 0 | AN263: 0 | AO263: 0 | AP263: 0 | AQ263: 0 | AR263: 0 | AS263: 0 | AT263: 0 | AU263: 0 | AV263: 0 | AW263: 0 | AX263: 0 | AY263: 0 | AZ263: 0 | BA263: 0 | BB263: 0 | BC263: 0 | BD263: 0 | BE263: 0 | BF263: 0 | BG263: 0 | BH263: 0 | BI263: 0 | BJ263: 0 | BK263: 0 | BL263: 0 | BM263: 0 | BN263: 0 | BO263: 0 | BP263: 0 | BQ263: 0 | BR263: 0 | BS263: 0 | BT263: 0 | BU263: 0 | BV263: 0 | BW263: 0 | BX263: 0 | BY263: 0 | BZ263: 0 | CA263: 0 | CB263: 0 | CC263: 0 | CD263: 0 | CE263: 0 | CF263: 0 | CG263: 0 | CH263: 0 | CI263: 0 | CJ263: 0 | CK263: 0 | CL263: 0 | CM263: 0 | CN263: 0 | CO263: 0 | CP263: 0 | CQ263: 0 | CR263: 0 | CS263: 0 | CT263: 0 | CU263: 0 | CV263: 0 | CW263: 0 | CX263: 0 | CY263: 0 | CZ263: 0 | DA263: 0 | DB263: 0 | DC263: 0 | DD263: 0 | DE263: 0 | DF263: 0
A264: Midlothian Licensing Board | B264: Local Government | C264: 3 | D264: 0 | E264: 0 | F264: 0 | G264: 0 | H264: 3 | I264: 0 | J264: 0 | K264: 0 | L264: 0 | M264: 0 | N264: 3 | O264: 0 | P264: 0 | Q264: 0 | R264: 0 | S264: 0 | T264: 0 | U264: 0 | V264: 0 | W264: 0 | X264: 0 | Y264: 0 | Z264: 0 | AA264: 0 | AB264: 0 | AC264: 0 | AD264: 0 | AE264: 0 | AF264: 0 | AG264: 0 | AH264: 0 | AI264: 0 | AJ264: 0 | AK264: 0 | AL264: 0 | AM264: 0 | AN264: 0 | AO264: 0 | AP264: 0 | AQ264: 0 | AR264: 0 | AS264: 0 | AT264: 0 | AU264: 0 | AV264: 0 | AW264: 0 | AX264: 0 | AY264: 0 | AZ264: 0 | BA264: 0 | BB264: 0 | BC264: 0 | BD264: 0 | BE264: 0 | BF264: 0 | BG264: 0 | BH264: 0 | BI264: 0 | BJ264: 0 | BK264: 0 | BL264: 0 | BM264: 0 | BN264: 0 | BO264: 0 | BP264: 0 | BQ264: 0 | BR264: 0 | BS264: 0 | BT264: 0 | BU264: 0 | BV264: 0 | BW264: 0 | BX264: 0 | BY264: 0 | BZ264: 0 | CA264: 0 | CB264: 0 | CC264: 0 | CD264: 0 | CE264: 0 | CF264: 0 | CG264: 0 | CH264: 0 | CI264: 0 | CJ264: 0 | CK264: 0 | CL264: 0 | CM264: 0 | CN264: 0 | CO264: 0 | CP264: 0 | CQ264: 0 | CR264: 0 | CS264: 0 | CT264: 0 | CU264: 0 | CV264: 0 | CW264: 0 | CX264: 0 | CY264: 0 | CZ264: 0 | DA264: 0 | DB264: 0 | DC264: 0 | DD264: 0 | DE264: 0 | DF264: 0
A265: Milnbank Community Enterprise | B265: Registered Social Landlords | C265: 0 | D265: 0 | E265: 0 | F265: 0 | G265: 0 | H265: 0 | I265: 0 | J265: 0 | K265: 0 | L265: 0 | M265: 0 | N265: 0 | O265: 0 | P265: 0 | Q265: 0 | R265: 0 | S265: 0 | T265: 0 | U265: 0 | V265: 0 | W265: 0 | X265: 0 | Y265: 0 | Z265: 0 | AA265: 0 | AB265: 0 | AC265: 0 | AD265: 0 | AE265: 0 | AF265: 0 | AG265: 0 | AH265: 0 | AI265: 0 | AJ265: 0 | AK265: 0 | AL265: 0 | AM265: 0 | AN265: 0 | AO265: 0 | AP265: 0 | AQ265: 0 | AR265: 0 | AS265: 0 | AT265: 0 | AU265: 0 | AV265: 0 | AW265: 0 | AX265: 0 | AY265: 0 | AZ265: 0 | BA265: 0 | BB265: 0 | BC265: 0 | BD265: 0 | BE265: 0 | BF265: 0 | BG265: 0 | BH265: 0 | BI265: 0 | BJ265: 0 | BK265: 0 | BL265: 0 | BM265: 0 | BN265: 0 | BO265: 0 | BP265: 0 | BQ265: 0 | BR265: 0 | BS265: 0 | BT265: 0 | BU265: 0 | BV265: 0 | BW265: 0 | BX265: 0 | BY265: 0 | BZ265: 0 | CA265: 0 | CB265: 0 | CC265: 0 | CD265: 0 | CE265: 0 | CF265: 0 | CG265: 0 | CH265: 0 | CI265: 0 | CJ265: 0 | CK265: 0 | CL265: 0 | CM265: 0 | CN265: 0 | CO265: 0 | CP265: 0 | CQ265: 0 | CR265: 0 | CS265: 0 | CT265: 0 | CU265: 0 | CV265: 0 | CW265: 0 | CX265: 0 | CY265: 0 | CZ265: 0 | DA265: 0 | DB265: 0 | DC265: 0 | DD265: 0 | DE265: 0 | DF265: 0
A266: Milnbank Housing Association Ltd | B266: Registered Social Landlords | C266: 0 | D266: 0 | E266: 0 | F266: 0 | G266: 0 | H266: 0 | I266: 0 | J266: 0 | K266: 0 | L266: 0 | M266: 0 | N266: 0 | O266: 0 | P266: 0 | Q266: 0 | R266: 0 | S266: 0 | T266: 0 | U266: 0 | V266: 0 | W266: 0 | X266: 0 | Y266: 0 | Z266: 0 | AA266: 0 | AB266: 0 | AC266: 0 | AD266: 0 | AE266: 0 | AF266: 0 | AG266: 0 | AH266: 0 | AI266: 1 | AJ266: 0 | AK266: 0 | AL266: 0 | AM266: 0 | AN266: 0 | AO266: 0 | AP266: 0 | AQ266: 0 | AR266: 0 | AS266: 0 | AT266: 0 | AU266: 0 | AV266: 0 | AW266: 0 | AX266: 0 | AY266: 0 | AZ266: 0 | BA266: 0 | BB266: 0 | BC266: 0 | BD266: 0 | BE266: 0 | BF266: 0 | BG266: 0 | BH266: 0 | BI266: 0 | BJ266: 0 | BK266: 0 | BL266: 0 | BM266: 0 | BN266: 0 | BO266: 0 | BP266: 0 | BQ266: 0 | BR266: 0 | BS266: 0 | BT266: 0 | BU266: 0 | BV266: 0 | BW266: 0 | BX266: 0 | BY266: 0 | BZ266: 0 | CA266: 0 | CB266: 0 | CC266: 0 | CD266: 0 | CE266: 0 | CF266: 0 | CG266: 0 | CH266: 0 | CI266: 0 | CJ266: 0 | CK266: 0 | CL266: 0 | CM266: 0 | CN266: 0 | CO266: 0 | CP266: 0 | CQ266: 0 | CR266: 0 | CS266: 0 | CT266: 0 | CU266: 0 | CV266: 0 | CW266: 0 | CX266: 0 | CY266: 0 | CZ266: 0 | DA266: 0 | DB266: 0 | DC266: 0 | DD266: 0 | DE266: 0 | DF266: 0
A267: Mirren Park School | B267: Other | C267: 0 | D267: 0 | E267: 0 | F267: 0 | G267: 0 | H267: 0 | I267: 0 | J267: 0 | K267: 0 | L267: 0 | M267: 0 | N267: 0 | O267: 0 | P267: 0 | Q267: 0 | R267: 0 | S267: 0 | T267: 0 | U267: 0 | V267: 0 | W267: 0 | X267: 0 | Y267: 0 | Z267: 0 | AA267: 0 | AB267: 0 | AC267: 0 | AD267: 0 | AE267: 0 | AF267: 0 | AG267: 0 | AH267: 0 | AI267: 0 | AJ267: 0 | AK267: 0 | AL267: 0 | AM267: 0 | AN267: 0 | AO267: 0 | AP267: 0 | AQ267: 0 | AR267: 0 | AS267: 0 | AT267: 0 | AU267: 0 | AV267: 0 | AW267: 0 | AX267: 0 | AY267: 0 | AZ267: 0 | BA267: 0 | BB267: 0 | BC267: 0 | BD267: 0 | BE267: 0 | BF267: 0 | BG267: 0 | BH267: 0 | BI267: 0 | BJ267: 0 | BK267: 0 | BL267: 0 | BM267: 0 | BN267: 0 | BO267: 0 | BP267: 0 | BQ267: 0 | BR267: 0 | BS267: 0 | BT267: 0 | BU267: 0 | BV267: 0 | BW267: 0 | BX267: 0 | BY267: 0 | BZ267: 0 | CA267: 0 | CB267: 0 | CC267: 0 | CD267: 0 | CE267: 0 | CF267: 0 | CG267: 0 | CH267: 0 | CI267: 0 | CJ267: 0 | CK267: 0 | CL267: 0 | CM267: 0 | CN267: 0 | CO267: 0 | CP267: 0 | CQ267: 0 | CR267: 0 | CS267: 0 | CT267: 0 | CU267: 0 | CV267: 0 | CW267: 0 | CX267: 0 | CY267: 0 | CZ267: 0 | DA267: 0 | DB267: 0 | DC267: 0 | DD267: 0 | DE267: 0 | DF267: 0
A268: Molendinar Park Housing Association | B268: Registered Social Landlords | C268: 0 | D268: 0 | E268: 0 | F268: 0 | G268: 0 | H268: 0 | I268: 0 | J268: 0 | K268: 0 | L268: 0 | M268: 0 | N268: 0 | O268: 0 | P268: 0 | Q268: 0 | R268: 0 | S268: 1 | T268: 0 | U268: 0 | V268: 0 | W268: 0 | X268: 1 | Y268: 0 | Z268: 0 | AA268: 0 | AB268: 0 | AC268: 0 | AD268: 1 | AE268: 0 | AF268: 0 | AG268: 0 | AH268: 0 | AI268: 0 | AJ268: 0 | AK268: 0 | AL268: 0 | AM268: 0 | AN268: 0 | AO268: 0 | AP268: 0 | AQ268: 0 | AR268: 0 | AS268: 0 | AT268: 0 | AU268: 0 | AV268: 0 | AW268: 0 | AX268: 0 | AY268: 0 | AZ268: 0 | BA268: 0 | BB268: 0 | BC268: 0 | BD268: 0 | BE268: 0 | BF268: 0 | BG268: 0 | BH268: 0 | BI268: 0 | BJ268: 0 | BK268: 0 | BL268: 0 | BM268: 0 | BN268: 0 | BO268: 0 | BP268: 0 | BQ268: 0 | BR268: 0 | BS268: 0 | BT268: 0 | BU268: 0 | BV268: 0 | BW268: 0 | BX268: 0 | BY268: 0 | BZ268: 0 | CA268: 0 | CB268: 0 | CC268: 0 | CD268: 0 | CE268: 0 | CF268: 0 | CG268: 0 | CH268: 0 | CI268: 0 | CJ268: 0 | CK268: 0 | CL268: 0 | CM268: 0 | CN268: 0 | CO268: 0 | CP268: 0 | CQ268: 1 | CR268: 0 | CS268: 0 | CT268: 0 | CU268: 0 | CV268: 0 | CW268: 0 | CX268: 0 | CY268: 0 | CZ268: 0 | DA268: 0 | DB268: 0 | DC268: 0 | DD268: 0 | DE268: 0 | DF268: 0
A269: Moore House School | B269: Other | C269: 2 | D269: 0 | E269: 0 | F269: 0 | G269: 0 | H269: 2 | I269: 0 | J269: 0 | K269: 0 | L269: 0 | M269: 0 | N269: 0 | O269: 0 | P269: 0 | Q269: 0 | R269: 0 | S269: 0 | T269: 0 | U269: 0 | V269: 0 | W269: 0 | X269: 0 | Y269: 0 | Z269: 0 | AA269: 0 | AB269: 0 | AC269: 0 | AD269: 0 | AE269: 0 | AF269: 0 | AG269: 0 | AH269: 0 | AI269: 0 | AJ269: 0 | AK269: 0 | AL269: 0 | AM269: 0 | AN269: 0 | AO269: 0 | AP269: 0 | AQ269: 0 | AR269: 0 | AS269: 0 | AT269: 0 | AU269: 0 | AV269: 0 | AW269: 0 | AX269: 0 | AY269: 0 | AZ269: 0 | BA269: 0 | BB269: 0 | BC269: 0 | BD269: 0 | BE269: 0 | BF269: 0 | BG269: 0 | BH269: 0 | BI269: 0 | BJ269: 0 | BK269: 0 | BL269: 0 | BM269: 0 | BN269: 0 | BO269: 0 | BP269: 0 | BQ269: 0 | BR269: 0 | BS269: 0 | BT269: 0 | BU269: 0 | BV269: 0 | BW269: 0 | BX269: 0 | BY269: 0 | BZ269: 0 | CA269: 0 | CB269: 0 | CC269: 0 | CD269: 0 | CE269: 0 | CF269: 0 | CG269: 0 | CH269: 0 | CI269: 0 | CJ269: 0 | CK269: 0 | CL269: 0 | CM269: 0 | CN269: 0 | CO269: 0 | CP269: 0 | CQ269: 0 | CR269: 0 | CS269: 0 | CT269: 0 | CU269: 0 | CV269: 0 | CW269: 0 | CX269: 0 | CY269: 0 | CZ269: 0 | DA269: 0 | DB269: 0 | DC269: 0 | DD269: 0 | DE269: 0 | DF269: 0
A270: Moray College | B270: Higher and Further Education | C270: 1 | D270: 0 | E270: 0 | F270: 0 | G270: 0 | H270: 1 | I270: 0 | J270: 0 | K270: 0 | L270: 0 | M270: 0 | N270: 1 | O270: 0 | P270: 0 | Q270: 0 | R270: 0 | S270: 0 | T270: 0 | U270: 0 | V270: 0 | W270: 0 | X270: 0 | Y270: 0 | Z270: 0 | AA270: 0 | AB270: 0 | AC270: 0 | AD270: 0 | AE270: 0 | AF270: 0 | AG270: 0 | AH270: 0 | AI270: 0 | AJ270: 0 | AK270: 0 | AL270: 0 | AM270: 0 | AN270: 0 | AO270: 0 | AP270: 0 | AQ270: 0 | AR270: 0 | AS270: 0 | AT270: 0 | AU270: 0 | AV270: 0 | AW270: 0 | AX270: 0 | AY270: 0 | AZ270: 0 | BA270: 0 | BB270: 0 | BC270: 0 | BD270: 0 | BE270: 0 | BF270: 0 | BG270: 0 | BH270: 0 | BI270: 0 | BJ270: 0 | BK270: 0 | BL270: 0 | BM270: 0 | BN270: 0 | BO270: 0 | BP270: 0 | BQ270: 0 | BR270: 0 | BS270: 0 | BT270: 0 | BU270: 0 | BV270: 0 | BW270: 0 | BX270: 0 | BY270: 0 | BZ270: 0 | CA270: 0 | CB270: 0 | CC270: 0 | CD270: 0 | CE270: 0 | CF270: 0 | CG270: 0 | CH270: 0 | CI270: 0 | CJ270: 0 | CK270: 0 | CL270: 0 | CM270: 0 | CN270: 0 | CO270: 0 | CP270: 0 | CQ270: 0 | CR270: 0 | CS270: 0 | CT270: 0 | CU270: 0 | CV270: 0 | CW270: 0 | CX270: 0 | CY270: 0 | CZ270: 0 | DA270: 0 | DB270: 0 | DC270: 0 | DD270: 0 | DE270: 0 | DF270: 0
A271: Moray Council and Licensing Board | B271: Local Government | C271: 273 | D271: 0 | E271: 2 | F271: 0 | G271: 0 | H271: 209 | I271: 50 | J271: 13 | K271: 6 | L271: 0 | M271: 0 | N271: 147 | O271: 34 | P271: 49 | Q271: 17 | R271: 0 | S271: 5 | T271: 0 | U271: 0 | V271: 0 | W271: 0 | X271: 0 | Y271: 1 | Z271: 0 | AA271: 0 | AB271: 0 | AC271: 0 | AD271: 3 | AE271: 0 | AF271: 2 | AG271: 1 | AH271: 0 | AI271: 17 | AJ271: 5 | AK271: 2 | AL271: 2 | AM271: 1 | AN271: 4 | AO271: 0 | AP271: 0 | AQ271: 0 | AR271: 0 | AS271: 0 | AT271: 0 | AU271: 0 | AV271: 0 | AW271: 25 | AX271: 0 | AY271: 0 | AZ271: 0 | BA271: 0 | BB271: 1 | BC271: 0 | BD271: 0 | BE271: 0 | BF271: 0 | BG271: 0 | BH271: 0 | BI271: 0 | BJ271: 0 | BK271: 0 | BL271: 0 | BM271: 0 | BN271: 0 | BO271: 0 | BP271: 0 | BQ271: 0 | BR271: 3 | BS271: 0 | BT271: 0 | BU271: 0 | BV271: 0 | BW271: 0 | BX271: 0 | BY271: 0 | BZ271: 0 | CA271: 0 | CB271: 0 | CC271: 0 | CD271: 0 | CE271: 0 | CF271: 0 | CG271: 0 | CH271: 0 | CI271: 0 | CJ271: 0 | CK271: 0 | CL271: 0 | CM271: 15 | CN271: 1 | CO271: 0 | CP271: 0 | CQ271: 0 | CR271: 0 | CS271: 0 | CT271: 0 | CU271: 0 | CV271: 0 | CW271: 0 | CX271: 0 | CY271: 0 | CZ271: 0 | DA271: 0 | DB271: 0 | DC271: 0 | DD271: 0 | DE271: 0 | DF271: 0
A272: Moray Integration Joint Board | B272: Health and Social Care | C272: 0 | D272: 0 | E272: 0 | F272: 0 | G272: 0 | H272: 0 | I272: 0 | J272: 0 | K272: 0 | L272: 0 | M272: 0 | N272: 0 | O272: 0 | P272: 0 | Q272: 0 | R272: 0 | S272: 0 | T272: 0 | U272: 0 | V272: 0 | W272: 0 | X272: 0 | Y272: 0 | Z272: 0 | AA272: 0 | AB272: 0 | AC272: 0 | AD272: 0 | AE272: 0 | AF272: 0 | AG272: 0 | AH272: 0 | AI272: 0 | AJ272: 0 | AK272: 0 | AL272: 0 | AM272: 0 | AN272: 0 | AO272: 0 | AP272: 0 | AQ272: 0 | AR272: 0 | AS272: 0 | AT272: 0 | AU272: 0 | AV272: 0 | AW272: 0 | AX272: 0 | AY272: 0 | AZ272: 0 | BA272: 0 | BB272: 0 | BC272: 0 | BD272: 0 | BE272: 0 | BF272: 0 | BG272: 0 | BH272: 0 | BI272: 0 | BJ272: 0 | BK272: 0 | BL272: 0 | BM272: 0 | BN272: 0 | BO272: 0 | BP272: 0 | BQ272: 0 | BR272: 0 | BS272: 0 | BT272: 0 | BU272: 0 | BV272: 0 | BW272: 0 | BX272: 0 | BY272: 0 | BZ272: 0 | CA272: 0 | CB272: 0 | CC272: 0 | CD272: 0 | CE272: 0 | CF272: 0 | CG272: 0 | CH272: 0 | CI272: 0 | CJ272: 0 | CK272: 0 | CL272: 0 | CM272: 0 | CN272: 0 | CO272: 0 | CP272: 0 | CQ272: 0 | CR272: 0 | CS272: 0 | CT272: 0 | CU272: 0 | CV272: 0 | CW272: 0 | CX272: 0 | CY272: 0 | CZ272: 0 | DA272: 0 | DB272: 0 | DC272: 0 | DD272: 0 | DE272: 0 | DF272: 0
A273: Moray Leisure | B273: Leisure and Culture | C273: 0 | D273: 0 | E273: 0 | F273: 0 | G273: 0 | H273: 0 | I273: 0 | J273: 0 | K273: 0 | L273: 0 | M273: 0 | N273: 0 | O273: 0 | P273: 0 | Q273: 0 | R273: 0 | S273: 0 | T273: 0 | U273: 0 | V273: 0 | W273: 0 | X273: 0 | Y273: 0 | Z273: 0 | AA273: 0 | AB273: 0 | AC273: 0 | AD273: 0 | AE273: 0 | AF273: 0 | AG273: 0 | AH273: 0 | AI273: 0 | AJ273: 0 | AK273: 0 | AL273: 0 | AM273: 0 | AN273: 0 | AO273: 0 | AP273: 0 | AQ273: 0 | AR273: 0 | AS273: 0 | AT273: 0 | AU273: 0 | AV273: 0 | AW273: 0 | AX273: 0 | AY273: 0 | AZ273: 0 | BA273: 0 | BB273: 0 | BC273: 0 | BD273: 0 | BE273: 0 | BF273: 0 | BG273: 0 | BH273: 0 | BI273: 0 | BJ273: 0 | BK273: 0 | BL273: 0 | BM273: 0 | BN273: 0 | BO273: 0 | BP273: 0 | BQ273: 0 | BR273: 0 | BS273: 0 | BT273: 0 | BU273: 0 | BV273: 0 | BW273: 0 | BX273: 0 | BY273: 0 | BZ273: 0 | CA273: 0 | CB273: 0 | CC273: 0 | CD273: 0 | CE273: 0 | CF273: 0 | CG273: 0 | CH273: 0 | CI273: 0 | CJ273: 0 | CK273: 0 | CL273: 0 | CM273: 0 | CN273: 0 | CO273: 0 | CP273: 0 | CQ273: 0 | CR273: 0 | CS273: 0 | CT273: 0 | CU273: 0 | CV273: 0 | CW273: 0 | CX273: 0 | CY273: 0 | CZ273: 0 | DA273: 0 | DB273: 0 | DC273: 0 | DD273: 0 | DE273: 0 | DF273: 0
... A507: Yorkhill Housing Association Ltd | B507: Registered Social Landlords | C507: 2 | D507: 0 | E507: 0 | F507: 0 | G507: 0 | H507: 2 | I507: 0 | J507: 0 | K507: 0 | L507: 0 | M507: 0 | N507: 2 | O507: 0 | P507: 0 | Q507: 0 | R507: 0 | S507: 1 | T507: 0 | U507: 0 | V507: 0 | W507: 0 | X507: 1 | Y507: 0 | Z507: 0 | AA507: 0 | AB507: 0 | AC507: 0 | AD507: 1 | AE507: 0 | AF507: 0 | AG507: 0 | AH507: 0 | AI507: 2 | AJ507: 0 | AK507: 0 | AL507: 0 | AM507: 0 | AN507: 0 | AO507: 0 | AP507: 0 | AQ507: 0 | AR507: 0 | AS507: 0 | AT507: 0 | AU507: 0 | AV507: 0 | AW507: 0 | AX507: 0 | AY507: 0 | AZ507: 0 | BA507: 0 | BB507: 0 | BC507: 0 | BD507: 0 | BE507: 0 | BF507: 0 | BG507: 0 | BH507: 0 | BI507: 0 | BJ507: 0 | BK507: 0 | BL507: 0 | BM507: 0 | BN507: 0 | BO507: 0 | BP507: 0 | BQ507: 0 | BR507: 0 | BS507: 0 | BT507: 0 | BU507: 0 | BV507: 0 | BW507: 0 | BX507: 0 | BY507: 0 | BZ507: 0 | CA507: 0 | CB507: 0 | CC507: 0 | CD507: 0 | CE507: 0 | CF507: 0 | CG507: 0 | CH507: 0 | CI507: 0 | CJ507: 0 | CK507: 0 | CL507: 0 | CM507: 0 | CN507: 0 | CO507: 0 | CP507: 0 | CQ507: 0 | CR507: 0 | CS507: 0 | CT507: 0 | CU507: 0 | CV507: 0 | CW507: 0 | CX507: 0 | CY507: 0 | CZ507: 0 | DA507: 0 | DB507: 0 | DC507: 0 | DD507: 0 | DE507: 0 | DF507: 0

Sheet Overview
A1: Public Authority | B1: Sector: | C1: FOISA requests | D1: FOISA closed - unclear | E1: FOISA closed - withdrawn | F1: FOISA fees notice | G1: FOISA fees paid | H1: FOISA response on time | I1: FOISA response late | J1: FOISA failure to respond | K1: FOISA refused cost | L1: FOISA vexatious | M1: FOISA repeated | N1: FOISA full release | O1: FOISA none released | P1: FOISA some released | Q1: FOISA none held | R1: FOISA no confirm/deny | S1: EIR requests | T1: EIR closed - unclear | U1: EIR closed - withdrawn | V1: EIR - fees notice | W1: EIR - fees paid | X1: EIR - Response on time | Y1: EIR - response late | Z1: EIR - failure to respond | AA1: EIR - timescale extended | AB1: EIR refused - cost | AC1: EIR - manifestly unreasonable | AD1: EIR - full release | AE1: EIR - none released | AF1: EIR - some released | AG1: EIR - none held | AH1: EIR - no confirm/deny | AI1: Subject Access Requests | AJ1: FOISA reviews | AK1: FOISA review - on time | AL1: FOISA reviews - late response | AM1: FOISA reviews - failure to respond | AN1: FOISA reviews - wholly/partially upheld | AO1: FOISA review - substituted decision | AP1: FOISA review - decision reached | AQ1: EIR reviews | AR1: EIR review - on time | AS1: EIR review - late response | AT1: EIR review - failure to respond | AU1: EIR review - upheld | AV1: EIR review - not upheld | AW1: Otherwise accessible | AX1: Publication scheme | AY1: Disclosure prohibited: enactment | AZ1: Disclosure prohibited: EU obligation | BA1: Disclosure prohibited: contempt of court | BB1: Future publication: 12 weeks | BC1: Future publication: programme of research | BD1: Substantial prejudice to UK relations | BE1: Formulation/development of government policy | BF1: Ministerial communications | BG1: Advice by Law Officers | BH1: Operation of Ministerial private office | BI1: Substantial prejudice to collective responsibility of Scottish Ministers | BJ1: Substantial inhibition to free and frank provision of advice | BK1: Substantial inhibition to free and frank exchange of views | BL1: Substantial prejudice to effective conduct of public affairs | BM1: National security | BN1: Substantial prejudice to defence | BO1: Substantial prejudice to international relations | BP1: Confidential information obtained from abroad | BQ1: Trade secret | BR1: Substantial prejudice to commercial interests | BS1: Substantial prejudice to the economic interests of the UK | BT1: Substantial prejudice to the financial interests of a UK administration | BU1: Information held for the purposes of a criminal investigation | BV1: Information held for ongoing Fatal Accident Inquiry | BW1: Information held regarding cause of death | BX1: Information relating to the obtaining of information from confidential sources | BY1: Information held for purposes of civil proceedings arising out of investigations | BZ1: Substantial prejudice to prevention or detection of crime | CA1: Substantial prejudice to apprehension or prosecution of offenders | CB1: Substantial prejudice to administration of justice | CC1: Substantial prejudice to assessment or collection of tax or duty | CD1: Substantial prejudice to operation of immigration controls | CE1: Substantial prejudice to maintenance of security and good order in prisons | CF1: Substantial prejudice to the exercise by a public authority for any of its functions | CG1: Substantial prejudice to civil proceedings brought by an authority | CH1: Confidentiality of communications | CI1: Actionable breach of confidence | CJ1: Court records | CK1: Court records: inquiry or arbitration | CL1: Personal data of the applicant | CM1: Third party personal data | CN1: Personal census information | CO1: Deceased person’s health record | CP1: Endangerment to health or safety | CQ1: Environmental information | CR1: Substantial prejudice to audit function | CS1: Communications with the Royal Family and honours | CT1: Material in the course of completion | CU1: Internal communications | CV1: Substantial prejudice to international relations, public safety, etc. | CW1: Substantial prejudice to course of justice | CX1: Substantial prejudice to intellectual property rights | CY1: Substantial prejudice to confidentiality of proceedings | CZ1: Substantial prejudice to confidentiality of commercial industrial information | DA1: Substantial prejudice to the interests of a third party | DB1: Substantial prejudice to the protection of the environment | DC1: Neither confirm nor deny whether environmental information is held | DD1: Personal data of applicant | DE1: Third party personal data. | DF1: Neither confirm nor deny whether personal data held
A2: Food Standards Scotland | B2: 1H - Other | C2: =SUMIF('2021-22 Q1'!$A:$A,Overview!$A2,'2021-22 Q1'!C:C)+SUMIF('2021-22 Q2'!$A:$A,Overview!$A2,'2021-22 Q2'!C:C)+SUMIF('2021-22 Q3'!$A:$A,Overview!$A2,'2021-22 Q3'!C:C)+SUMIF('2021-22 Q4'!$A:$A,Overview!$A2,'2021-22 Q4'!C:C) -> 27 | D2: =SUMIF('2021-22 Q1'!$A:$A,Overview!$A2,'2021-22 Q1'!D:D)+SUMIF('2021-22 Q2'!$A:$A,Overview!$A2,'2021-22 Q2'!D:D)+SUMIF('2021-22 Q3'!$A:$A,Overview!$A2,'2021-22 Q3'!D:D)+SUMIF('2021-22 Q4'!$A:$A,Overview!$A2,'2021-22 Q4'!D:D) -> 0 | E2: =SUMIF('2021-22 Q1'!$A:$A,Overview!$A2,'2021-22 Q1'!E:E)+SUMIF('2021-22 Q2'!$A:$A,Overview!$A2,'2021-22 Q2'!E:E)+SUMIF('2021-22 Q3'!$A:$A,Overview!$A2,'2021-22 Q3'!E:E)+SUMIF('2021-22 Q4'!$A:$A,Overview!$A2,'2021-22 Q4'!E:E) -> 0 | F2: =SUMIF('2021-22 Q1'!$A:$A,Overview!$A2,'2021-22 Q1'!F:F)+SUMIF('2021-22 Q2'!$A:$A,Overview!$A2,'2021-22 Q2'!F:F)+SUMIF('2021-22 Q3'!$A:$A,Overview!$A2,'2021-22 Q3'!F:F)+SUMIF('2021-22 Q4'!$A:$A,Overview!$A2,'2021-22 Q4'!F:F) -> 0 | G2: =SUMIF('2021-22 Q1'!$A:$A,Overview!$A2,'2021-22 Q1'!G:G)+SUMIF('2021-22 Q2'!$A:$A,Overview!$A2,'2021-22 Q2'!G:G)+SUMIF('2021-22 Q3'!$A:$A,Overview!$A2,'2021-22 Q3'!G:G)+SUMIF('2021-22 Q4'!$A:$A,Overview!$A2,'2021-22 Q4'!G:G) -> 0 | H2: =SUMIF('2021-22 Q1'!$A:$A,Overview!$A2,'2021-22 Q1'!H:H)+SUMIF('2021-22 Q2'!$A:$A,Overview!$A2,'2021-22 Q2'!H:H)+SUMIF('2021-22 Q3'!$A:$A,Overview!$A2,'2021-22 Q3'!H:H)+SUMIF('2021-22 Q4'!$A:$A,Overview!$A2,'2021-22 Q4'!H:H) -> 27 | I2: =SUMIF('2021-22 Q1'!$A:$A,Overview!$A2,'2021-22 Q1'!I:I)+SUMIF('2021-22 Q2'!$A:$A,Overview!$A2,'2021-22 Q2'!I:I)+SUMIF('2021-22 Q3'!$A:$A,Overview!$A2,'2021-22 Q3'!I:I)+SUMIF('2021-22 Q4'!$A:$A,Overview!$A2,'2021-22 Q4'!I:I) -> 0 | J2: =SUMIF('2021-22 Q1'!$A:$A,Overview!$A2,'2021-22 Q1'!J:J)+SUMIF('2021-22 Q2'!$A:$A,Overview!$A2,'2021-22 Q2'!J:J)+SUMIF('2021-22 Q3'!$A:$A,Overview!$A2,'2021-22 Q3'!J:J)+SUMIF('2021-22 Q4'!$A:$A,Overview!$A2,'2021-22 Q4'!J:J) -> 0 | K2: =SUMIF('2021-22 Q1'!$A:$A,Overview!$A2,'2021-22 Q1'!K:K)+SUMIF('2021-22 Q2'!$A:$A,Overview!$A2,'2021-22 Q2'!K:K)+SUMIF('2021-22 Q3'!$A:$A,Overview!$A2,'2021-22 Q3'!K:K)+SUMIF('2021-22 Q4'!$A:$A,Overview!$A2,'2021-22 Q4'!K:K) -> 0 | L2: =SUMIF('2021-22 Q1'!$A:$A,Overview!$A2,'2021-22 Q1'!L:L)+SUMIF('2021-22 Q2'!$A:$A,Overview!$A2,'2021-22 Q2'!L:L)+SUMIF('2021-22 Q3'!$A:$A,Overview!$A2,'2021-22 Q3'!L:L)+SUMIF('2021-22 Q4'!$A:$A,Overview!$A2,'2021-22 Q4'!L:L) -> 0 | M2: =SUMIF('2021-22 Q1'!$A:$A,Overview!$A2,'2021-22 Q1'!M:M)+SUMIF('2021-22 Q2'!$A:$A,Overview!$A2,'2021-22 Q2'!M:M)+SUMIF('2021-22 Q3'!$A:$A,Overview!$A2,'2021-22 Q3'!M:M)+SUMIF('2021-22 Q4'!$A:$A,Overview!$A2,'2021-22 Q4'!M:M) -> 0 | N2: =SUMIF('2021-22 Q1'!$A:$A,Overview!$A2,'2021-22 Q1'!N:N)+SUMIF('2021-22 Q2'!$A:$A,Overview!$A2,'2021-22 Q2'!N:N)+SUMIF('2021-22 Q3'!$A:$A,Overview!$A2,'2021-22 Q3'!N:N)+SUMIF('2021-22 Q4'!$A:$A,Overview!$A2,'2021-22 Q4'!N:N) -> 10 | O2: =SUMIF('2021-22 Q1'!$A:$A,Overview!$A2,'2021-22 Q1'!O:O)+SUMIF('2021-22 Q2'!$A:$A,Overview!$A2,'2021-22 Q2'!O:O)+SUMIF('2021-22 Q3'!$A:$A,Overview!$A2,'2021-22 Q3'!O:O)+SUMIF('2021-22 Q4'!$A:$A,Overview!$A2,'2021-22 Q4'!O:O) -> 3 | P2: =SUMIF('2021-22 Q1'!$A:$A,Overview!$A2,'2021-22 Q1'!P:P)+SUMIF('2021-22 Q2'!$A:$A,Overview!$A2,'2021-22 Q2'!P:P)+SUMIF('2021-22 Q3'!$A:$A,Overview!$A2,'2021-22 Q3'!P:P)+SUMIF('2021-22 Q4'!$A:$A,Overview!$A2,'2021-22 Q4'!P:P) -> 6 | Q2: =SUMIF('2021-22 Q1'!$A:$A,Overview!$A2,'2021-22 Q1'!Q:Q)+SUMIF('2021-22 Q2'!$A:$A,Overview!$A2,'2021-22 Q2'!Q:Q)+SUMIF('2021-22 Q3'!$A:$A,Overview!$A2,'2021-22 Q3'!Q:Q)+SUMIF('2021-22 Q4'!$A:$A,Overview!$A2,'2021-22 Q4'!Q:Q) -> 8 | R2: =SUMIF('2021-22 Q1'!$A:$A,Overview!$A2,'2021-22 Q1'!R:R)+SUMIF('2021-22 Q2'!$A:$A,Overview!$A2,'2021-22 Q2'!R:R)+SUMIF('2021-22 Q3'!$A:$A,Overview!$A2,'2021-22 Q3'!R:R)+SUMIF('2021-22 Q4'!$A:$A,Overview!$A2,'2021-22 Q4'!R:R) -> 0 | S2: =SUMIF('2021-22 Q1'!$A:$A,Overview!$A2,'2021-22 Q1'!S:S)+SUMIF('2021-22 Q2'!$A:$A,Overview!$A2,'2021-22 Q2'!S:S)+SUMIF('2021-22 Q3'!$A:$A,Overview!$A2,'2021-22 Q3'!S:S)+SUMIF('2021-22 Q4'!$A:$A,Overview!$A2,'2021-22 Q4'!S:S) -> 0 | T2: =SUMIF('2021-22 Q1'!$A:$A,Overview!$A2,'2021-22 Q1'!T:T)+SUMIF('2021-22 Q2'!$A:$A,Overview!$A2,'2021-22 Q2'!T:T)+SUMIF('2021-22 Q3'!$A:$A,Overview!$A2,'2021-22 Q3'!T:T)+SUMIF('2021-22 Q4'!$A:$A,Overview!$A2,'2021-22 Q4'!T:T) -> 0 | U2: =SUMIF('2021-22 Q1'!$A:$A,Overview!$A2,'2021-22 Q1'!U:U)+SUMIF('2021-22 Q2'!$A:$A,Overview!$A2,'2021-22 Q2'!U:U)+SUMIF('2021-22 Q3'!$A:$A,Overview!$A2,'2021-22 Q3'!U:U)+SUMIF('2021-22 Q4'!$A:$A,Overview!$A2,'2021-22 Q4'!U:U) -> 0 | V2: =SUMIF('2021-22 Q1'!$A:$A,Overview!$A2,'2021-22 Q1'!V:V)+SUMIF('2021-22 Q2'!$A:$A,Overview!$A2,'2021-22 Q2'!V:V)+SUMIF('2021-22 Q3'!$A:$A,Overview!$A2,'2021-22 Q3'!V:V)+SUMIF('2021-22 Q4'!$A:$A,Overview!$A2,'2021-22 Q4'!V:V) -> 0 | W2: =SUMIF('2021-22 Q1'!$A:$A,Overview!$A2,'2021-22 Q1'!W:W)+SUMIF('2021-22 Q2'!$A:$A,Overview!$A2,'2021-22 Q2'!W:W)+SUMIF('2021-22 Q3'!$A:$A,Overview!$A2,'2021-22 Q3'!W:W)+SUMIF('2021-22 Q4'!$A:$A,Overview!$A2,'2021-22 Q4'!W:W) -> 0 | X2: =SUMIF('2021-22 Q1'!$A:$A,Overview!$A2,'2021-22 Q1'!X:X)+SUMIF('2021-22 Q2'!$A:$A,Overview!$A2,'2021-22 Q2'!X:X)+SUMIF('2021-22 Q3'!$A:$A,Overview!$A2,'2021-22 Q3'!X:X)+SUMIF('2021-22 Q4'!$A:$A,Overview!$A2,'2021-22 Q4'!X:X) -> 0 | Y2: =SUMIF('2021-22 Q1'!$A:$A,Overview!$A2,'2021-22 Q1'!Y:Y)+SUMIF('2021-22 Q2'!$A:$A,Overview!$A2,'2021-22 Q2'!Y:Y)+SUMIF('2021-22 Q3'!$A:$A,Overview!$A2,'2021-22 Q3'!Y:Y)+SUMIF('2021-22 Q4'!$A:$A,Overview!$A2,'2021-22 Q4'!Y:Y) -> 0 | Z2: =SUMIF('2021-22 Q1'!$A:$A,Overview!$A2,'2021-22 Q1'!Z:Z)+SUMIF('2021-22 Q2'!$A:$A,Overview!$A2,'2021-22 Q2'!Z:Z)+SUMIF('2021-22 Q3'!$A:$A,Overview!$A2,'2021-22 Q3'!Z:Z)+SUMIF('2021-22 Q4'!$A:$A,Overview!$A2,'2021-22 Q4'!Z:Z) -> 0 | AA2: =SUMIF('2021-22 Q1'!$A:$A,Overview!$A2,'2021-22 Q1'!AA:AA)+SUMIF('2021-22 Q2'!$A:$A,Overview!$A2,'2021-22 Q2'!AA:AA)+SUMIF('2021-22 Q3'!$A:$A,Overview!$A2,'2021-22 Q3'!AA:AA)+SUMIF('2021-22 Q4'!$A:$A,Overview!$A2,'2021-22 Q4'!AA:AA) -> 0 | AB2: =SUMIF('2021-22 Q1'!$A:$A,Overview!$A2,'2021-22 Q1'!AB:AB)+SUMIF('2021-22 Q2'!$A:$A,Overview!$A2,'2021-22 Q2'!AB:AB)+SUMIF('2021-22 Q3'!$A:$A,Overview!$A2,'2021-22 Q3'!AB:AB)+SUMIF('2021-22 Q4'!$A:$A,Overview!$A2,'2021-22 Q4'!AB:AB) -> 0 | AC2: =SUMIF('2021-22 Q1'!$A:$A,Overview!$A2,'2021-22 Q1'!AC:AC)+SUMIF('2021-22 Q2'!$A:$A,Overview!$A2,'2021-22 Q2'!AC:AC)+SUMIF('2021-22 Q3'!$A:$A,Overview!$A2,'2021-22 Q3'!AC:AC)+SUMIF('2021-22 Q4'!$A:$A,Overview!$A2,'2021-22 Q4'!AC:AC) -> 0 | AD2: =SUMIF('2021-22 Q1'!$A:$A,Overview!$A2,'2021-22 Q1'!AD:AD)+SUMIF('2021-22 Q2'!$A:$A,Overview!$A2,'2021-22 Q2'!AD:AD)+SUMIF('2021-22 Q3'!$A:$A,Overview!$A2,'2021-22 Q3'!AD:AD)+SUMIF('2021-22 Q4'!$A:$A,Overview!$A2,'2021-22 Q4'!AD:AD) -> 0 | AE2: =SUMIF('2021-22 Q1'!$A:$A,Overview!$A2,'2021-22 Q1'!AE:AE)+SUMIF('2021-22 Q2'!$A:$A,Overview!$A2,'2021-22 Q2'!AE:AE)+SUMIF('2021-22 Q3'!$A:$A,Overview!$A2,'2021-22 Q3'!AE:AE)+SUMIF('2021-22 Q4'!$A:$A,Overview!$A2,'2021-22 Q4'!AE:AE) -> 0 | AF2: =SUMIF('2021-22 Q1'!$A:$A,Overview!$A2,'2021-22 Q1'!AF:AF)+SUMIF('2021-22 Q2'!$A:$A,Overview!$A2,'2021-22 Q2'!AF:AF)+SUMIF('2021-22 Q3'!$A:$A,Overview!$A2,'2021-22 Q3'!AF:AF)+SUMIF('2021-22 Q4'!$A:$A,Overview!$A2,'2021-22 Q4'!AF:AF) -> 0 | AG2: =SUMIF('2021-22 Q1'!$A:$A,Overview!$A2,'2021-22 Q1'!AG:AG)+SUMIF('2021-22 Q2'!$A:$A,Overview!$A2,'2021-22 Q2'!AG:AG)+SUMIF('2021-22 Q3'!$A:$A,Overview!$A2,'2021-22 Q3'!AG:AG)+SUMIF('2021-22 Q4'!$A:$A,Overview!$A2,'2021-22 Q4'!AG:AG) -> 0 | AH2: =SUMIF('2021-22 Q1'!$A:$A,Overview!$A2,'2021-22 Q1'!AH:AH)+SUMIF('2021-22 Q2'!$A:$A,Overview!$A2,'2021-22 Q2'!AH:AH)+SUMIF('2021-22 Q3'!$A:$A,Overview!$A2,'2021-22 Q3'!AH:AH)+SUMIF('2021-22 Q4'!$A:$A,Overview!$A2,'2021-22 Q4'!AH:AH) -> 0 | AI2: =SUMIF('2021-22 Q1'!$A:$A,Overview!$A2,'2021-22 Q1'!AI:AI)+SUMIF('2021-22 Q2'!$A:$A,Overview!$A2,'2021-22 Q2'!AI:AI)+SUMIF('2021-22 Q3'!$A:$A,Overview!$A2,'2021-22 Q3'!AI:AI)+SUMIF('2021-22 Q4'!$A:$A,Overview!$A2,'2021-22 Q4'!AI:AI) -> 0 | AJ2: =SUMIF('2021-22 Q1'!$A:$A,Overview!$A2,'2021-22 Q1'!AJ:AJ)+SUMIF('2021-22 Q2'!$A:$A,Overview!$A2,'2021-22 Q2'!AJ:AJ)+SUMIF('2021-22 Q3'!$A:$A,Overview!$A2,'2021-22 Q3'!AJ:AJ)+SUMIF('2021-22 Q4'!$A:$A,Overview!$A2,'2021-22 Q4'!AJ:AJ) -> 0 | AK2: =SUMIF('2021-22 Q1'!$A:$A,Overview!$A2,'2021-22 Q1'!AK:AK)+SUMIF('2021-22 Q2'!$A:$A,Overview!$A2,'2021-22 Q2'!AK:AK)+SUMIF('2021-22 Q3'!$A:$A,Overview!$A2,'2021-22 Q3'!AK:AK)+SUMIF('2021-22 Q4'!$A:$A,Overview!$A2,'2021-22 Q4'!AK:AK) -> 0 | AL2: =SUMIF('2021-22 Q1'!$A:$A,Overview!$A2,'2021-22 Q1'!AL:AL)+SUMIF('2021-22 Q2'!$A:$A,Overview!$A2,'2021-22 Q2'!AL:AL)+SUMIF('2021-22 Q3'!$A:$A,Overview!$A2,'2021-22 Q3'!AL:AL)+SUMIF('2021-22 Q4'!$A:$A,Overview!$A2,'2021-22 Q4'!AL:AL) -> 0 | AM2: =SUMIF('2021-22 Q1'!$A:$A,Overview!$A2,'2021-22 Q1'!AM:AM)+SUMIF('2021-22 Q2'!$A:$A,Overview!$A2,'2021-22 Q2'!AM:AM)+SUMIF('2021-22 Q3'!$A:$A,Overview!$A2,'2021-22 Q3'!AM:AM)+SUMIF('2021-22 Q4'!$A:$A,Overview!$A2,'2021-22 Q4'!AM:AM) -> 0 | AN2: =SUMIF('2021-22 Q1'!$A:$A,Overview!$A2,'2021-22 Q1'!AN:AN)+SUMIF('2021-22 Q2'!$A:$A,Overview!$A2,'2021-22 Q2'!AN:AN)+SUMIF('2021-22 Q3'!$A:$A,Overview!$A2,'2021-22 Q3'!AN:AN)+SUMIF('2021-22 Q4'!$A:$A,Overview!$A2,'2021-22 Q4'!AN:AN) -> 0 | AO2: =SUMIF('2021-22 Q1'!$A:$A,Overview!$A2,'2021-22 Q1'!AO:AO)+SUMIF('2021-22 Q2'!$A:$A,Overview!$A2,'2021-22 Q2'!AO:AO)+SUMIF('2021-22 Q3'!$A:$A,Overview!$A2,'2021-22 Q3'!AO:AO)+SUMIF('2021-22 Q4'!$A:$A,Overview!$A2,'2021-22 Q4'!AO:AO) -> 0 | AP2: =SUMIF('2021-22 Q1'!$A:$A,Overview!$A2,'2021-22 Q1'!AP:AP)+SUMIF('2021-22 Q2'!$A:$A,Overview!$A2,'2021-22 Q2'!AP:AP)+SUMIF('2021-22 Q3'!$A:$A,Overview!$A2,'2021-22 Q3'!AP:AP)+SUMIF('2021-22 Q4'!$A:$A,Overview!$A2,'2021-22 Q4'!AP:AP) -> 0 | AQ2: =SUMIF('2021-22 Q1'!$A:$A,Overview!$A2,'2021-22 Q1'!AQ:AQ)+SUMIF('2021-22 Q2'!$A:$A,Overview!$A2,'2021-22 Q2'!AQ:AQ)+SUMIF('2021-22 Q3'!$A:$A,Overview!$A2,'2021-22 Q3'!AQ:AQ)+SUMIF('2021-22 Q4'!$A:$A,Overview!$A2,'2021-22 Q4'!AQ:AQ) -> 0 | AR2: =SUMIF('2021-22 Q1'!$A:$A,Overview!$A2,'2021-22 Q1'!AR:AR)+SUMIF('2021-22 Q2'!$A:$A,Overview!$A2,'2021-22 Q2'!AR:AR)+SUMIF('2021-22 Q3'!$A:$A,Overview!$A2,'2021-22 Q3'!AR:AR)+SUMIF('2021-22 Q4'!$A:$A,Overview!$A2,'2021-22 Q4'!AR:AR) -> 0 | AS2: =SUMIF('2021-22 Q1'!$A:$A,Overview!$A2,'2021-22 Q1'!AS:AS)+SUMIF('2021-22 Q2'!$A:$A,Overview!$A2,'2021-22 Q2'!AS:AS)+SUMIF('2021-22 Q3'!$A:$A,Overview!$A2,'2021-22 Q3'!AS:AS)+SUMIF('2021-22 Q4'!$A:$A,Overview!$A2,'2021-22 Q4'!AS:AS) -> 0 | AT2: =SUMIF('2021-22 Q1'!$A:$A,Overview!$A2,'2021-22 Q1'!AT:AT)+SUMIF('2021-22 Q2'!$A:$A,Overview!$A2,'2021-22 Q2'!AT:AT)+SUMIF('2021-22 Q3'!$A:$A,Overview!$A2,'2021-22 Q3'!AT:AT)+SUMIF('2021-22 Q4'!$A:$A,Overview!$A2,'2021-22 Q4'!AT:AT) -> 0 | AU2: =SUMIF('2021-22 Q1'!$A:$A,Overview!$A2,'2021-22 Q1'!AU:AU)+SUMIF('2021-22 Q2'!$A:$A,Overview!$A2,'2021-22 Q2'!AU:AU)+SUMIF('2021-22 Q3'!$A:$A,Overview!$A2,'2021-22 Q3'!AU:AU)+SUMIF('2021-22 Q4'!$A:$A,Overview!$A2,'2021-22 Q4'!AU:AU) -> 0 | AV2: =SUMIF('2021-22 Q1'!$A:$A,Overview!$A2,'2021-22 Q1'!AV:AV)+SUMIF('2021-22 Q2'!$A:$A,Overview!$A2,'2021-22 Q2'!AV:AV)+SUMIF('2021-22 Q3'!$A:$A,Overview!$A2,'2021-22 Q3'!AV:AV)+SUMIF('2021-22 Q4'!$A:$A,Overview!$A2,'2021-22 Q4'!AV:AV) -> 0 | AW2: =SUMIF('2021-22 Q1'!$A:$A,Overview!$A2,'2021-22 Q1'!AW:AW)+SUMIF('2021-22 Q2'!$A:$A,Overview!$A2,'2021-22 Q2'!AW:AW)+SUMIF('2021-22 Q3'!$A:$A,Overview!$A2,'2021-22 Q3'!AW:AW)+SUMIF('2021-22 Q4'!$A:$A,Overview!$A2,'2021-22 Q4'!AW:AW) -> 3 | AX2: =SUMIF('2021-22 Q1'!$A:$A,Overview!$A2,'2021-22 Q1'!AX:AX)+SUMIF('2021-22 Q2'!$A:$A,Overview!$A2,'2021-22 Q2'!AX:AX)+SUMIF('2021-22 Q3'!$A:$A,Overview!$A2,'2021-22 Q3'!AX:AX)+SUMIF('2021-22 Q4'!$A:$A,Overview!$A2,'2021-22 Q4'!AX:AX) -> 0 | AY2: =SUMIF('2021-22 Q1'!$A:$A,Overview!$A2,'2021-22 Q1'!AY:AY)+SUMIF('2021-22 Q2'!$A:$A,Overview!$A2,'2021-22 Q2'!AY:AY)+SUMIF('2021-22 Q3'!$A:$A,Overview!$A2,'2021-22 Q3'!AY:AY)+SUMIF('2021-22 Q4'!$A:$A,Overview!$A2,'2021-22 Q4'!AY:AY) -> 0 | AZ2: =SUMIF('2021-22 Q1'!$A:$A,Overview!$A2,'2021-22 Q1'!AZ:AZ)+SUMIF('2021-22 Q2'!$A:$A,Overview!$A2,'2021-22 Q2'!AZ:AZ)+SUMIF('2021-22 Q3'!$A:$A,Overview!$A2,'2021-22 Q3'!AZ:AZ)+SUMIF('2021-22 Q4'!$A:$A,Overview!$A2,'2021-22 Q4'!AZ:AZ) -> 0 | BA2: =SUMIF('2021-22 Q1'!$A:$A,Overview!$A2,'2021-22 Q1'!BA:BA)+SUMIF('2021-22 Q2'!$A:$A,Overview!$A2,'2021-22 Q2'!BA:BA)+SUMIF('2021-22 Q3'!$A:$A,Overview!$A2,'2021-22 Q3'!BA:BA)+SUMIF('2021-22 Q4'!$A:$A,Overview!$A2,'2021-22 Q4'!BA:BA) -> 0 | BB2: =SUMIF('2021-22 Q1'!$A:$A,Overview!$A2,'2021-22 Q1'!BB:BB)+SUMIF('2021-22 Q2'!$A:$A,Overview!$A2,'2021-22 Q2'!BB:BB)+SUMIF('2021-22 Q3'!$A:$A,Overview!$A2,'2021-22 Q3'!BB:BB)+SUMIF('2021-22 Q4'!$A:$A,Overview!$A2,'2021-22 Q4'!BB:BB) -> 1 | BC2: =SUMIF('2021-22 Q1'!$A:$A,Overview!$A2,'2021-22 Q1'!BC:BC)+SUMIF('2021-22 Q2'!$A:$A,Overview!$A2,'2021-22 Q2'!BC:BC)+SUMIF('2021-22 Q3'!$A:$A,Overview!$A2,'2021-22 Q3'!BC:BC)+SUMIF('2021-22 Q4'!$A:$A,Overview!$A2,'2021-22 Q4'!BC:BC) -> 0 | BD2: =SUMIF('2021-22 Q1'!$A:$A,Overview!$A2,'2021-22 Q1'!BD:BD)+SUMIF('2021-22 Q2'!$A:$A,Overview!$A2,'2021-22 Q2'!BD:BD)+SUMIF('2021-22 Q3'!$A:$A,Overview!$A2,'2021-22 Q3'!BD:BD)+SUMIF('2021-22 Q4'!$A:$A,Overview!$A2,'2021-22 Q4'!BD:BD) -> 0 | BE2: =SUMIF('2021-22 Q1'!$A:$A,Overview!$A2,'2021-22 Q1'!BE:BE)+SUMIF('2021-22 Q2'!$A:$A,Overview!$A2,'2021-22 Q2'!BE:BE)+SUMIF('2021-22 Q3'!$A:$A,Overview!$A2,'2021-22 Q3'!BE:BE)+SUMIF('2021-22 Q4'!$A:$A,Overview!$A2,'2021-22 Q4'!BE:BE) -> 1 | BF2: =SUMIF('2021-22 Q1'!$A:$A,Overview!$A2,'2021-22 Q1'!BF:BF)+SUMIF('2021-22 Q2'!$A:$A,Overview!$A2,'2021-22 Q2'!BF:BF)+SUMIF('2021-22 Q3'!$A:$A,Overview!$A2,'2021-22 Q3'!BF:BF)+SUMIF('2021-22 Q4'!$A:$A,Overview!$A2,'2021-22 Q4'!BF:BF) -> 0 | BG2: =SUMIF('2021-22 Q1'!$A:$A,Overview!$A2,'2021-22 Q1'!BG:BG)+SUMIF('2021-22 Q2'!$A:$A,Overview!$A2,'2021-22 Q2'!BG:BG)+SUMIF('2021-22 Q3'!$A:$A,Overview!$A2,'2021-22 Q3'!BG:BG)+SUMIF('2021-22 Q4'!$A:$A,Overview!$A2,'2021-22 Q4'!BG:BG) -> 0 | BH2: =SUMIF('2021-22 Q1'!$A:$A,Overview!$A2,'2021-22 Q1'!BH:BH)+SUMIF('2021-22 Q2'!$A:$A,Overview!$A2,'2021-22 Q2'!BH:BH)+SUMIF('2021-22 Q3'!$A:$A,Overview!$A2,'2021-22 Q3'!BH:BH)+SUMIF('2021-22 Q4'!$A:$A,Overview!$A2,'2021-22 Q4'!BH:BH) -> 0 | BI2: =SUMIF('2021-22 Q1'!$A:$A,Overview!$A2,'2021-22 Q1'!BI:BI)+SUMIF('2021-22 Q2'!$A:$A,Overview!$A2,'2021-22 Q2'!BI:BI)+SUMIF('2021-22 Q3'!$A:$A,Overview!$A2,'2021-22 Q3'!BI:BI)+SUMIF('2021-22 Q4'!$A:$A,Overview!$A2,'2021-22 Q4'!BI:BI) -> 0 | BJ2: =SUMIF('2021-22 Q1'!$A:$A,Overview!$A2,'2021-22 Q1'!BJ:BJ)+SUMIF('2021-22 Q2'!$A:$A,Overview!$A2,'2021-22 Q2'!BJ:BJ)+SUMIF('2021-22 Q3'!$A:$A,Overview!$A2,'2021-22 Q3'!BJ:BJ)+SUMIF('2021-22 Q4'!$A:$A,Overview!$A2,'2021-22 Q4'!BJ:BJ) -> 0 | BK2: =SUMIF('2021-22 Q1'!$A:$A,Overview!$A2,'2021-22 Q1'!BK:BK)+SUMIF('2021-22 Q2'!$A:$A,Overview!$A2,'2021-22 Q2'!BK:BK)+SUMIF('2021-22 Q3'!$A:$A,Overview!$A2,'2021-22 Q3'!BK:BK)+SUMIF('2021-22 Q4'!$A:$A,Overview!$A2,'2021-22 Q4'!BK:BK) -> 0 | BL2: =SUMIF('2021-22 Q1'!$A:$A,Overview!$A2,'2021-22 Q1'!BL:BL)+SUMIF('2021-22 Q2'!$A:$A,Overview!$A2,'2021-22 Q2'!BL:BL)+SUMIF('2021-22 Q3'!$A:$A,Overview!$A2,'2021-22 Q3'!BL:BL)+SUMIF('2021-22 Q4'!$A:$A,Overview!$A2,'2021-22 Q4'!BL:BL) -> 0 | BM2: =SUMIF('2021-22 Q1'!$A:$A,Overview!$A2,'2021-22 Q1'!BM:BM)+SUMIF('2021-22 Q2'!$A:$A,Overview!$A2,'2021-22 Q2'!BM:BM)+SUMIF('2021-22 Q3'!$A:$A,Overview!$A2,'2021-22 Q3'!BM:BM)+SUMIF('2021-22 Q4'!$A:$A,Overview!$A2,'2021-22 Q4'!BM:BM) -> 0 | BN2: =SUMIF('2021-22 Q1'!$A:$A,Overview!$A2,'2021-22 Q1'!BN:BN)+SUMIF('2021-22 Q2'!$A:$A,Overview!$A2,'2021-22 Q2'!BN:BN)+SUMIF('2021-22 Q3'!$A:$A,Overview!$A2,'2021-22 Q3'!BN:BN)+SUMIF('2021-22 Q4'!$A:$A,Overview!$A2,'2021-22 Q4'!BN:BN) -> 0 | BO2: =SUMIF('2021-22 Q1'!$A:$A,Overview!$A2,'2021-22 Q1'!BO:BO)+SUMIF('2021-22 Q2'!$A:$A,Overview!$A2,'2021-22 Q2'!BO:BO)+SUMIF('2021-22 Q3'!$A:$A,Overview!$A2,'2021-22 Q3'!BO:BO)+SUMIF('2021-22 Q4'!$A:$A,Overview!$A2,'2021-22 Q4'!BO:BO) -> 0 | BP2: =SUMIF('2021-22 Q1'!$A:$A,Overview!$A2,'2021-22 Q1'!BP:BP)+SUMIF('2021-22 Q2'!$A:$A,Overview!$A2,'2021-22 Q2'!BP:BP)+SUMIF('2021-22 Q3'!$A:$A,Overview!$A2,'2021-22 Q3'!BP:BP)+SUMIF('2021-22 Q4'!$A:$A,Overview!$A2,'2021-22 Q4'!BP:BP) -> 0 | BQ2: =SUMIF('2021-22 Q1'!$A:$A,Overview!$A2,'2021-22 Q1'!BQ:BQ)+SUMIF('2021-22 Q2'!$A:$A,Overview!$A2,'2021-22 Q2'!BQ:BQ)+SUMIF('2021-22 Q3'!$A:$A,Overview!$A2,'2021-22 Q3'!BQ:BQ)+SUMIF('2021-22 Q4'!$A:$A,Overview!$A2,'2021-22 Q4'!BQ:BQ) -> 0 | BR2: =SUMIF('2021-22 Q1'!$A:$A,Overview!$A2,'2021-22 Q1'!BR:BR)+SUMIF('2021-22 Q2'!$A:$A,Overview!$A2,'2021-22 Q2'!BR:BR)+SUMIF('2021-22 Q3'!$A:$A,Overview!$A2,'2021-22 Q3'!BR:BR)+SUMIF('2021-22 Q4'!$A:$A,Overview!$A2,'2021-22 Q4'!BR:BR) -> 1 | BS2: =SUMIF('2021-22 Q1'!$A:$A,Overview!$A2,'2021-22 Q1'!BS:BS)+SUMIF('2021-22 Q2'!$A:$A,Overview!$A2,'2021-22 Q2'!BS:BS)+SUMIF('2021-22 Q3'!$A:$A,Overview!$A2,'2021-22 Q3'!BS:BS)+SUMIF('2021-22 Q4'!$A:$A,Overview!$A2,'2021-22 Q4'!BS:BS) -> 0 | BT2: =SUMIF('2021-22 Q1'!$A:$A,Overview!$A2,'2021-22 Q1'!BT:BT)+SUMIF('2021-22 Q2'!$A:$A,Overview!$A2,'2021-22 Q2'!BT:BT)+SUMIF('2021-22 Q3'!$A:$A,Overview!$A2,'2021-22 Q3'!BT:BT)+SUMIF('2021-22 Q4'!$A:$A,Overview!$A2,'2021-22 Q4'!BT:BT) -> 0 | BU2: =SUMIF('2021-22 Q1'!$A:$A,Overview!$A2,'2021-22 Q1'!BU:BU)+SUMIF('2021-22 Q2'!$A:$A,Overview!$A2,'2021-22 Q2'!BU:BU)+SUMIF('2021-22 Q3'!$A:$A,Overview!$A2,'2021-22 Q3'!BU:BU)+SUMIF('2021-22 Q4'!$A:$A,Overview!$A2,'2021-22 Q4'!BU:BU) -> 0 | BV2: =SUMIF('2021-22 Q1'!$A:$A,Overview!$A2,'2021-22 Q1'!BV:BV)+SUMIF('2021-22 Q2'!$A:$A,Overview!$A2,'2021-22 Q2'!BV:BV)+SUMIF('2021-22 Q3'!$A:$A,Overview!$A2,'2021-22 Q3'!BV:BV)+SUMIF('2021-22 Q4'!$A:$A,Overview!$A2,'2021-22 Q4'!BV:BV) -> 0 | BW2: =SUMIF('2021-22 Q1'!$A:$A,Overview!$A2,'2021-22 Q1'!BW:BW)+SUMIF('2021-22 Q2'!$A:$A,Overview!$A2,'2021-22 Q2'!BW:BW)+SUMIF('2021-22 Q3'!$A:$A,Overview!$A2,'2021-22 Q3'!BW:BW)+SUMIF('2021-22 Q4'!$A:$A,Overview!$A2,'2021-22 Q4'!BW:BW) -> 0 | BX2: =SUMIF('2021-22 Q1'!$A:$A,Overview!$A2,'2021-22 Q1'!BX:BX)+SUMIF('2021-22 Q2'!$A:$A,Overview!$A2,'2021-22 Q2'!BX:BX)+SUMIF('2021-22 Q3'!$A:$A,Overview!$A2,'2021-22 Q3'!BX:BX)+SUMIF('2021-22 Q4'!$A:$A,Overview!$A2,'2021-22 Q4'!BX:BX) -> 0 | BY2: =SUMIF('2021-22 Q1'!$A:$A,Overview!$A2,'2021-22 Q1'!BY:BY)+SUMIF('2021-22 Q2'!$A:$A,Overview!$A2,'2021-22 Q2'!BY:BY)+SUMIF('2021-22 Q3'!$A:$A,Overview!$A2,'2021-22 Q3'!BY:BY)+SUMIF('2021-22 Q4'!$A:$A,Overview!$A2,'2021-22 Q4'!BY:BY) -> 0 | BZ2: =SUMIF('2021-22 Q1'!$A:$A,Overview!$A2,'2021-22 Q1'!BZ:BZ)+SUMIF('2021-22 Q2'!$A:$A,Overview!$A2,'2021-22 Q2'!BZ:BZ)+SUMIF('2021-22 Q3'!$A:$A,Overview!$A2,'2021-22 Q3'!BZ:BZ)+SUMIF('2021-22 Q4'!$A:$A,Overview!$A2,'2021-22 Q4'!BZ:BZ) -> 0 | CA2: =SUMIF('2021-22 Q1'!$A:$A,Overview!$A2,'2021-22 Q1'!CA:CA)+SUMIF('2021-22 Q2'!$A:$A,Overview!$A2,'2021-22 Q2'!CA:CA)+SUMIF('2021-22 Q3'!$A:$A,Overview!$A2,'2021-22 Q3'!CA:CA)+SUMIF('2021-22 Q4'!$A:$A,Overview!$A2,'2021-22 Q4'!CA:CA) -> 0 | CB2: =SUMIF('2021-22 Q1'!$A:$A,Overview!$A2,'2021-22 Q1'!CB:CB)+SUMIF('2021-22 Q2'!$A:$A,Overview!$A2,'2021-22 Q2'!CB:CB)+SUMIF('2021-22 Q3'!$A:$A,Overview!$A2,'2021-22 Q3'!CB:CB)+SUMIF('2021-22 Q4'!$A:$A,Overview!$A2,'2021-22 Q4'!CB:CB) -> 0 | CC2: =SUMIF('2021-22 Q1'!$A:$A,Overview!$A2,'2021-22 Q1'!CC:CC)+SUMIF('2021-22 Q2'!$A:$A,Overview!$A2,'2021-22 Q2'!CC:CC)+SUMIF('2021-22 Q3'!$A:$A,Overview!$A2,'2021-22 Q3'!CC:CC)+SUMIF('2021-22 Q4'!$A:$A,Overview!$A2,'2021-22 Q4'!CC:CC) -> 0 | CD2: =SUMIF('2021-22 Q1'!$A:$A,Overview!$A2,'2021-22 Q1'!CD:CD)+SUMIF('2021-22 Q2'!$A:$A,Overview!$A2,'2021-22 Q2'!CD:CD)+SUMIF('2021-22 Q3'!$A:$A,Overview!$A2,'2021-22 Q3'!CD:CD)+SUMIF('2021-22 Q4'!$A:$A,Overview!$A2,'2021-22 Q4'!CD:CD) -> 0 | CE2: =SUMIF('2021-22 Q1'!$A:$A,Overview!$A2,'2021-22 Q1'!CE:CE)+SUMIF('2021-22 Q2'!$A:$A,Overview!$A2,'2021-22 Q2'!CE:CE)+SUMIF('2021-22 Q3'!$A:$A,Overview!$A2,'2021-22 Q3'!CE:CE)+SUMIF('2021-22 Q4'!$A:$A,Overview!$A2,'2021-22 Q4'!CE:CE) -> 0 | CF2: =SUMIF('2021-22 Q1'!$A:$A,Overview!$A2,'2021-22 Q1'!CF:CF)+SUMIF('2021-22 Q2'!$A:$A,Overview!$A2,'2021-22 Q2'!CF:CF)+SUMIF('2021-22 Q3'!$A:$A,Overview!$A2,'2021-22 Q3'!CF:CF)+SUMIF('2021-22 Q4'!$A:$A,Overview!$A2,'2021-22 Q4'!CF:CF) -> 0 | CG2: =SUMIF('2021-22 Q1'!$A:$A,Overview!$A2,'2021-22 Q1'!CG:CG)+SUMIF('2021-22 Q2'!$A:$A,Overview!$A2,'2021-22 Q2'!CG:CG)+SUMIF('2021-22 Q3'!$A:$A,Overview!$A2,'2021-22 Q3'!CG:CG)+SUMIF('2021-22 Q4'!$A:$A,Overview!$A2,'2021-22 Q4'!CG:CG) -> 0 | CH2: =SUMIF('2021-22 Q1'!$A:$A,Overview!$A2,'2021-22 Q1'!CH:CH)+SUMIF('2021-22 Q2'!$A:$A,Overview!$A2,'2021-22 Q2'!CH:CH)+SUMIF('2021-22 Q3'!$A:$A,Overview!$A2,'2021-22 Q3'!CH:CH)+SUMIF('2021-22 Q4'!$A:$A,Overview!$A2,'2021-22 Q4'!CH:CH) -> 0 | CI2: =SUMIF('2021-22 Q1'!$A:$A,Overview!$A2,'2021-22 Q1'!CI:CI)+SUMIF('2021-22 Q2'!$A:$A,Overview!$A2,'2021-22 Q2'!CI:CI)+SUMIF('2021-22 Q3'!$A:$A,Overview!$A2,'2021-22 Q3'!CI:CI)+SUMIF('2021-22 Q4'!$A:$A,Overview!$A2,'2021-22 Q4'!CI:CI) -> 0 | CJ2: =SUMIF('2021-22 Q1'!$A:$A,Overview!$A2,'2021-22 Q1'!CJ:CJ)+SUMIF('2021-22 Q2'!$A:$A,Overview!$A2,'2021-22 Q2'!CJ:CJ)+SUMIF('2021-22 Q3'!$A:$A,Overview!$A2,'2021-22 Q3'!CJ:CJ)+SUMIF('2021-22 Q4'!$A:$A,Overview!$A2,'2021-22 Q4'!CJ:CJ) -> 0 | CK2: =SUMIF('2021-22 Q1'!$A:$A,Overview!$A2,'2021-22 Q1'!CK:CK)+SUMIF('2021-22 Q2'!$A:$A,Overview!$A2,'2021-22 Q2'!CK:CK)+SUMIF('2021-22 Q3'!$A:$A,Overview!$A2,'2021-22 Q3'!CK:CK)+SUMIF('2021-22 Q4'!$A:$A,Overview!$A2,'2021-22 Q4'!CK:CK) -> 0 | CL2: =SUMIF('2021-22 Q1'!$A:$A,Overview!$A2,'2021-22 Q1'!CL:CL)+SUMIF('2021-22 Q2'!$A:$A,Overview!$A2,'2021-22 Q2'!CL:CL)+SUMIF('2021-22 Q3'!$A:$A,Overview!$A2,'2021-22 Q3'!CL:CL)+SUMIF('2021-22 Q4'!$A:$A,Overview!$A2,'2021-22 Q4'!CL:CL) -> 0 | CM2: =SUMIF('2021-22 Q1'!$A:$A,Overview!$A2,'2021-22 Q1'!CM:CM)+SUMIF('2021-22 Q2'!$A:$A,Overview!$A2,'2021-22 Q2'!CM:CM)+SUMIF('2021-22 Q3'!$A:$A,Overview!$A2,'2021-22 Q3'!CM:CM)+SUMIF('2021-22 Q4'!$A:$A,Overview!$A2,'2021-22 Q4'!CM:CM) -> 2 | CN2: =SUMIF('2021-22 Q1'!$A:$A,Overview!$A2,'2021-22 Q1'!CN:CN)+SUMIF('2021-22 Q2'!$A:$A,Overview!$A2,'2021-22 Q2'!CN:CN)+SUMIF('2021-22 Q3'!$A:$A,Overview!$A2,'2021-22 Q3'!CN:CN)+SUMIF('2021-22 Q4'!$A:$A,Overview!$A2,'2021-22 Q4'!CN:CN) -> 0 | CO2: =SUMIF('2021-22 Q1'!$A:$A,Overview!$A2,'2021-22 Q1'!CO:CO)+SUMIF('2021-22 Q2'!$A:$A,Overview!$A2,'2021-22 Q2'!CO:CO)+SUMIF('2021-22 Q3'!$A:$A,Overview!$A2,'2021-22 Q3'!CO:CO)+SUMIF('2021-22 Q4'!$A:$A,Overview!$A2,'2021-22 Q4'!CO:CO) -> 0 | CP2: =SUMIF('2021-22 Q1'!$A:$A,Overview!$A2,'2021-22 Q1'!CP:CP)+SUMIF('2021-22 Q2'!$A:$A,Overview!$A2,'2021-22 Q2'!CP:CP)+SUMIF('2021-22 Q3'!$A:$A,Overview!$A2,'2021-22 Q3'!CP:CP)+SUMIF('2021-22 Q4'!$A:$A,Overview!$A2,'2021-22 Q4'!CP:CP) -> 1 | CQ2: =SUMIF('2021-22 Q1'!$A:$A,Overview!$A2,'2021-22 Q1'!CQ:CQ)+SUMIF('2021-22 Q2'!$A:$A,Overview!$A2,'2021-22 Q2'!CQ:CQ)+SUMIF('2021-22 Q3'!$A:$A,Overview!$A2,'2021-22 Q3'!CQ:CQ)+SUMIF('2021-22 Q4'!$A:$A,Overview!$A2,'2021-22 Q4'!CQ:CQ) -> 0 | CR2: =SUMIF('2021-22 Q1'!$A:$A,Overview!$A2,'2021-22 Q1'!CR:CR)+SUMIF('2021-22 Q2'!$A:$A,Overview!$A2,'2021-22 Q2'!CR:CR)+SUMIF('2021-22 Q3'!$A:$A,Overview!$A2,'2021-22 Q3'!CR:CR)+SUMIF('2021-22 Q4'!$A:$A,Overview!$A2,'2021-22 Q4'!CR:CR) -> 0 | CS2: =SUMIF('2021-22 Q1'!$A:$A,Overview!$A2,'2021-22 Q1'!CS:CS)+SUMIF('2021-22 Q2'!$A:$A,Overview!$A2,'2021-22 Q2'!CS:CS)+SUMIF('2021-22 Q3'!$A:$A,Overview!$A2,'2021-22 Q3'!CS:CS)+SUMIF('2021-22 Q4'!$A:$A,Overview!$A2,'2021-22 Q4'!CS:CS) -> 0 | CT2: =SUMIF('2021-22 Q1'!$A:$A,Overview!$A2,'2021-22 Q1'!CT:CT)+SUMIF('2021-22 Q2'!$A:$A,Overview!$A2,'2021-22 Q2'!CT:CT)+SUMIF('2021-22 Q3'!$A:$A,Overview!$A2,'2021-22 Q3'!CT:CT)+SUMIF('2021-22 Q4'!$A:$A,Overview!$A2,'2021-22 Q4'!CT:CT) -> 0 | CU2: =SUMIF('2021-22 Q1'!$A:$A,Overview!$A2,'2021-22 Q1'!CU:CU)+SUMIF('2021-22 Q2'!$A:$A,Overview!$A2,'2021-22 Q2'!CU:CU)+SUMIF('2021-22 Q3'!$A:$A,Overview!$A2,'2021-22 Q3'!CU:CU)+SUMIF('2021-22 Q4'!$A:$A,Overview!$A2,'2021-22 Q4'!CU:CU) -> 0 | CV2: =SUMIF('2021-22 Q1'!$A:$A,Overview!$A2,'2021-22 Q1'!CV:CV)+SUMIF('2021-22 Q2'!$A:$A,Overview!$A2,'2021-22 Q2'!CV:CV)+SUMIF('2021-22 Q3'!$A:$A,Overview!$A2,'2021-22 Q3'!CV:CV)+SUMIF('2021-22 Q4'!$A:$A,Overview!$A2,'2021-22 Q4'!CV:CV) -> 0 | CW2: =SUMIF('2021-22 Q1'!$A:$A,Overview!$A2,'2021-22 Q1'!CW:CW)+SUMIF('2021-22 Q2'!$A:$A,Overview!$A2,'2021-22 Q2'!CW:CW)+SUMIF('2021-22 Q3'!$A:$A,Overview!$A2,'2021-22 Q3'!CW:CW)+SUMIF('2021-22 Q4'!$A:$A,Overview!$A2,'2021-22 Q4'!CW:CW) -> 0 | CX2: =SUMIF('2021-22 Q1'!$A:$A,Overview!$A2,'2021-22 Q1'!CX:CX)+SUMIF('2021-22 Q2'!$A:$A,Overview!$A2,'2021-22 Q2'!CX:CX)+SUMIF('2021-22 Q3'!$A:$A,Overview!$A2,'2021-22 Q3'!CX:CX)+SUMIF('2021-22 Q4'!$A:$A,Overview!$A2,'2021-22 Q4'!CX:CX) -> 0 | CY2: =SUMIF('2021-22 Q1'!$A:$A,Overview!$A2,'2021-22 Q1'!CY:CY)+SUMIF('2021-22 Q2'!$A:$A,Overview!$A2,'2021-22 Q2'!CY:CY)+SUMIF('2021-22 Q3'!$A:$A,Overview!$A2,'2021-22 Q3'!CY:CY)+SUMIF('2021-22 Q4'!$A:$A,Overview!$A2,'2021-22 Q4'!CY:CY) -> 0 | CZ2: =SUMIF('2021-22 Q1'!$A:$A,Overview!$A2,'2021-22 Q1'!CZ:CZ)+SUMIF('2021-22 Q2'!$A:$A,Overview!$A2,'2021-22 Q2'!CZ:CZ)+SUMIF('2021-22 Q3'!$A:$A,Overview!$A2,'2021-22 Q3'!CZ:CZ)+SUMIF('2021-22 Q4'!$A:$A,Overview!$A2,'2021-22 Q4'!CZ:CZ) -> 0 | DA2: =SUMIF('2021-22 Q1'!$A:$A,Overview!$A2,'2021-22 Q1'!DA:DA)+SUMIF('2021-22 Q2'!$A:$A,Overview!$A2,'2021-22 Q2'!DA:DA)+SUMIF('2021-22 Q3'!$A:$A,Overview!$A2,'2021-22 Q3'!DA:DA)+SUMIF('2021-22 Q4'!$A:$A,Overview!$A2,'2021-22 Q4'!DA:DA) -> 0 | DB2: =SUMIF('2021-22 Q1'!$A:$A,Overview!$A2,'2021-22 Q1'!DB:DB)+SUMIF('2021-22 Q2'!$A:$A,Overview!$A2,'2021-22 Q2'!DB:DB)+SUMIF('2021-22 Q3'!$A:$A,Overview!$A2,'2021-22 Q3'!DB:DB)+SUMIF('2021-22 Q4'!$A:$A,Overview!$A2,'2021-22 Q4'!DB:DB) -> 0 | DC2: =SUMIF('2021-22 Q1'!$A:$A,Overview!$A2,'2021-22 Q1'!DC:DC)+SUMIF('2021-22 Q2'!$A:$A,Overview!$A2,'2021-22 Q2'!DC:DC)+SUMIF('2021-22 Q3'!$A:$A,Overview!$A2,'2021-22 Q3'!DC:DC)+SUMIF('2021-22 Q4'!$A:$A,Overview!$A2,'2021-22 Q4'!DC:DC) -> 0 | DD2: =SUMIF('2021-22 Q1'!$A:$A,Overview!$A2,'2021-22 Q1'!DD:DD)+SUMIF('2021-22 Q2'!$A:$A,Overview!$A2,'2021-22 Q2'!DD:DD)+SUMIF('2021-22 Q3'!$A:$A,Overview!$A2,'2021-22 Q3'!DD:DD)+SUMIF('2021-22 Q4'!$A:$A,Overview!$A2,'2021-22 Q4'!DD:DD) -> 0 | DE2: =SUMIF('2021-22 Q1'!$A:$A,Overview!$A2,'2021-22 Q1'!DE:DE)+SUMIF('2021-22 Q2'!$A:$A,Overview!$A2,'2021-22 Q2'!DE:DE)+SUMIF('2021-22 Q3'!$A:$A,Overview!$A2,'2021-22 Q3'!DE:DE)+SUMIF('2021-22 Q4'!$A:$A,Overview!$A2,'2021-22 Q4'!DE:DE) -> 0 | DF2: =SUMIF('2021-22 Q1'!$A:$A,Overview!$A2,'2021-22 Q1'!DF:DF)+SUMIF('2021-22 Q2'!$A:$A,Overview!$A2,'2021-22 Q2'!DF:DF)+SUMIF('2021-22 Q3'!$A:$A,Overview!$A2,'2021-22 Q3'!DF:DF)+SUMIF('2021-22 Q4'!$A:$A,Overview!$A2,'2021-22 Q4'!DF:DF) -> 0
